Workbook

Sheet 0117
B2: FECHA | C2: INGRESOS | D2: EGRESOS | E2: SALDO CAJA | F2: E.G. | G2: W.V. | H2: TRANSFERENCIAS | I2: DESCRIPCION
B4: 42718 | E4: 0 | F4: 411800 | I4: REGISTRO CAMARA Y COMERCIO
B5: 42723 | E5: =E4+C5-D5 -> 0 | G5: 4800 | I5: CERTIFICADO CAMARA Y COMERCIO
B6: 42745 | E6: =E5+C6-D6 -> 0 | F6: 5200 | I6: CERTIFICADO VIRTUAL CAMARA Y COMERCIO
B7: 42746 | C7: 150000 | E7: =E6+C7-D7 -> 150000 | I7: ABONO CORTES LUIS VARGAS
B8: 42747 | E8: =E7+C8-D8 -> 150000 | F8: 96900 | I8: LAMINA TRIPLEX 18 mm
B9: 42747 | D9: 20000 | E9: =E8+C9-D9 -> 130000 | I9: ACARREO LAMINA | K9: SE LE COBRA 25 POR CADA CORTE DE ACRILICO 60 X 80
B10: 42748 | C10: 50000 | E10: =E9+C10-D10 -> 180000 | I10: ABONO CORTES LUIS VARGAS (SALDO ($100.000) | K10: SE LE COBRA 150 POR CORTE DE AVISOS DE 4 LAMINAS ALOCUON
B11: 42748 | E11: =E10+C11-D11 -> 180000 | F11: 20000 | I11: SERRUCHO
B12: 42749 | E12: =E11+C12-D12 -> 180000 | H12: 360000 | I12: PAGO CORTES QUINTUPLEX 18 mm JUAN CAMILO
B13: 42751 | E13: =E12+C13-D13 -> 180000 | H13: 700000 | I13: ABONO CORTE LAVAMANOS
B14: 42752 | E14: =E13+C14-D14 -> 180000 | G14: 5000 | I14: PARQUEADERO E IMPRESIÓN SANITAS
B15: 42752 | C15: 50000 | D15: 0 | E15: =E14+C15-D15 -> 230000 | I15: CORTE 18mm JUAN CAMILO
B16: 42752 | C16: 0 | D16: 100000 | E16: =E15+C16-D16 -> 130000 | I16: DISEÑO LAVAMANOS NELSON
B17: 42752 | E17: =E16+C17-D17 -> 130000 | F17: 47300 | I17: COMPRA IO COMPANY SAS - BROCAS Y CORTE DISCO CHINO
B18: 42752 | E18: =E17+C18-D18 -> 130000 | F18: 158300 | I18: COMPRA HERRATEC BARRA E INSERTO
B19: 42753 | C19: 0 | D19: 120000 | E19: =E18+C19-D19 -> 10000 | F19: -5000 | I19: HERRAMIENTA CORTE LAVAMANOS ($115.000)
B20: 42753 | E20: =E19+C20-D20 -> 10000 | F20: 205000 | I20: TABLEMAC MDF 30mm CORTE LAVAMANOS
B21: 42754 | C21: 0 | D21: 1000 | E21: =E20+C21-D21 -> 9000 | I21: BOLSAS PARA LA BASURA
B22: 42755 | C22: 600000 | E22: =E21+C22-D22 -> 609000 | I22: PAGO SALDO CORTE LAVAMANOS
B23: 42755 | C23: 180000 | E23: =E22+C23-D23 -> 789000 | I23: INSTALACION SIPTAR ALBERTO ZAMUDIO
B24: 42755 | C24: 50000 | E24: =E23+C24-D24 -> 839000 | I24: VOUCHER 8802780813 ALBERTO ZAMUDIO
B25: 42760 | C25: 400000 | D25: 0 | E25: =E24+C25-D25 -> 1239000 | I25: ABONO ENRIQUE 4X4 ESPARRAGOS
B26: 42760 | E26: =E25+C26-D26 -> 1239000 | H26: -349750 | I26: PAGO MI PLANILLA X 2 E.G. Y W.V.
B27: 42761 | C27: 100000 | D27: 0 | E27: =E26+C27-D27 -> 1339000 | I27: REVISION ROUTER JUAN DAVID
B28: 42761 | C28: 0 | D28: 5000 | E28: =E27+C28-D28 -> 1334000 | I28: ENVIO SIM ELADIO ROJAS
B29: 42762 | C29: 0 | D29: 19800 | E29: =E28+C29-D29 -> 1314200 | I29: BARRA PERFORADA ACEFER
B30: 42762 | C30: 0 | D30: 60200 | E30: =E29+C30-D30 -> 1254000 | I30: ACETAL NEGRO
B31: 42766 | C31: 0 | D31: 10000 | E31: =E30+C31-D31 -> 1244000 | I31: DEVOLUCION DINERO W.V.
B32: 42766 | E32: =E31+C32-D32 -> 1244000 | H32: 905000 | I32: VOUCHERS CLIENTES
E33: =E32+C33-D33 -> 1244000
E34: =E33+C34-D34 -> 1244000 | H34: =SUM(H4:H33) -> 1615250
E35: =E34+C35-D35 -> 1244000 | F35: =SUM(F4:F34) -> 939500 | G35: =SUM(G4:G34) -> 9800 | I35: PAGO DINERO PRESTADO E.G. Y W.V.
E36: =E35+C36-D36 -> 1244000
E37: =E36+C37-D37 -> 1244000 | H37: =H34-F35 -> 675750 | I37: TOTAL BANCO
E38: =E37+C38-D38 -> 1244000
B39: 42766 | E39: =E38+C39-D39 -> 1244000 | H39: -600000 | I39: UTILIDADES E.G.
B40: 42766 | D40: 600000 | E40: =E39+C40-D40 -> 644000 | I40: UTILIDADES W.V.
E41: =E40+C41-D41 -> 644000
B42: PASA SALDO | E42: =E41+C42-D42 -> 644000 | H42: =H37+H39 -> 75750
E43: =E42+C43-D43 -> 644000
E44: =E43+C44-D44 -> 644000
E45: =E44+C45-D45 -> 644000
E46: =E45+C46-D46 -> 644000
E47: =E46+C47-D47 -> 644000
E48: =E47+C48-D48 -> 644000
E49: =E48+C49-D49 -> 644000
E50: =E49+C50-D50 -> 644000
E51: =E50+C51-D51 -> 644000
E52: =E51+C52-D52 -> 644000
E53: =E52+C53-D53 -> 644000
E54: =E53+C54-D54 -> 644000
... E59: =E58+C59-D59 -> 644000
B60: PASA SALDO | E60: =E59+C60-D60 -> 644000 | H60: =H42 -> 75750
E61: =E60+C61-D61 -> 644000
E62: =E61+C62-D62 -> 644000
E63: =E62+C63-D63 -> 644000
E64: =E63+C64-D64 -> 644000
B70: PASA SALDO | E70: =E60 -> 644000 | H70: =H60 -> 75750

Sheet 0217
B2: FECHA | C2: INGRESOS | D2: EGRESOS | E2: SALDO CAJA | F2: E.G. | G2: W.V. | H2: TRANSFERENCIAS | I2: DESCRIPCION
B4: MES ANTERIOR | E4: ='0117'!E70 -> 644000 | H4: ='0117'!H70 -> 75750
E5: =E4+C5+D5 -> 644000
B6: 42767 | E6: =E5+C6+D6 -> 644000 | H6: -258274 | I6: 80.41 (82.78)EUROS VOICETRADING $3.120
B7: 42769 | C7: 250000 | E7: =E6+C7+D7 -> 894000 | I7: CORTES LUIS VARGAS ($180.000) PAGA $100 QUE DEBIA, QUEDA DEBIENDO $30.000
B8: 42769 | E8: =E7+C8+D8 -> 894000 | F8: 28000 | I8: PLATINAS PATINES | J8: UNIVERSAL DE CORTES
B9: 42769 | E9: =E8+C9+D9 -> 894000 | F9: 96000 | I9: RODAMIENTOS PATINES | J9: EL POLLO
B10: 42772 | D10: -138000 | E10: =E9+C10+D10 -> 756000 | I10: BARRA PERFORADA 40 X 20 | J10: ACEFER
B11: 42773 | E11: =E10+C11+D11 -> 756000 | H11: 50000 | I11: VOUCHER ALBERTO ZAMUDIO
B12: 42774 | E12: =E11+C12+D12 -> 756000 | H12: 50000 | I12: VOUCHER DATACOBRO
B13: 42775 | C13: 1000000 | E13: =E12+C13+D13 -> 1756000 | I13: ABONO ENRIQUE 4X4 ESPARRAGOS (TOTAL $1.400.000)
B14: 42775 | E14: =E13+C14+D14 -> 1756000 | H14: -243800 | I14: RENOVACION CAMARA Y COMERCIO
B15: 42774 | E15: =E14+C15+D15 -> 1756000 | H15: -316263 | I15: 102,95 EUROS VOICETRADING $3.072
B16: 42776 | C16: 0 | D16: -76000 | E16: =E15+C16+D16 -> 1680000 | F16: -76000 | I16: 2 SERVICIOS MONTACARGA
B17: 42776 | C17: 200000 | E17: =E16+C17+D17 -> 1880000 | I17: CORTES LUIS VARGAS ($180.000) PAGA $30 QUE DEBIA, QUEDA DEBIENDO $10.000
B18: 42777 | E18: =E17+C18+D18 -> 1880000 | F18: 5200 | I18: IGOM
B19: 42779 | D19: -20000 | E19: =E18+C19+D19 -> 1860000 | F19: -20000 | I19: DINERO A CUENTAS IPCOL
B20: 42779 | E20: =E19+C20+D20 -> 1860000 | F20: 37450 | I20: ACEFER PLATINA CALIBRADA
B21: 42779 | E21: =E20+C21+D21 -> 1860000 | F21: 23400 | I21: JRC BROCAS
B22: 42779 | E22: =E21+C22+D22 -> 1860000 | F22: 56700 | I22: FERRETERIA PENAGOS FRESA ACANALAR
B23: 42780 | C23: 200000 | E23: =E22+C23+D23 -> 2060000 | I23: HERNAN RODRIGUEZ MACROLASER AYUDA SABADO 04/02/2017
B24: 42780 | D24: -9000 | E24: =E23+C24+D24 -> 2051000 | F24: -9000 | I24: DINERO A CUENTAS IPCOL BROCHA
B25: 42781 | C25: 3000000 | E25: =E24+C25+D25 -> 5051000 | I25: DINERO ENTREGADO POR CHILENO ($5.000.000) E.G. TOMO $2.000.000
B26: 42781 | D26: -2007000 | E26: =E25+C26+D26 -> 3044000 | I26: PAGO DE SIM A MARMOLEJO, SALDO AL 31/01/2017 PAGADO.
B27: 42781 | C27: 200000 | E27: =E26+C27+D27 -> 3244000 | I27: BUJES JAIRO CHAPARRO
B28: 42781 | E28: =E27+C28+D28 -> 3244000 | F28: 66640 | I28: HERRATEC INSERTOS
B29: 42782 | D29: -890000 | E29: =E28+C29+D29 -> 2354000 | I29: DINERO ENTREGADO A E.G. PARA SALDAR DEUDA CTAS CHILENO (FALTAN $715.000 QUE DEBE EL CHILENO Y VAN PARA E.G.)
B30: 42783 | E30: =E29+C30+D30 -> 2354000 | H30: 50000 | I30: VOUCHER ALBERTO ZAMUDIO
B31: 42783 | D31: -50000 | E31: =E30+C31+D31 -> 2304000 | F31: -50000 | I31: DINERO A CUENTAS IPCOL
B32: 42787 | E32: =E31+C32+D32 -> 2304000 | H32: 200000 | I32: VOUCHER YINNA CRUZ
B33: 42787 | E33: =E32+C33+D33 -> 2304000 | F33: 279650 | I33: HERRATEC PORTA INSERTO
B34: 42789 | D34: -80000 | E34: =E33+C34+D34 -> 2224000 | I34: CODENSA
B35: 42789 | D35: -76000 | E35: =E34+C35+D35 -> 2148000 | I35: MOVISTAR FIJO
B36: 42789 | E36: =E35+C36+D36 -> 2148000 | H36: 50000 | I36: VOUCHER EVARISTO ROMERO
B37: 42790 | D37: -105000 | E37: =E36+C37+D37 -> 2043000 | I37: MONTACARGA TORNO SAMSUNG
B38: 42791 | E38: =E37+C38+D38 -> 2043000 | H38: 300000 | I38: VOUCHER WILLIAM ROMERO
B39: 42791 | E39: =E38+C39+D39 -> 2043000 | F39: 91550 | I39: JRC VOLVEDOR PARA MACHOS
B40: 42791 | E40: =E39+C40+D40 -> 2043000 | F40: 11900 | I40: HERRATEC INSERTO TORNEADO
B41: 42791 | E41: =E40+C41+D41 -> 2043000 | F41: 11900 | I41: HERRATEC INSERTO TORNEADO
B42: 42793 | D42: -94000 | E42: =E41+C42+D42 -> 1949000 | F42: -94000 | I42: DINERO A CUENTAS IPCOL
B43: 42794 | E43: =E42+C43+D43 -> 1949000 | H43: -363550 | I43: PAGO MI PLANILLA X 2
B44: 42794 | E44: =E43+C44+D44 -> 1949000 | F44: 36900 | I44: HERRATEC LLAVE ER32
B45: 42794 | E45: =E44+C45+D45 -> 1949000 | F45: 11700 | I45: JRC TERRAJAS
E46: =E45+C46+D46 -> 1949000 | F46: 90000 | I46: GATO ACEITERA Y PISTOLA AIRE
E47: =E46+C47+D47 -> 1949000 | F47: 7000 | I47: BRONCE 1/4
E48: =E47+C48+D48 -> 1949000 | F48: 25000 | I48: FORJA PATECABRA
B49: 42791 | E49: =E48+C49+D49 -> 1949000 | F49: 6900 | I49: ROD. DE BOLAS FERREMONTES
B50: 42783 | E50: =E49+C50+D50 -> 1949000 | H50: -52098 | I50: DOMINIO GODADDY
E51: =E50+C51+D51 -> 1949000 | H51: =SUM(H4:H50) -> -458235 | I51: TOTAL BANCO
E52: =E51+C52+D52 -> 1949000 | F52: =SUM(F6:F50) -> 636890
D53: -637000 | E53: =E52+C53+D53 -> 1312000 | I53: PAGO DINERO PRESTADO E.G.
D54: -400000 | E54: =E53+C54+D54 -> 912000 | I54: UTILIDADES E.G.
D55: -400000 | E55: =E54+C55+D55 -> 512000 | I55: UTILIDADES W.V.
E56: =E55+C56+D56 -> 512000
B57: PASA SALDO | E57: =E56+C57+D57 -> 512000 | H57: =H51 -> -458235
E58: =E57+C58+D58 -> 512000
B59: 42790 | E59: =E58+C59+D59 -> 512000 | H59: 4285000 | I59: PAGO CHILENO BANCOLOMBIA $7,5M - $2,5M A PLANTAS, - $715k QUE SE LE DEBE A E.G.
B60: 42794 | E60: =E59+C60+D60 -> 512000 | F60: 1463000 | I60: PAGO SIM ELADIO
E61: =E60+C61+D61 -> 512000
E62: =E61+C62+D62 -> 512000
E63: =E62+C63+D63 -> 512000
E64: =E63+C64+D64 -> 512000
B70: PASA SALDO | E70: =E57 -> 512000 | H70: =H57 -> -458235

Sheet 0317
B2: FECHA | C2: INGRESOS | D2: EGRESOS | E2: SALDO CAJA | F2: E.G. | G2: W.V. | H2: TRANSFERENCIAS | I2: DESCRIPCION
B4: MES ANTERIOR | E4: ='0217'!E70 -> 512000 | H4: ='0217'!H70 -> -458235
E5: =E4+C5+D5 -> 512000
A6: I | B6: 42787 | E6: =E5+C6+D6 -> 512000 | F6: -6878 | I6: EXCEDENTE GATO Y ACEITERAS, IMPORTACIONES INTERTRAN
B7: 42789 | E7: =E6+C7+D7 -> 512000 | F7: 85000 | I7: MACHO 12X1,5 JOJAC LTDA.
B8: 42788 | E8: =E7+C8+D8 -> 512000 | F8: 18000 | I8: 2 BARRAS 1Y1/4 FERRE AL LTDA
B9: 42786 | E9: =E8+C9+D9 -> 512000 | F9: 16541 | I9: MACHUELO HSS 6X1 HERRATEC
B10: 42786 | E10: =E9+C10+D10 -> 512000 | F10: 11257 | I10: ACERO 1045 1Y1/4 CORTAMETALES
B11: 42795 | E11: =E10+C11+D11 -> 512000 | H11: 50000 | I11: VOUCHER ALBERTO ZAMUDIO
B12: 42795 | D12: -105000 | E12: =E11+C12+D12 -> 407000 | I12: MONTACARGAS
B13: 42796 | D13: -25000 | E13: =E12+C13+D13 -> 382000 | I13: SELLO METALTRONICOS
B14: 42796 | E14: =E13+C14+D14 -> 382000 | F14: 110860 | I14: BOQUILLAS FRESADORA METALCORTE
B15: 42796 | E15: =E14+C15+D15 -> 382000 | H15: 300000 | I15: VOUCHER MARGARITA AHUMADA (08/02/2017)
B16: 42797 | E16: =E15+C16+D16 -> 382000 | F16: 30476 | I16: BROCA 10,5 JRC
B17: 42797 | D17: -25000 | E17: =E16+C17+D17 -> 357000 | F17: -25000 | I17: A CUENTAS IPCOL
B18: 42801 | E18: =E17+C18+D18 -> 357000 | F18: 8616 | I18: EMPACK BLANCO PLASTICOS HER
B19: 42802 | E19: =E18+C19+D19 -> 357000 | H19: 50000 | I19: ALBERTO ZAMUDIO
B20: 42803 | D20: -4000 | E20: =E19+C20+D20 -> 353000 | F20: -4000 | I20: A CUENTAS IPCOL
B21: 42803 | D21: -76000 | E21: =E20+C21+D21 -> 277000 | I21: MOVISTAR FIJO
B22: 42803 | D22: -67000 | E22: =E21+C22+D22 -> 210000 | I22: ACUEDUCTO
B23: 42804 | E23: =E22+C23+D23 -> 210000 | F23: 59619 | I23: BROCA LM 15MM JRC
B24: 42804 | E24: =E23+C24+D24 -> 210000 | F24: 5950 | I24: EMPAQUE CUADRADO PUERTA TORNO
B25: 42805 | E25: =E24+C25+D25 -> 210000 | F25: 27710 | I25: BOQUILLA ER25 16-15 METALCORTE
B26: 42807 | E26: =E25+C26+D26 -> 210000 | H26: 50000 | I26: VOUCHER EVARISTO
B27: 42808 | E27: =E26+C27+D27 -> 210000 | F27: 211595 | I27: 1045 31,75MM ACEFER
B28: 42808 | E28: =E27+C28+D28 -> 210000 | F28: 41650 | I28: INSERTOS HERRATEC
B29: 42809 | E29: =E28+C29+D29 -> 210000 | F29: 16541 | I29: EMPACK 50MM HER
B30: 42810 | E30: =E29+C30+D30 -> 210000 | F30: 30619 | I30: BOQUILLA ER25 13-12 PLASTICOS Y HERRAMIENTAS SAS
B31: 42811 | C31: 75000 | E31: =E30+C31+D31 -> 285000 | I31: CORTE OVALOS
B32: 42811 | E32: =E31+C32+D32 -> 285000 | F32: 32725 | I32: SPRAY CORREA TRAPEZOIDAL - PROPARTES
B33: 42817 | C33: 300000 | E33: =E32+C33+D33 -> 585000 | I33: PAGO DON LUIS
B34: 42817 | E34: =E33+C34+D34 -> 585000 | H34: 50000 | I34: ALBERTO ZAMUDIO
B35: 42818 | C35: 50000 | E35: =E34+C35+D35 -> 635000 | I35: PLANOS ESCALERA SERBIO
B36: 42818 | D36: -93000 | E36: =E35+C36+D36 -> 542000 | I36: CODENSA
B37: 42818 | D37: -20000 | E37: =E36+C37+D37 -> 522000 | I37: ASEO (JABON POLVO $5.650, AXION $8.100, VARSOL $2.100, GANCHOS ROPA $2.000, BOLSAS BASURA $2.000)
B38: 42818 | E38: =E37+C38+D38 -> 522000 | H38: 200000 | I38: VOUCHER YINNA CRUZ
B39: 42818 | D39: -35000 | E39: =E38+C39+D39 -> 487000 | I39: RECARGA TONNER SAMSUNG
B40: 42822 | E40: =E39+C40+D40 -> 487000 | H40: 50000 | I40: VOUCHER EVARISTO
B41: 42823 | E41: =E40+C41+D41 -> 487000 | H41: -319000 | I41: MI PLANILLA X 2
B42: 42824 | E42: =E41+C42+D42 -> 487000 | F42: 38000 | I42: MONTACARGAS DOBLADORA
B43: 42824 | E43: =E42+C43+D43 -> 487000 | F43: 80000 | I43: TRANSPORTE DOBLADORA
B44: 42459 | E44: =E43+C44+D44 -> 487000 | F44: 35105 | I44: FRESA CARBURO YG EMC54060 HERRATEC
B45: 42824 | E45: =E44+C45+D45 -> 487000 | F45: 43787 | I45: BROCA DE CENTRO FERRETERIA JRC
E46: =E45+C46+D46 -> 487000
B47: PASA SALDO | E47: =E46+C47+D47 -> 487000 | F47: =SUM(F6:F45) -> 868173 | H47: =SUM(H4:H45) -> -27235
E48: =E47+C48+D48 -> 487000
E49: =E48+C49+D49 -> 487000
B50: 42790 | E50: =E49+C50+D50 -> 487000 | H50: 4285000 | I50: PAGO CHILENO BANCOLOMBIA $7,5M - $2,5M A PLANTAS, - $715k QUE SE LE DEBE A E.G.
B51: 42794 | E51: =E50+C51+D51 -> 487000 | F51: 1463000 | I51: PAGO SIM ELADIO
B52: 42800 | E52: =E51+C52+D52 -> 487000 | H52: 1522300 | I52: CONSIGNACION F.G.
E53: =E52+C53+D53 -> 487000
E54: =E53+C54+D54 -> 487000
E55: =E54+C55+D55 -> 487000
E56: =E55+C56+D56 -> 487000
B70: PASA SALDO | E70: =E47 -> 487000 | F70: =F47 -> 868173 | H70: =H47 -> -27235

Sheet 0417
B2: FECHA | C2: INGRESOS | D2: EGRESOS | E2: SALDO CAJA | F2: E.G. | G2: W.V. | H2: TRANSFERENCIAS | I2: DESCRIPCION
B4: MES ANTERIOR | E4: ='0317'!E70 -> 487000 | F4: ='0317'!F70 -> 868173 | H4: ='0317'!H70 -> -27235
E5: =E4+C5+D5 -> 487000
E6: =E5+C6+D6 -> 487000
B7: 42828 | E7: =E6+C7+D7 -> 487000 | H7: 50000 | I7: VOUCHER ALBERTO ZAMUDIO
B8: 42828 | E8: =E7+C8+D8 -> 487000 | F8: 35105 | I8: FRESA CARBURO YG EMC54060 HERRATEC
B9: 42830 | E9: =E8+C9+D9 -> 487000 | F9: 26339 | I9: BOQUILLA ER32 13-12
B10: 42830 | E10: =E9+C10+D10 -> 487000 | F10: 243950 | I10: CONO BT40 ER20 HERRATEC
B11: 42831 | E11: =E10+C11+D11 -> 487000 | F11: 35105 | I11: FRESA CARBURO YG EMC54060 HERRATEC
B12: 42832 | E12: =E11+C12+D12 -> 487000 | F12: 13950 | I12: GUANTES EASY
B13: 42832 | E13: =E12+C13+D13 -> 487000 | F13: 78421 | I13: CALIBRADOR PIE DE REY DIGITAL INSIZE HERRATEC
B14: 42833 | D14: -76000 | E14: =E13+C14+D14 -> 411000 | I14: MOVISTAR FIJO
B15: 42833 | D15: -7000 | E15: =E14+C15+D15 -> 404000 | I15: JABON LIQUIDO MANOS
B16: 42835 | E16: =E15+C16+D16 -> 404000 | H16: 500000 | I16: VOUCHER MARGARITA AHUMADA
B17: 42835 | E17: =E16+C17+D17 -> 404000 | F17: 30000 | I17: MASTERCAM
B18: 42835 | E18: =E17+C18+D18 -> 404000 | F18: 60000 | I18: ESCAREADOR 6mm REDONDEADO 0,5
B19: 42836 | C19: 167000 | E19: =E18+C19+D19 -> 571000 | I19: CORTE ACRILICOS
B20: 42844 | E20: =E19+C20+D20 -> 571000 | H20: 50000 | I20: VOUCHER EVARISTO
B21: 42844 | E21: =E20+C21+D21 -> 571000 | H21: 50000 | I21: VOUCHER ALBERTO ZAMUDIO
B22: 42847 | D22: -104000 | E22: =E21+C22+D22 -> 467000 | I22: CODENSA
B23: 42849 | C23: 100000 | E23: =E22+C23+D23 -> 567000 | I23: MECANIZADO ELECTRODO RICAURTE
B24: 42849 | C24: 73500 | E24: =E23+C24+D24 -> 640500 | I24: MECANIZADO TAPAS ALCANCIA
B25: 42849 | E25: =E24+C25+D25 -> 640500 | F25: 49442 | I25: JRC, JUEGO 3 MACHOS
B26: 42851 | C26: 1000000 | E26: =E25+C26+D26 -> 1640500 | I26: ABONO ENRIQUE 4X4 ESPARRAGOS (TOTAL $2.400.000)
B27: 42853 | E27: =E26+C27+D27 -> 1640500 | F27: 118353 | I27: RENOVACION DYNDNS
B28: 42854 | E28: =E27+C28+D28 -> 1640500 | H28: -319300 | I28: MI PLANILLA X 2
E29: =E28+C29+D29 -> 1640500
E30: =E29+C30+D30 -> 1640500
E31: =E30+C31+D31 -> 1640500 | F31: =SUM(F4:F27) -> 1558838 | H31: =SUM(H4:H28) -> 303465
E32: =E31+C32+D32 -> 1640500
E33: =E32+C33+D33 -> 1640500
B34: PASA SALDO | E34: =E33+C34+D34 -> 1640500 | F34: =F31-H31 -> 1255373 | H34: 0
E35: =E34+C35+D35 -> 1640500
B70: PASA SALDO | E70: =E34 -> 1640500 | F70: =F34 -> 1255373 | H70: =H34 -> 0

Sheet 0517
B2: FECHA | C2: INGRESOS | D2: EGRESOS | E2: SALDO CAJA | F2: E.G. | G2: W.V. | H2: TRANSFERENCIAS | I2: DESCRIPCION
B4: MES ANTERIOR | E4: ='0417'!E70 -> 1640500 | F4: ='0417'!F70 -> 1255373 | H4: ='0417'!H70 -> 0
E5: =E4+C5+D5 -> 1640500
E6: =E5+C6+D6 -> 1640500
B7: 42859 | E7: =E6+C7+D7 -> 1640500 | H7: 50000 | I7: VOUCHER CARMELA ROMERO
B8: 42859 | E8: =E7+C8+D8 -> 1640500 | H8: 50000 | I8: VOUCHER ALBERTO ZAMUDIO
B9: 42863 | E9: =E8+C9+D9 -> 1640500 | F9: 80700 | I9: ACUEDUCTO
B10: 42863 | E10: =E9+C10+D10 -> 1640500 | F10: 50000 | I10: PROGRAMADOR PIC
B11: 42866 | E11: =E10+C11+D11 -> 1640500 | F11: 140000 | I11: TRATAMIENTO TERMICO
B12: 42867 | E12: =E11+C12+D12 -> 1640500 | H12: 224236 | I12: CORTE NORTTHER SAS
B13: 42871 | D13: -9600 | E13: =E12+C13+D13 -> 1630900 | I13: JABON REY-POLVO
B14: 42871 | D14: -10900 | E14: =E13+C14+D14 -> 1620000 | I14: RESMA PAPEL CARTA
B15: 42871 | D15: -76000 | E15: =E14+C15+D15 -> 1544000 | I15: MOVISTAR FIJO
B16: 42871 | D16: -2000 | E16: =E15+C16+D16 -> 1542000 | I16: GANCHOS ROPA
B17: 42873 | E17: =E16+C17+D17 -> 1542000 | H17: 50000 | I17: VOUCHER EVARISTO
B18: 42874 | E18: =E17+C18+D18 -> 1542000 | H18: 50000 | I18: VOUCHER ALBERTO ZAMUDIO
B19: 42874 | E19: =E18+C19+D19 -> 1542000 | F19: 19800 | I19: ORING X 110
B20: 42874 | E20: =E19+C20+D20 -> 1542000 | F20: 70000 | I20: TRATAMIENTO ZINC
B21: 42877 | C21: 400000 | E21: =E20+C21+D21 -> 1942000 | I21: RUTEO ALOCUON JORGE GUTIERREZ
B22: 42878 | E22: =E21+C22+D22 -> 1942000 | F22: 14200 | I22: BARRA PERFORADA ACEFER
B23: 42879 | D23: -67000 | E23: =E22+C23+D23 -> 1875000 | I23: CODENSA
B24: 42885 | E24: =E23+C24+D24 -> 1875000 | H24: -319300 | I24: MI PLANILLA X 2
B25: 42886 | E25: =E24+C25+D25 -> 1875000 | H25: -353416 | I25: 102,95 EUROS VOICETRADING $3.433 sale a $3.535
B26: 42886 | E26: =E25+C26+D26 -> 1875000 | F26: 300000 | I26: PROGRAMACION CAMILO CAMACHO SE DEBE $250.000
B27: 42886 | E27: =E26+C27+D27 -> 1875000 | H27: 50000 | I27: VOUCHER ALBERTO ZAMUDIO
E28: =E27+C28+D28 -> 1875000
E29: =E28+C29+D29 -> 1875000 | F29: =SUM(F4:F27) -> 1930073 | H29: =SUM(H4:H28) -> -198480
E30: =E29+C30+D30 -> 1875000
E31: =E30+C31+D31 -> 1875000 | F31: =F29-H29 -> 2128553 | H31: 0 | I31: SE LE DEBE A EDUARDO GROSSO
B32: 42886 | D32: -1500000 | E32: =E31+C32+D32 -> 375000 | I32: ABONO A EDUARDO GROSSO
E33: =E32+C33+D33 -> 375000
B34: PASA SALDO | E34: =E33+C34+D34 -> 375000 | F34: =F31+D32 -> 628553 | H34: 0
E35: =E34+C35+D35 -> 375000
E36: =E35+C36+D36 -> 375000
E37: =E36+C37+D37 -> 375000
E38: =E37+C38+D38 -> 375000
E39: =E38+C39+D39 -> 375000
E40: =E39+C40+D40 -> 375000
E41: =E40+C41+D41 -> 375000
E42: =E41+C42+D42 -> 375000
E43: =E42+C43+D43 -> 375000
E44: =E43+C44+D44 -> 375000
E45: =E44+C45+D45 -> 375000
E46: =E45+C46+D46 -> 375000
... E95: =E94+C95+D95 -> 375000
D96: -130000 | E96: =E95+C96+D96 -> 245000 | F96: WILMER
E97: =E96+C97+D97 -> 245000

Sheet 0617
B2: FECHA | C2: INGRESOS | D2: EGRESOS | E2: SALDO CAJA | F2: E.G. | G2: W.V. | H2: TRANSFERENCIAS | I2: DESCRIPCION
B4: MES ANTERIOR | E4: 375000 | F4: 628553 | H4: 0
E5: =E4+C5+D5 -> 375000
E6: =E5+C6+D6 -> 375000
B7: 42887 | E7: =E6+C7+D7 -> 375000 | H7: 50000 | I7: VOUCHER ALBERTO ZAMUDIO
B8: 42887 | C8: 1500000 | E8: =E7+C8+D8 -> 1875000 | I8: ABONO ENRIQUE 4X4 ESPARRAGOS (TOTAL $3.900.000) SALDO $314.000 (98PC a $43.000)
B9: 42888 | D9: -250000 | E9: =E8+C9+D9 -> 1625000 | I9: PAGO CAMILO CAMACHO CONSIGNACION DAVIVIENDA
B10: 42888 | D10: -628000 | E10: =E9+C10+D10 -> 997000 | F10: -628000 | I10: ABONO EN EFECTIVO A EDUARDO GROSSO
B11: 42889 | E11: =E10+C11+D11 -> 997000 | H11: 300000 | I11: VOUCHER WILLIAM ROMERO
B12: 42891 | E12: =E11+C12+D12 -> 997000 | H12: 50000 | I12: VOUCHER EVARISTO ROMERO
B13: 42891 | E13: =E12+C13+D13 -> 997000 | H13: 200000 | I13: VOUCHER YINNA CRUZ
B14: 42892 | D14: -51000 | E14: =E13+C14+D14 -> 946000 | F14: -51000 | I14: COMCEL ALBINA BORRERO
B15: 42893 | E15: =E14+C15+D15 -> 946000 | H15: 50000 | I15: VOUCHER ALBERTO ZAMUDIO
B16: 42900 | E16: =E15+C16+D16 -> 946000 | H16: 50000 | I16: VOUCHER ALBERTO ZAMUDIO
B17: 42901 | D17: -57000 | E17: =E16+C17+D17 -> 889000 | F17: -57000 | I17: COMCEL EDUARDO GROSSO
B18: 42901 | D18: -94000 | E18: =E17+C18+D18 -> 795000 | F18: -94000 | I18: TELMEX ALBINA BORRERO
B19: 42901 | D19: -13000 | E19: =E18+C19+D19 -> 782000 | I19: MOVISTAR FIJO
B20: 42903 | E20: =E19+C20+D20 -> 782000 | F20: 70000 | I20: KINECT CON CARGADOR
B21: 42907 | D21: -5000 | E21: =E20+C21+D21 -> 777000 | F21: -5000 | I21: SEÑOR LLANTAS MATERAS
B22: 42907 | D22: -70000 | E22: =E21+C22+D22 -> 707000 | F22: -70000 | I22: PLATINAS ANTENAS SAN FRANCISCO
B23: 42907 | E23: =E22+C23+D23 -> 707000 | H23: 200000 | I23: VOUCHER YINNA CRUZ
B24: 42908 | E24: =E23+C24+D24 -> 707000 | F24: 100000 | I24: RASPBERRY PI 3
B25: 42909 | E25: =E24+C25+D25 -> 707000 | H25: 150000 | I25: VOUCHER PUNSONAR
B26: 42909 | E26: =E25+C26+D26 -> 707000 | F26: 43000 | I26: MEMORIA MICRO SD 32 GB
B27: 42913 | E27: =E26+C27+D27 -> 707000 | F27: 56800 | I27: ESLINGAS + 20 DE LA COSIDA
B28: 42913 | E28: =E27+C28+D28 -> 707000 | H28: 50000 | I28: VOUCHER JULIAN LOZANO
B29: 42914 | D29: -71400 | E29: =E28+C29+D29 -> 635600 | I29: CODENSA
B30: 42914 | D30: -6250 | E30: =E29+C30+D30 -> 629350 | I30: LIMPIDO Y ESPONJILLAS
B31: 42914 | E31: =E30+C31+D31 -> 629350 | H31: 50000 | I31: VOUCHER EVARISTO ROMERO
B32: 42915 | E32: =E31+C32+D32 -> 629350 | H32: -319300 | I32: MI PLANILLA X 2
B33: 42916 | E33: =E32+C33+D33 -> 629350 | F33: 10100 | I33: TAPON PRUEBA 6" ERZ
B34: 42916 | E34: =E33+C34+D34 -> 629350 | F34: 23300 | I34: FRASCOS PLASTICOS PARA ORGANIZADOR
B35: 42916 | E35: =E34+C35+D35 -> 629350 | F35: 7100 | I35: BARRA PERFORADORA INT. HERRATEC
E36: =E35+C36+D36 -> 629350
E37: =E36+C37+D37 -> 629350
E38: =E37+C38+D38 -> 629350 | F38: =SUM(F4:F37) -> 33853 | H38: =SUM(H4:H37) -> 830700
E39: =E38+C39+D39 -> 629350
B40: PASA SALDO | E40: =E39+C40+D40 -> 629350 | F40: 0 | H40: =H38-F38 -> 796847
E41: =E40+C41+D41 -> 629350
E42: =E41+C42+D42 -> 629350
E43: =E42+C43+D43 -> 629350
E44: =E43+C44+D44 -> 629350
E45: =E44+C45+D45 -> 629350
E46: =E45+C46+D46 -> 629350
E47: =E46+C47+D47 -> 629350
E48: =E47+C48+D48 -> 629350
E49: =E48+C49+D49 -> 629350
E50: =E49+C50+D50 -> 629350
E51: =E50+C51+D51 -> 629350
E52: =E51+C52+D52 -> 629350
... E99: =E98+C99+D99 -> 629350

Sheet 0717
B2: FECHA | C2: INGRESOS | D2: EGRESOS | E2: SALDO CAJA | F2: E.G. | G2: W.V. | H2: TRANSFERENCIAS | I2: DESCRIPCION
B4: MES ANTERIOR | E4: 629350 | F4: 0 | H4: 796847
E5: =E4+C5+D5 -> 629350
B6: 42921 | C6: 150000 | E6: =E5+C6+D6 -> 779350 | I6: ABONO CONTROL REMOTO POLIPASTO
B7: 42922 | D7: -105000 | E7: =E6+C7+D7 -> 674350 | I7: MONTACARGAS TORNO SEIKI LUDIMAR
B8: 42922 | D8: -100000 | E8: =E7+C8+D8 -> 574350 | I8: ACARREO TORNO SEIKI
B9: 42922 | E9: =E8+C9+D9 -> 574350 | F9: 45000 | I9: MONTACARGAS TORNO SEIKI
B10: 42923 | D10: -72450 | E10: =E9+C10+D10 -> 501900 | I10: ACUEDUCTO
B11: 42923 | D11: -52000 | E11: =E10+C11+D11 -> 449900 | F11: -52000 | I11: COMCEL ALBA
B12: 42923 | D12: -57000 | E12: =E11+C12+D12 -> 392900 | F12: -57000 | I12: COMCEL EDUARDO
B13: 42923 | D13: -94000 | E13: =E12+C13+D13 -> 298900 | F13: -94000 | I13: TELMEX ALBA
B14: 42923 | E14: =E13+C14+D14 -> 298900 | F14: 5000 | I14: 8 GANCHOS MADEFLEX
B15: 42923 | E15: =E14+C15+D15 -> 298900 | F15: 74800 | I15: CINTA BIMETAL 3/4
B16: 42926 | E16: =E15+C16+D16 -> 298900 | F16: 28000 | I16: 2 MODULOS RF CON CONTROL 315MHZ
B17: 42927 | E17: =E16+C17+D17 -> 298900 | F17: 12000 | I17: MODULO RECEPTOR 315MHZ
B18: 42930 | E18: =E17+C18+D18 -> 298900 | F18: 135600 | I18: CALIBRADOR PIE DE REY 20cm
B19: 42933 | E19: =E18+C19+D19 -> 298900 | F19: 26100 | I19: RECEPTOR 315MHZ Y DISIPADOR RASPBERRY
B20: 42933 | E20: =E19+C20+D20 -> 298900 | F20: 60000 | I20: TRANSFORMADOR 220 - 110
B21: 42933 | E21: =E20+C21+D21 -> 298900 | H21: 150000 | I21: JOYAS MARY
B22: 42934 | E22: =E21+C22+D22 -> 298900 | H22: 50000 | I22: VOUCHER EVARISTO ROMERO
B23: 42934 | E23: =E22+C23+D23 -> 298900 | F23: 35700 | I23: INSERTO PARA ROSCADO
B24: 42934 | E24: =E23+C24+D24 -> 298900 | F24: 9825 | I24: TAPON PRUEBA 6"
B25: 42937 | D25: -72250 | E25: =E24+C25+D25 -> 226650 | I25: CODENSA
B26: 42941 | C26: 450000 | E26: =E25+C26+D26 -> 676650 | I26: SALDO CONTROL REMOTO POLIPASTO
B27: 42942 | E27: =E26+C27+D27 -> 676650 | H27: 200000 | I27: VOUCHER ESCUELA MILITAR
B28: 42943 | D28: -1000 | E28: =E27+C28+D28 -> 675650 | I28: BOLSAS BASURA
B29: 42944 | E29: =E28+C29+D29 -> 675650 | F29: 30702 | I29: TORNILLOS BRISTOL
B30: 42944 | E30: =E29+C30+D30 -> 675650 | F30: 2857 | I30: ARANDELA PLANA ZINC
B31: 42947 | D31: -22150 | E31: =E30+C31+D31 -> 653500 | F31: -22150 | I31: CODENSA SAN FRANCISCO
B32: 42947 | E32: =E31+C32+D32 -> 653500 | H32: -319300 | I32: MI PLANILLA X 2
E33: =E32+C33+D33 -> 653500
E34: =E33+C34+D34 -> 653500 | F34: =SUM(F4:F33) -> 240434 | H34: =SUM(H4:H33) -> 877547
E35: =E34+C35+D35 -> 653500
E36: =E35+C36+D36 -> 653500
B37: PASA SALDO | E37: =E36+C37+D37 -> 653500 | H37: =H34-F34 -> 637113
E38: =E37+C38+D38 -> 653500
E39: =E38+C39+D39 -> 653500
E40: =E39+C40+D40 -> 653500
E41: =E40+C41+D41 -> 653500
E42: =E41+C42+D42 -> 653500
E43: =E42+C43+D43 -> 653500
E44: =E43+C44+D44 -> 653500
E45: =E44+C45+D45 -> 653500
E46: =E45+C46+D46 -> 653500
E47: =E46+C47+D47 -> 653500
E48: =E47+C48+D48 -> 653500
E49: =E48+C49+D49 -> 653500
... E105: =E104+C105+D105 -> 653500

Sheet 0817
B2: FECHA | C2: INGRESOS | D2: EGRESOS | E2: SALDO CAJA | F2: E.G. | G2: W.V. | H2: TRANSFERENCIAS | I2: DESCRIPCION
B4: MES ANTERIOR | E4: 653500 | F4: 0 | H4: 637113
E5: =E4+C5+D5 -> 653500
B6: 42949 | E6: =E5+C6+D6 -> 653500 | F6: 26609 | I6: TORNILLO BRISTOL
B7: 42949 | E7: =E6+C7+D7 -> 653500 | F7: 13336 | I7: TORNILLO BRISTOL
B8: 42949 | E8: =E7+C8+D8 -> 653500 | F8: 23491 | I8: EMPACK BLANCO 2"1/2
B9: 42949 | E9: =E8+C9+D9 -> 653500 | F9: 33200 | I9: NYLON 2"1/2
B10: 42950 | E10: =E9+C10+D10 -> 653500 | H10: 200000 | I10: VOUCHER WILLIAM ROMERO
B11: 42955 | D11: -5200 | E11: =E10+C11+D11 -> 648300 | I11: CERTIFICADO CAMARA Y COMERCIO
B12: 42955 | E12: =E11+C12+D12 -> 648300 | F12: 15000 | I12: TRANSFORMADOR 110V A 220V
B13: 42956 | E13: =E12+C13+D13 -> 648300 | F13: 76000 | I13: MODULO RELE 8 CH, ADAPTADOR T Y CAJA RASPBERRY
B14: 42956 | E14: =E13+C14+D14 -> 648300 | F14: 14900 | I14: TOALLAS BAÑO
B15: 42962 | C15: 200000 | E15: =E14+C15+D15 -> 848300 | I15: DINERO EXTRA CONTROL REMOTO POLIPASTO
B16: 42963 | D16: -83000 | E16: =E15+C16+D16 -> 765300 | I16: ALMUERZO ESPERANZA LOPEZ
B17: 42964 | D17: -52000 | E17: =E16+C17+D17 -> 713300 | I17: MOVISTAR FIJO
B18: 42964 | E18: =E17+C18+D18 -> 713300 | H18: 50000 | I18: VOUCHER CARMELA ROMERO
B19: 42965 | C19: 200000 | E19: =E18+C19+D19 -> 913300 | I19: DINERO EXTRA CONTROL REMOTO POLIPASTO
B20: 42965 | E20: =E19+C20+D20 -> 913300 | F20: 124000 | I20: CONTACTORES POLIPASTO 2X37 + 2X25
B21: 42970 | E21: =E20+C21+D21 -> 913300 | H21: 50000 | I21: VOUCHER EVARISTO ROMERO
B22: 42970 | C22: 180000 | E22: =E21+C22+D22 -> 1093300 | I22: 3 HORAS CLASE ARTCAM
B23: 42970 | C23: 250000 | E23: =E22+C23+D23 -> 1343300 | I23: ABONO CORTE PLACAS ROBOT
B24: 42971 | E24: =E23+C24+D24 -> 1343300 | H24: -184680 | I24: 50 EUROS PAGADOS DAVIVIENDA US$61,83 a $2986,88
B25: 42971 | E25: =E24+C25+D25 -> 1343300 | H25: 200000 | I25: VOUCHER YINNA CRUZ
B26: 42972 | E26: =E25+C26+D26 -> 1343300 | H26: 200000 | I26: TRANSFERENCIA PARCERITO GRANDSTREAM HT503
B27: 42975 | D27: -61500 | E27: =E26+C27+D27 -> 1281800 | I27: CODENSA
B28: 42975 | E28: =E27+C28+D28 -> 1281800 | F28: 300000 | I28: ACEITE LUBRIGUIAS
B29: 42975 | C29: 100000 | E29: =E28+C29+D29 -> 1381800 | I29: CURSO ARTCAM
B30: 42976 | D30: -120000 | E30: =E29+C30+D30 -> 1261800 | I30: GAS SOLDADOR (OXIGENOS BOGOTA)
B31: 42976 | D31: -190000 | E31: =E30+C31+D31 -> 1071800 | I31: PAGO GRANDSTREAM HT503
B32: 42976 | E32: =E31+C32+D32 -> 1071800 | H32: -319300 | I32: MI PLANILLA X 2
B33: 42976 | C33: 300000 | E33: =E32+C33+D33 -> 1371800 | I33: ABONO CORTE PLACAS ROBOT
B34: 42978 | D34: -74600 | E34: =E33+C34+D34 -> 1297200 | I34: ACUEDUCTO
B35: 42978 | D35: -2000 | E35: =E34+C35+D35 -> 1295200 | I35: BOLSAS BASURA
E36: =E35+C36+D36 -> 1295200
D37: -400000 | E37: =E36+C37+D37 -> 895200 | I37: UTILIDADES E.G.
D38: -400000 | E38: =E37+C38+D38 -> 495200 | I38: UTILIDADES W.V.
E39: =E38+C39+D39 -> 495200 | F39: =SUM(F4:F37) -> 626536 | H39: =SUM(H4:H37) -> 833133
E40: =E39+C40+D40 -> 495200
B41: PASA SALDO | E41: =E40+C41+D41 -> 495200 | H41: =H39-F39 -> 206597
E42: =E41+C42+D42 -> 495200
E43: =E42+C43+D43 -> 495200
E44: =E43+C44+D44 -> 495200
E45: =E44+C45+D45 -> 495200
E46: =E45+C46+D46 -> 495200
E47: =E46+C47+D47 -> 495200
E48: =E47+C48+D48 -> 495200
E49: =E48+C49+D49 -> 495200
E50: =E49+C50+D50 -> 495200
E51: =E50+C51+D51 -> 495200
E52: =E51+C52+D52 -> 495200
E53: =E52+C53+D53 -> 495200
... E108: =E107+C108+D108 -> 495200

Sheet 0917
B2: FECHA | C2: INGRESOS | D2: EGRESOS | E2: SALDO CAJA | F2: E.G. | G2: W.V. | H2: TRANSFERENCIAS | I2: DESCRIPCION
B4: MES ANTERIOR | E4: 495200 | F4: 0 | H4: 206597
E5: =E4+C5+D5 -> 495200
B6: 42981 | E6: =E5+C6+D6 -> 495200 | H6: 600000 | I6: TRANSFERENCIA PARCERITO PARA 3 HT503
B7: 42982 | E7: =E6+C7+D7 -> 495200 | F7: 567630 | I7: 3 GATEWAY HT503
B8: 42982 | D8: -2500 | E8: =E7+C8+D8 -> 492700 | I8: PILA 9V PARA MULTRIMETRO
B9: 42983 | D9: -7800 | E9: =E8+C9+D9 -> 484900 | I9: 2 ROLLOS DE CINTA TRANSPARENTE GRUESA
B10: 42983 | E10: =E9+C10+D10 -> 484900 | F10: 10250 | I10: PLATINA DURA ALUMINIO
B11: 42984 | E11: =E10+C11+D11 -> 484900 | F11: 21000 | I11: PLATINA DURA ALUMINIO
B12: 42984 | C12: 100000 | E12: =E11+C12+D12 -> 584900 | I12: SALDO PLACAS ROBOT
B13: 42984 | E13: =E12+C13+D13 -> 584900 | F13: -50000 | I13: FALTANTE PLACAS ROBOT
B14: 42984 | E14: =E13+C14+D14 -> 584900 | F14: 31535 | I14: BOQUILLA FRESADOR ER Y BROCA CILINDRICA 5MM HERRATEC
B15: 42985 | D15: -70000 | E15: =E14+C15+D15 -> 514900 | F15: -70000 | I15: COMCEL EDUARDO GROSSO
B16: 42985 | D16: -51000 | E16: =E15+C16+D16 -> 463900 | F16: -51000 | I16: COMCEL ALBINA BORRERO
B17: 42985 | D17: -94000 | E17: =E16+C17+D17 -> 369900 | F17: -94000 | I17: TELMEX ALBINA BORRERO
B18: 42987 | E18: =E17+C18+D18 -> 369900 | H18: 45000 | I18: VOUCHER PARCERITO
B19: 42989 | E19: =E18+C19+D19 -> 369900 | F19: 81000 | I19: LAMINAS MDF 3mm Y 12 mm
B20: 42989 | E20: =E19+C20+D20 -> 369900 | F20: 30000 | I20: ACARREO LAMINAS
B21: 42989 | E21: =E20+C21+D21 -> 369900 | F21: 21000 | I21: DW-40
B22: 42990 | E22: =E21+C22+D22 -> 369900 | F22: 12000 | I22: 2 ROLLOS VINIPEL
B23: 42990 | E23: =E22+C23+D23 -> 369900 | H23: 223282 | I23: TRANSFERENCIA NORTTHER SAS CORTE MDF
B24: 42993 | D24: -52750 | E24: =E23+C24+D24 -> 317150 | F24: -52750 | I24: 4 TOMAS TRIFASICAS + CLAVIJA
B25: 42993 | E25: =E24+C25+D25 -> 317150 | F25: 200000 | I25: TECNICO VARIADOR HITACHI SEIKI
B26: 42993 | E26: =E25+C26+D26 -> 317150 | I26: MANGUERA COMPRESOR
B27: 43000 | E27: =E26+C27+D27 -> 317150 | H27: 45000 | I27: VOUCHER PARCERITO
B28: 43003 | D28: -70650 | E28: =E27+C28+D28 -> 246500 | I28: CODENSA
B29: 43003 | D29: -76000 | E29: =E28+C29+D29 -> 170500 | I29: MOVISTAR
B30: 43004 | E30: =E29+C30+D30 -> 170500 | H30: 50000 | I30: VOUCHER EVARISTO
B31: 43008 | E31: =E30+C31+D31 -> 170500 | F31: 96500 | I31: REBARBADOR
B32: 43010 | E32: =E31+C32+D32 -> 170500 | H32: -319300 | I32: MI PLANILLA X 2
E33: =E32+C33+D33 -> 170500
E34: =E33+C34+D34 -> 170500
E35: =E34+C35+D35 -> 170500 | F35: =SUM(F4:F34) -> 753165 | H35: =SUM(H4:H34) -> 850579
E36: =E35+C36+D36 -> 170500 | H36: =H35-F35 -> 97414
E37: =E36+C37+D37 -> 170500
E38: =E37+C38+D38 -> 170500 | H38: -100000 | I38: UTILIDADES E.G.
E39: =E38+C39+D39 -> 170500
E40: =E39+C40+D40 -> 170500 | H40: =H36+H38 -> -2586
B41: 43010 | D41: -100000 | E41: =E40+C41+D41 -> 70500 | I41: UTILIDADES W.V.
E42: =E41+C42+D42 -> 70500
B43: PASA SALDO | E43: =E42+C43+D43 -> 70500 | H43: =H40 -> -2586
E44: =E43+C44+D44 -> 70500
E45: =E44+C45+D45 -> 70500
E46: =E45+C46+D46 -> 70500
E47: =E46+C47+D47 -> 70500
E48: =E47+C48+D48 -> 70500
E49: =E48+C49+D49 -> 70500
E50: =E49+C50+D50 -> 70500
E51: =E50+C51+D51 -> 70500
E52: =E51+C52+D52 -> 70500
E53: =E52+C53+D53 -> 70500
E54: =E53+C54+D54 -> 70500
E55: =E54+C55+D55 -> 70500
... E109: =E108+C109+D109 -> 70500
E110: =E109+C110+D110 -> 70500 | H110: WILMER
E111: =E110+C111+D111 -> 70500

Sheet 1017
B2: FECHA | C2: INGRESOS | D2: EGRESOS | E2: SALDO CAJA | F2: E.G. | G2: W.V. | H2: TRANSFERENCIAS | I2: DESCRIPCION
B4: MES ANTERIOR | E4: 70500 | F4: 0 | H4: -2586
E5: =E4+C5+D5 -> 70500
B6: 43010 | C6: 400000 | E6: =E5+C6+D6 -> 470500 | I6: MECANIZADO PIEZAS SERVANDO
B7: 43010 | D7: -6000 | E7: =E6+C7+D7 -> 464500 | I7: GASOLINA
B8: 43010 | E8: =E7+C8+D8 -> 464500 | H8: 50000 | I8: VOUCHER CARMELA ROMERO
B9: 43012 | E9: =E8+C9+D9 -> 464500 | H9: 50000 | I9: VOUCHER JULIAN LOZANO
B10: 43013 | D10: -140000 | E10: =E9+C10+D10 -> 324500 | I10: RESORTES
B11: 43014 | E11: =E10+C11+D11 -> 324500 | H11: 90000 | I11: 2 VOUCHER PARCERITO
B12: 43014 | E12: =E11+C12+D12 -> 324500 | F12: 190000 | I12: TORNILLO A BOLAS 12MMx650MM MINI TORNO (MERCADOLIBRE)
B13: 43014 | E13: =E12+C13+D13 -> 324500 | F13: 38080 | I13: INSERTO PARA FRESADO HERRATEC
B14: 43015 | D14: -93000 | E14: =E13+C14+D14 -> 231500 | F14: -93000 | I14: TELMEX ALBA
B15: 43015 | D15: -52000 | E15: =E14+C15+D15 -> 179500 | F15: -52000 | I15: COMCEL ALBA
B16: 43015 | D16: -70000 | E16: =E15+C16+D16 -> 109500 | F16: -70000 | I16: COMCLE E.G.
B17: 43017 | E17: =E16+C17+D17 -> 109500 | F17: 500000 | I17: 4 ER32 COLLET CHUCK
B18: 43019 | E18: =E17+C18+D18 -> 109500 | H18: 140000 | I18: CONSIGNACION PARCERITO ($340, $200 GRANDSTREAM y $140 MINUTOS)
B19: 43019 | E19: =E18+C19+D19 -> 109500 | F19: 4800 | I19: 2 RODAMIENTOS
B20: 43021 | C20: 100000 | E20: =E19+C20+D20 -> 209500 | I20: CORTE PLASMA LLAVES JULIAN
B21: 43021 | D21: -2000 | E21: =E20+C21+D21 -> 207500 | I21: BOLSAS BASURA
B22: 43021 | D22: -21800 | E22: =E21+C22+D22 -> 185700 | I22: ARTICULOS ASEO MERCAFULL
B23: 43027 | E23: =E22+C23+D23 -> 185700 | F23: 313408 | I23: ARBOL PORTABOQUILLA BT-40, 6 PULL STUDS BT-503, METALCORTE Y AFINES SAS
B24: 43027 | E24: =E23+C24+D24 -> 185700 | F24: 78000 | I24: REFRACTOMETRO (MERCADOLIBRE)
B25: 43031 | E25: =E24+C25+D25 -> 185700 | H25: 200000 | I25: VOUCHER YINNA CRUZ
B26: 43033 | D26: -136000 | E26: =E25+C26+D26 -> 49700 | F26: -136000 | I26: TVBOX E.G.
B27: 43033 | E27: =E26+C27+D27 -> 49700 | F27: 72798 | I27: PONCHADORA PIN HUECO, CORAZA PLASTICA NEGRA
B28: 43033 | E28: =E27+C28+D28 -> 49700 | F28: 186354 | I28: BOMBA LUBRICACION 85X85MM INSERTO P' FRESADO, HERRATEC
B29: 43034 | C29: 200000 | E29: =E28+C29+D29 -> 249700 | F29: 200000 | I29: EFECTIVO E.G.
B30: 43034 | D30: -77000 | E30: =E29+C30+D30 -> 172700 | I30: MOVISTAR FIJO
B31: 43034 | D31: -70850 | E31: =E30+C31+D31 -> 101850 | I31: CODENSA
B32: 43034 | D32: -7900 | E32: =E31+C32+D32 -> 93950 | I32: JABON LIQUIDO LOZA
B33: 43038 | E33: =E32+C33+D33 -> 93950 | H33: -319300 | I33: MI PLANILLA X 2
B34: 43038 | D34: -3500 | E34: =E33+C34+D34 -> 90450 | I34: SUPER BONDER
B35: 43039 | E35: =E34+C35+D35 -> 90450 | H35: 200000 | I35: VOUCHER WILLIAM ROMERO
B36: 43039 | C36: 312000 | E36: =E35+C36+D36 -> 402450 | I36: SALDO SEGUROS ESPARRAGOS ENRIQUE
B37: 43039 | E37: =E36+C37+D37 -> 402450 | H37: 460000 | I37: MECANIZADOS ALBERTO VIDALES (MI PEZ)
B38: 43039 | E38: =E37+C38+D38 -> 402450 | F38: 50000 | I38: HAROLD MASTERCAM
E39: =E38+C39+D39 -> 402450
E40: =E39+C40+D40 -> 402450
E41: =E40+C41+D41 -> 402450 | F41: =SUM(F4:F40) -> 1282440 | H41: =SUM(H4:H40) -> 868114
E42: =E41+C42+D42 -> 402450 | H42: =H41-F41 -> -414326
E43: =E42+C43+D43 -> 402450
B44: PASA SALDO | E44: =E43+C44+D44 -> 402450 | H44: =H42 -> -414326
E45: =E44+C45+D45 -> 402450
E46: =E45+C46+D46 -> 402450
E47: =E46+C47+D47 -> 402450
E48: =E47+C48+D48 -> 402450
E49: =E48+C49+D49 -> 402450
E50: =E49+C50+D50 -> 402450
E51: =E50+C51+D51 -> 402450
E52: =E51+C52+D52 -> 402450
E53: =E52+C53+D53 -> 402450
E54: =E53+C54+D54 -> 402450
E55: =E54+C55+D55 -> 402450
E56: =E55+C56+D56 -> 402450
... E117: =E116+C117+D117 -> 402450

Sheet 1117
B2: FECHA | C2: INGRESOS | D2: EGRESOS | E2: SALDO CAJA | F2: E.G. | G2: W.V. | H2: TRANSFERENCIAS | I2: DESCRIPCION
B4: MES ANTERIOR | E4: 402450 | F4: 0 | H4: -414326
E5: =E4+C5+D5 -> 402450
B6: 43042 | D6: -6000 | E6: =E5+C6+D6 -> 396450 | I6: PARQUEADERO E.G.
B7: 43046 | D7: -76100 | E7: =E6+C7+D7 -> 320350 | I7: ACUEDUCTO
B8: 43046 | D8: -100000 | E8: =E7+C8+D8 -> 220350 | F8: -100000 | I8: TELMEX ALBINA BORRERO
B9: 43046 | D9: -51000 | E9: =E8+C9+D9 -> 169350 | F9: -51000 | I9: COMCEL ALBINA BORRERO
B10: 43046 | D10: -70000 | E10: =E9+C10+D10 -> 99350 | F10: -70000 | I10: COMCEL EDUARDO GROSSO
B11: 43046 | E11: =E10+C11+D11 -> 99350 | F11: 7497 | I11: CORREA EN V (MINI TORNO)
B12: 43048 | E12: =E11+C12+D12 -> 99350 | F12: 8806 | I12: TORNILLOS
B13: 43054 | E13: =E12+C13+D13 -> 99350 | H13: 50000 | I13: VOUCHER EVARISTO
B14: 43055 | E14: =E13+C14+D14 -> 99350 | H14: 50000 | I14: VOUCHER CARMELA ROMERO
B15: 43055 | E15: =E14+C15+D15 -> 99350 | F15: 39120 | I15: BOQUILLA ER40 25-24MM
B16: 43056 | E16: =E15+C16+D16 -> 99350 | H16: 1810640 | I16: 2 CORTES NORTHERR PAGADOS 01/11/2017 Y 09/11/2017 (RELACION DE FACTURAS)
B17: 43056 | C17: 2000000 | E17: =E16+C17+D17 -> 2099350 | I17: ABONO MECANIZADO ENRIQUE 4X4
B18: 43056 | E18: =E17+C18+D18 -> 2099350 | H18: 50000 | I18: VOUCHER JULIAN LOZANO
B19: 43057 | E19: =E18+C19+D19 -> 2099350 | F19: 200000 | I19: TECNICO VARIADOR NELSON
B20: 43060 | D20: -82000 | E20: =E19+C20+D20 -> 2017350 | I20: MOVISTAR FIJO
B21: 43060 | D21: -81150 | E21: =E20+C21+D21 -> 1936200 | I21: CODENSA
B22: 43060 | D22: -2000 | E22: =E21+C22+D22 -> 1934200 | I22: 2 ESFEROS
B23: 43060 | D23: -3350 | E23: =E22+C23+D23 -> 1930850 | I23: GUANTES ESPERANZA LOPEZ
B24: 43060 | D24: -600 | E24: =E23+C24+D24 -> 1930250 | I24: 2 SOBRES AGUA DESTILADA
B25: 43060 | C25: 13950 | E25: =E24+C25+D25 -> 1944200 | F25: 13950 | I25: MONEDA DE CUENTAS IPCOL
B26: 43062 | H26: 221400 | I26: ABONO MECANIZADO CARLOS AGUDELO
B27: 43063 | C27: 140000 | E27: =E25+C27+D27 -> 2084200 | I27: CORTE 4 LAMINAS ALUCOBOND LUIS VARGAS
B28: 43063 | D28: -374000 | E28: =E27+C28+D28 -> 1710200 | I28: PAGO LAMINA ALUMINIO 2m*1m*5mm LUIS VARGAS EGRESO 001 PARA PLACA POZOS VICTOR
B29: 43067 | F29: 16700 | I29: CORREA EN V (MINI TORNO)
B30: 43068 | E30: =E28+C30+D30 -> 1710200 | F30: 59500 | I30: MERCADOLIBRE CADENA PORTACABLES TORNO
B31: 43068 | E31: =E30+C31+D31 -> 1710200 | H31: 1000000 | I31: ABONO MECANIZADO CARLOS AGUDELO
B32: 43069 | E32: =E31+C32+D32 -> 1710200 | H32: -319300 | I32: MI PLANILLA X 2
B33: 43069 | E33: =E32+C33+D33 -> 1710200 | F33: -200000 | I33: LLAVES JULIAN
B34: 43069 | E34: =E33+C34+D34 -> 1710200 | F34: 150000 | I34: ACCESORIOS LUBRICACION MANGUERA 4mm, 10 FITTING 5mm, JULIAN
B35: 43069 | D35: -300000 | E35: =E34+C35+D35 -> 1410200 | F35: -300000 | I35: EFECTIVO A E.G.
B36: 43069 | E36: =E35+C36+D36 -> 1410200 | F36: 292000 | I36: DURALUMINIO 7075 MECANIZADOS CARLOS AGUDELO
E37: =E36+C37+D37 -> 1410200
E38: =E37+C38+D38 -> 1410200
E39: =E38+C39+D39 -> 1410200 | F39: =SUM(F4:F38) -> 66573 | H39: =SUM(H4:H38) -> 2448414
E40: =E39+C40+D40 -> 1410200 | H40: =H39-F39 -> 2381841
E41: =E40+C41+D41 -> 1410200
B42: PASA SALDO | E42: =E41+C42+D42 -> 1410200 | H42: =H40 -> 2381841
E43: =E42+C43+D43 -> 1410200
E44: =E43+C44+D44 -> 1410200
E45: =E44+C45+D45 -> 1410200
E46: =E45+C46+D46 -> 1410200
E47: =E46+C47+D47 -> 1410200
E48: =E47+C48+D48 -> 1410200
E49: =E48+C49+D49 -> 1410200
E50: =E49+C50+D50 -> 1410200
E51: =E50+C51+D51 -> 1410200
E52: =E51+C52+D52 -> 1410200
E53: =E52+C53+D53 -> 1410200
E54: =E53+C54+D54 -> 1410200
D55: -17700 | E55: =E54+C55+D55 -> 1392500 | I55: MONEDA
E56: =E55+C56+D56 -> 1392500
E57: =E56+C57+D57 -> 1392500
E58: =E57+C58+D58 -> 1392500
E59: =E58+C59+D59 -> 1392500
E60: =E59+C60+D60 -> 1392500
E61: =E60+C61+D61 -> 1392500
E62: =E61+C62+D62 -> 1392500
E63: =E62+C63+D63 -> 1392500
E64: =E63+C64+D64 -> 1392500
E65: =E64+C65+D65 -> 1392500
E66: =E65+C66+D66 -> 1392500
E67: =E66+C67+D67 -> 1392500
... E113: =E112+C113+D113 -> 1392500
D114: -16500 | E114: =E113+C114+D114 -> 1376000 | I114: W.V.
E115: =E114+C115+D115 -> 1376000

Sheet 1217
B2: FECHA | C2: INGRESOS | D2: EGRESOS | E2: SALDO CAJA | F2: E.G. | G2: W.V. | H2: TRANSFERENCIAS | I2: DESCRIPCION
B4: MES ANTERIOR | E4: 1410200 | F4: 0 | H4: 2381841
E5: =E4+C5+D5 -> 1410200
B6: 43070 | E6: =E5+C6+D6 -> 1410200 | F6: 26882 | I6: RACORES Y UNION TEE
B7: 43070 | E7: =E6+C7+D7 -> 1410200 | F7: 9002 | I7: BROCA 3.3 Y BRISTOL 5mm CABEZA BOLA
B8: 43075 | E8: =E7+C8+D8 -> 1410200 | F8: 25950 | I8: VENTILADOR EXTRACTOR
B9: 43075 | E9: =E8+C9+D9 -> 1410200 | F9: 7900 | I9: TERMOENCOGIBLE
B10: 43075 | E10: =E9+C10+D10 -> 1410200 | F10: 104000 | I10: CAJA DE PASO
B11: 43076 | D11: -5000 | E11: =E10+C11+D11 -> 1405200 | F11: -5000 | I11: CABLE 16 AWG
B12: 43076 | E12: =E11+C12+D12 -> 1405200 | F12: 2400 | I12: TORNILLO BRISTOL
B13: 43076 | E13: =E12+C13+D13 -> 1405200 | F13: 46000 | I13: RELE TERMICO CONTACTOR
B14: 43076 | E14: =E13+C14+D14 -> 1405200 | F14: 88700 | I14: FRESA V 8mm HERRATEC
B15: 43077 | D15: -22200 | E15: =E14+C15+D15 -> 1383000 | I15: ALMUERZO
B16: 43078 | D16: -4500 | E16: =E15+C16+D16 -> 1378500 | I16: ESPEJO Y SHARPIE
B17: 43078 | D17: -20000 | E17: =E16+C17+D17 -> 1358500 | I17: ALMUERZO
B18: 43078 | E18: =E17+C18+D18 -> 1358500 | F18: 20600 | I18: PRENSA ESTOPA, CORAZA, PEGATANQUE
B19: 43078 | E19: =E18+C19+D19 -> 1358500 | F19: 32000 | I19: BLOQUE DISTRIBUCION, MICROS
B20: 43078 | E20: =E19+C20+D20 -> 1358500 | F20: 2100 | I20: RACOR TAPON MACHO
B21: 43081 | C21: 120000 | E21: =E20+C21+D21 -> 1478500 | I21: SERVICIO PLANTAS OSCAR MARMOLEJO O.S. 001
B22: 43081 | E22: =E21+C22+D22 -> 1478500 | F22: 36000 | I22: 3 MICROCONTROLADOR PIC 16F876 (MARMOLEJO)
B23: 43081 | E23: =E22+C23+D23 -> 1478500 | H23: 200000 | I23: VOUCHER YINNA CRUZ
B24: 43082 | D24: -6500 | E24: =E23+C24+D24 -> 1472000 | F24: -6500 | I24: TOMA ELECTRICA $4.500 CINTA DOBLE FAZ $2.000
B25: 43082 | D25: -7400 | E25: =E24+C25+D25 -> 1464600 | I25: JABON LIQUIDO MANOS
B26: 43082 | E26: =E25+C26+D26 -> 1464600 | F26: 10000 | I26: SOLDADURA ALUMINIO CARLOS AGUDELO
B27: 43087 | E27: =E26+C27+D27 -> 1464600 | F27: 1400000 | I27: HALADOR DE BARRAS x 2
B28: 43089 | E28: =E27+C28+D28 -> 1464600 | F28: 11781 | I28: BROCA Y PORTA INSERTO HERRATEC | K28: AFILADORA ESCAREADORES $3.034.000 (relacion de facturas a septiembre de 2019) cruce de cuentas torno emco impro
B29: 43089 | E29: =E28+C29+D29 -> 1464600 | F29: 6000 | I29: LIJAS 4 Y PARQUEADERO 2
B30: 43089 | E30: =E29+C30+D30 -> 1464600 | F30: 417122 | I30: BARRA DE ACERO RDO 31,75mm ESPARRAGOS
B31: 43090 | E31: =E30+C31+D31 -> 1464600 | F31: 200396 | I31: HERRAMIENTAS HERRATEC
B32: 43090 | E32: =E31+C32+D32 -> 1464600 | F32: 20000 | I32: PLACA ALUMINIO PLATO CARLOS AGUDELO
B33: 43091 | D33: -81000 | E33: =E32+C33+D33 -> 1383600 | I33: MOVISTAR FIJO
B34: 43091 | D34: -78100 | E34: =E33+C34+D34 -> 1305500 | I34: CODENSA
B35: 43092 | D35: -52500 | E35: =E34+C35+D35 -> 1253000 | I35: ALMUERZO
B36: 43095 | E36: =E35+C36+D36 -> 1253000 | H36: 50000 | I36: VOUCHER EVARISTO ROMERO
B37: 43096 | D37: -500000 | E37: =E36+C37+D37 -> 753000 | F37: -500000 | I37: COMISION TORNO IMPRO
B38: 43096 | E38: =E37+C38+D38 -> 753000 | F38: 80800 | I38: MARTILLO GOLPE SECO
B39: 43096 | E39: =E38+C39+D39 -> 753000 | H39: 50000 | I39: VOUCHER CARMELA ROMERO
B40: 43097 | D40: -2500 | E40: =E39+C40+D40 -> 750500 | I40: INTERRUPTOR PASO EASY
B41: 43097 | E41: =E40+C41+D41 -> 750500 | H41: 50000 | I41: VOUCHER JULIAN LOZANO
B42: 43098 | E42: =E41+C42+D42 -> 750500 | H42: -334200 | I42: MI PLANILLA X 2
B43: 43098 | E43: =E42+C43+D43 -> 750500 | H43: 992000 | I43: ABONO MECANIZADO CARLOS AGUDELO
E44: =E43+C44+D44 -> 750500
E45: =E44+C45+D45 -> 750500
E46: =E45+C46+D46 -> 750500 | F46: =SUM(F4:F45) -> 2036133 | H46: =SUM(H4:H45) -> 3389641
E47: =E46+C47+D47 -> 750500
B48: PASA SALDO | E48: =E47+C48+D48 -> 750500 | H48: =H46-F46 -> 1353508
E49: =E48+C49+D49 -> 750500
E50: =E49+C50+D50 -> 750500
E51: =E50+C51+D51 -> 750500
E52: =E51+C52+D52 -> 750500
E53: =E52+C53+D53 -> 750500
E54: =E53+C54+D54 -> 750500
E55: =E54+C55+D55 -> 750500
E56: =E55+C56+D56 -> 750500
E57: =E56+C57+D57 -> 750500
E58: =E57+C58+D58 -> 750500
E59: =E58+C59+D59 -> 750500
E60: =E59+C60+D60 -> 750500
... E67: =E66+C67+D67 -> 750500
D68: -25500 | E68: =E67+C68+D68 -> 725000 | I68: MONEDA
E69: =E68+C69+D69 -> 725000
E70: =E69+C70+D70 -> 725000
E71: =E70+C71+D71 -> 725000
E72: =E71+C72+D72 -> 725000
E73: =E72+C73+D73 -> 725000
E74: =E73+C74+D74 -> 725000
E75: =E74+C75+D75 -> 725000
E76: =E75+C76+D76 -> 725000
E77: =E76+C77+D77 -> 725000
E78: =E77+C78+D78 -> 725000
E79: =E78+C79+D79 -> 725000
E80: =E79+C80+D80 -> 725000
... E128: =E127+C128+D128 -> 725000

Sheet 0118
B2: FECHA | C2: INGRESOS | D2: EGRESOS | E2: SALDO CAJA | F2: E.G. | G2: W.V. | H2: TRANSFERENCIAS | I2: DESCRIPCION
B4: MES ANTERIOR | E4: 750500 | F4: 0 | H4: 1353508
E5: =E4+C5+D5 -> 750500
B6: 43103 | D6: -54000 | E6: =E5+C6+D6 -> 696500 | F6: -54000 | I6: COMCEL ABINA BORRERO
B7: 43103 | D7: -70000 | E7: =E6+C7+D7 -> 626500 | F7: -70000 | I7: COMCEL E.G.
B8: 43103 | D8: -98000 | E8: =E7+C8+D8 -> 528500 | F8: -98000 | I8: TELMEX ALBINA BORRERO
B9: 43103 | D9: -78800 | E9: =E8+C9+D9 -> 449700 | I9: ACUEDUCTO
B10: 43109 | E10: =E9+C10+D10 -> 449700 | F10: 96900 | I10: DAVIVIENDA 25 EUROS VOICETRADING
B11: 43112 | D11: 145000 | E11: =E10+C11+D11 -> 594700 | I11: PIEZA EDWAR MOTOS
B12: 43118 | D12: -4000 | E12: =E11+C12+D12 -> 590700 | I12: JABON LIQUIDO LOZA D1
B13: 43118 | E13: =E12+C13+D13 -> 590700 | F13: 54300 | I13: VARILLA 3/8 ANTENAS ACEFER
B14: 43120 | D14: -59000 | E14: =E13+C14+D14 -> 531700 | I14: ESCAREADOR TUSGTENO 8MM ($55.100) + PASAJES
B15: 43123 | D15: -10000 | E15: =E14+C15+D15 -> 521700 | I15: E.G. LUIS MIGUEL
B16: 43123 | E16: =E15+C16+D16 -> 521700 | H16: 100000 | I16: CORTE DISIPADORES BYG C.C. 001
B17: 43123 | C17: 950000 | E17: =E16+C17+D17 -> 1471700 | I17: MECANIZADOS POLICROMETAL R.C. 002
B18: 43124 | D18: -76000 | E18: =E17+C18+D18 -> 1395700 | I18: MOVISTAR FIJO
B19: 43124 | E19: =E18+C19+D19 -> 1395700 | F19: 150000 | I19: MARTILLO GOLPE SECO Y TORNILLOS ANTENAS
B20: 43124 | E20: =E19+C20+D20 -> 1395700 | F20: 53500 | I20: FRESA AMANA ALOCUBOND
B21: 43125 | D21: -57000 | E21: =E20+C21+D21 -> 1338700 | I21: CODENSA
B22: 43125 | E22: =E21+C22+D22 -> 1338700 | F22: 72250 | I22: SIERRA CIR HSS FERRETERIA JRC CORTE DISIPADORES
B23: 43127 | E23: =E22+C23+D23 -> 1338700 | H23: 200000 | I23: PAGO CESAR PLASMA DAVIVIENDA ($450.000 - $250.000 TORNILLO)
B24: 43129 | E24: =E23+C24+D24 -> 1338700 | H24: -353600 | I24: MI PLANILLA X 2
B25: 43129 | C25: 130750 | E25: =E24+C25+D25 -> 1469450 | I25: CORTE DISIPADORES BYG C.C. 002 (ANULA C.C. 001 TOTAL $248.000 - RETENCIONES = $230.750)
B26: 43129 | D26: -13000 | E26: =E25+C26+D26 -> 1456450 | I26: ALMUERZO X 2
B27: 43130 | E27: =E26+C27+D27 -> 1456450 | F27: 50000 | I27: ARREGLO TORNO SAMSUNG FREDDY
B28: 43130 | E28: =E27+C28+D28 -> 1456450 | F28: 278450 | I28: PORTA INSERTO TROZ INT, FRESA WOODRUFF METALCORTE
B29: 43130 | E29: =E28+C29+D29 -> 1456450 | F29: 40500 | I29: INSERTO COPIADO HERRATEC
B30: 43131 | C30: 300000 | E30: =E29+C30+D30 -> 1756450 | I30: MECANIZADOS POLICROMETAL R.C. 003
B31: 43131 | E31: =E30+C31+D31 -> 1756450 | H31: -762500 | I31: PARA PAGAR A JHON CALDERON 25% MECANIZADOS
E32: =E31+C32+D32 -> 1756450
E33: =E32+C33+D33 -> 1756450
E34: =E33+C34+D34 -> 1756450 | F34: =SUM(F4:F33) -> 573900 | H34: =SUM(H4:H33) -> 537408
E35: =E34+C35+D35 -> 1756450
E36: =E35+C36+D36 -> 1756450
B37: PASA SALDO | E37: =E36+C37+D37 -> 1756450 | H37: =H34-F34 -> -36492
E38: =E37+C38+D38 -> 1756450
E39: =E38+C39+D39 -> 1756450
E40: =E39+C40+D40 -> 1756450 | I40: COMPRA PLASMA HYPERTERM 45 ($1.810.000 EQUIPO + $30.000 ENVIO)
E41: =E40+C41+D41 -> 1756450
E42: =E41+C42+D42 -> 1756450
E43: =E42+C43+D43 -> 1756450
E44: =E43+C44+D44 -> 1756450
E45: =E44+C45+D45 -> 1756450
E46: =E45+C46+D46 -> 1756450
E47: =E46+C47+D47 -> 1756450
E48: =E47+C48+D48 -> 1756450
E49: =E48+C49+D49 -> 1756450
E50: =E49+C50+D50 -> 1756450
E51: =E50+C51+D51 -> 1756450
E52: =E51+C52+D52 -> 1756450
... E73: =E72+C73+D73 -> 1756450
D74: -24450 | E74: =E73+C74+D74 -> 1732000 | I74: MONEDA
E75: =E74+C75+D75 -> 1732000
E76: =E75+C76+D76 -> 1732000
E77: =E76+C77+D77 -> 1732000
E78: =E77+C78+D78 -> 1732000
E79: =E78+C79+D79 -> 1732000
E80: =E79+C80+D80 -> 1732000
E81: =E80+C81+D81 -> 1732000
E82: =E81+C82+D82 -> 1732000
E83: =E82+C83+D83 -> 1732000
E84: =E83+C84+D84 -> 1732000
E85: =E84+C85+D85 -> 1732000
E86: =E85+C86+D86 -> 1732000
... E134: =E133+C134+D134 -> 1732000

Sheet 0218
B2: FECHA | C2: INGRESOS | D2: EGRESOS | E2: SALDO CAJA | F2: E.G. | G2: W.V. | H2: TRANSFERENCIAS | I2: DESCRIPCION
B4: MES ANTERIOR | E4: 1756450 | F4: 0 | H4: -36492
E5: =E4+C5+D5 -> 1756450
B6: 43132 | D6: -2000 | E6: =E5+C6+D6 -> 1754450 | I6: LONAS
B7: 43133 | D7: -98000 | E7: =E6+C7+D7 -> 1656450 | F7: -98000 | I7: TELMEX ALBINA BORRERO
B8: 43133 | D8: -53000 | E8: =E7+C8+D8 -> 1603450 | F8: -53000 | I8: COMCEL ALBINA BORRERO
B9: 43133 | D9: -3450 | E9: =E8+C9+D9 -> 1600000 | I9: CINTA ENMASCARAR EASY
B10: 43133 | D10: -1400 | E10: =E9+C10+D10 -> 1598600 | I10: CINTA TRANSPARENTE
B11: 43133 | D11: -2000 | E11: =E10+C11+D11 -> 1596600 | I11: BOLSAS BASURA
B12: 43133 | D12: -1000 | E12: =E11+C12+D12 -> 1595600 | I12: GANCHOS ROPA
B13: 43133 | E13: =E12+C13+D13 -> 1595600 | F13: 40500 | I13: INSERTOS HERRATEC
B14: 43134 | D14: -40000 | E14: =E13+C14+D14 -> 1555600 | I14: ALMUERZO
B15: 43137 | E15: =E14+C15+D15 -> 1555600 | F15: 284500 | I15: MDF NORTHER EASY
B16: 43138 | E16: =E15+C16+D16 -> 1555600 | F16: 191150 | I16: HERRATEC MACHO Y PALPADOR
B17: 43141 | D17: -20000 | E17: =E16+C17+D17 -> 1535600 | I17: ALMUERZO
B18: 43144 | E18: =E17+C18+D18 -> 1535600 | F18: 153000 | I18: TRATAMIENTO TERMICO 100 ESPARRAGOS
B19: 43144 | E19: =E18+C19+D19 -> 1535600 | F19: 5000 | I19: SILICONA
B20: 43145 | E20: =E19+C20+D20 -> 1535600 | F20: 38700 | I20: ORINGS
B21: 43146 | D21: -76000 | E21: =E20+C21+D21 -> 1459600 | F21: -76000 | I21: COMCEL E.G.
B22: 43146 | D22: -2000 | E22: =E21+C22+D22 -> 1457600 | I22: BOLSAS BASURA
B23: 43147 | C23: 12000 | E23: =E22+C23+D23 -> 1469600 | I23: PAGO CHATARRA
B24: 43147 | E24: =E23+C24+D24 -> 1469600 | F24: 175500 | I24: ACERTEMPLE TRATAMIENTO TERMICO
B25: 43148 | E25: =E24+C25+D25 -> 1469600 | H25: 650000 | I25: TRANSFERENCIA DAVIVIENDA LUIS VARGAS DEBE $400.000
B26: 43145 | D26: -4200 | E26: =E25+C26+D26 -> 1465400 | I26: JABON ESPERANZA
B27: 43150 | E27: =E26+C27+D27 -> 1465400 | H27: 3000000 | I27: ENRIQUE 4X4 (TOTAL ABONO $5.000.000) DAVIVIENDA
B28: 43151 | E28: =E27+C28+D28 -> 1465400 | H28: 348878 | I28: BYG DISIPADORES BANCOLOMBIA
B29: 43150 | E29: =E28+C29+D29 -> 1465400 | F29: 218750 | I29: MATERIAL ACEFER TORNILLOS ENRIQUE
B30: 43150 | E30: =E29+C30+D30 -> 1465400 | F30: 53550 | I30: HERRATEC INSERTO PARA ROSCADO
B31: 43152 | E31: =E30+C31+D31 -> 1465400 | H31: 400000 | I31: TRANSFERENCIA DAVIVIENDA LUIS VARGAS DEBE $300.000
B32: 43154 | C32: 100000 | E32: =E31+C32+D32 -> 1565400 | I32: CORTE PVC ESPUMADO
B33: 43154 | E33: =E32+C33+D33 -> 1565400 | F33: 30000 | I33: RESORTES PARA SEGER ESPARRAGOS
B34: 43154 | E34: =E33+C34+D34 -> 1565400 | F34: 46800 | I34: ZINCADO
B35: 43157 | D35: -181400 | E35: =E34+C35+D35 -> 1384000 | I35: CODENSA
B36: 43157 | D36: -85800 | E36: =E35+C36+D36 -> 1298200 | I36: ACUEDUCTO
B37: 43157 | D37: -81000 | E37: =E36+C37+D37 -> 1217200 | I37: MOVISTAR FIJO
B38: 43158 | D38: -5700 | E38: =E37+C38+D38 -> 1211500 | I38: ONCES
B39: 43159 | E39: =E38+C39+D39 -> 1211500 | H39: -354550 | I39: MI PLANILLA X 2
E40: =E39+C40+D40 -> 1211500 | I40: COMPRA PLASMA HYPERTERM 45 ($1.810.000 EQUIPO + $30.000 ENVIO)
E41: =E40+C41+D41 -> 1211500
E42: =E41+C42+D42 -> 1211500 | F42: 50000 | I42: MI PEZ SACADA TORNILLOS
E43: =E42+C43+D43 -> 1211500 | F43: 18000 | I43: TUBO PARA TORNO SAMSUNG, NO FUNCIONO
E44: =E43+C44+D44 -> 1211500 | F44: 70000 | I44: ZINCADO
E45: =E44+C45+D45 -> 1211500 | F45: 40000 | I45: PIÑONES MINI TORNO
E46: =E45+C46+D46 -> 1211500 | F46: 25000 | I46: MACHOS PEDRO APONTE
E47: =E46+C47+D47 -> 1211500 | F47: 30000 | I47: TARRAJA PEDRO APONTE
E48: =E47+C48+D48 -> 1211500
E49: =E48+C49+D49 -> 1211500
E50: =E49+C50+D50 -> 1211500 | F50: =SUM(F4:F49) -> 1243450 | H50: =SUM(H4:H49) -> 4007836
E51: =E50+C51+D51 -> 1211500
B52: PASA SALDO | E52: =E51+C52+D52 -> 1211500 | H52: =H50-F50 -> 2764386
E53: =E52+C53+D53 -> 1211500
E54: =E53+C54+D54 -> 1211500
E55: =E54+C55+D55 -> 1211500
E56: =E55+C56+D56 -> 1211500
E57: =E56+C57+D57 -> 1211500
E58: =E57+C58+D58 -> 1211500
E59: =E58+C59+D59 -> 1211500
E60: =E59+C60+D60 -> 1211500
E61: =E60+C61+D61 -> 1211500
E62: =E61+C62+D62 -> 1211500
E63: =E62+C63+D63 -> 1211500
E64: =E63+C64+D64 -> 1211500
... E81: =E80+C81+D81 -> 1211500
D82: -26500 | E82: =E81+C82+D82 -> 1185000 | I82: MONEDA
E83: =E82+C83+D83 -> 1185000
E84: =E83+C84+D84 -> 1185000
E85: =E84+C85+D85 -> 1185000
E86: =E85+C86+D86 -> 1185000
E87: =E86+C87+D87 -> 1185000
E88: =E87+C88+D88 -> 1185000
E89: =E88+C89+D89 -> 1185000
E90: =E89+C90+D90 -> 1185000
E91: =E90+C91+D91 -> 1185000
E92: =E91+C92+D92 -> 1185000
E93: =E92+C93+D93 -> 1185000
E94: =E93+C94+D94 -> 1185000
... E142: =E141+C142+D142 -> 1185000

Sheet 0318
B2: FECHA | C2: INGRESOS | D2: EGRESOS | E2: SALDO CAJA | F2: E.G. | G2: W.V. | H2: TRANSFERENCIAS | I2: DESCRIPCION
B4: MES ANTERIOR | E4: 1211500 | F4: 0 | H4: 2764386
E5: =E4+C5+D5 -> 1211500
B6: 43160 | E6: =E5+C6+D6 -> 1211500 | F6: 71400 | I6: ESCAREADOR PLANO 6MM TIALN ATI INGENIERIA
B7: 43160 | D7: -10800 | E7: =E6+C7+D7 -> 1200700 | I7: ONCES
B8: 43160 | E8: =E7+C8+D8 -> 1200700 | F8: 213600 | I8: ACERTEMPLE 44.5KG ENRIQUE 4X4
B9: 43164 | E9: =E8+C9+D9 -> 1200700 | F9: 15000 | I9: ZINCADO ESPARRAGOS
B10: 43165 | D10: -9800 | E10: =E9+C10+D10 -> 1190900 | I10: AEROSOL NEGRO BRILLANTE
B11: 43166 | D11: -75000 | E11: =E10+C11+D11 -> 1115900 | F11: -75000 | I11: COMCEL E.G.
B12: 43166 | D12: -54000 | E12: =E11+C12+D12 -> 1061900 | F12: -54000 | I12: COMCEL ALBINA BORRERO
B13: 43166 | D13: -102000 | E13: =E12+C13+D13 -> 959900 | F13: -102000 | I13: TELMEX ALBINA BORRERO
B14: 43166 | E14: =E13+C14+D14 -> 959900 | F14: 43500 | I14: CONTACTOR Y RELE TERMICO
B15: 43166 | E15: =E14+C15+D15 -> 959900 | F15: 28400 | I15: TERMINALES
B16: 43167 | E16: =E15+C16+D16 -> 959900 | F16: 30000 | I16: ACERO PARA TORRETA TORNO EMCO
B17: 43167 | D17: -4000 | E17: =E16+C17+D17 -> 955900 | I17: TOMA ELECTRICA SOBREPONER TORNO EMCO Y GANCHOS ROPA
B18: 43168 | D18: -12200 | E18: =E17+C18+D18 -> 943700 | I18: ONCES, AREPA RELLENA
B19: 43168 | E19: =E18+C19+D19 -> 943700 | F19: 750000 | I19: ABONO 50% CONTADOR, LIQUIDACION EMPRESA. EGRESO 002
B20: 43168 | E20: =E19+C20+D20 -> 943700 | F20: 19900 | I20: FERRETERIA JRC BROCA 9.5mm, LLAVE MIXTA 10mm
B21: 43169 | D21: -20400 | E21: =E20+C21+D21 -> 923300 | I21: ALMUERZO
B22: 43171 | E22: =E21+C22+D22 -> 923300 | F22: 15000 | I22: ENERGIA CONTROL Y REDES: SELECTOR CON LLAVE
B23: 43173 | E23: =E22+C23+D23 -> 923300 | F23: 10000 | I23: ROSCA 5MM X8 ESQUINA
B24: 43174 | E24: =E23+C24+D24 -> 923300 | H24: -222700 | I24: MI PLANILLA E.G. MARZO
B25: 43175 | D25: -5000 | E25: =E24+C25+D25 -> 918300 | I25: CAJA PLASTICA PARA EMCO
B26: 43175 | E26: =E25+C26+D26 -> 918300 | F26: 50000 | I26: RETENCION HERRATEC
B27: 43175 | D27: -15100 | E27: =E26+C27+D27 -> 903200 | I27: COMPLETAR RETENCION HERRATEC ($65.100)
B28: 43180 | D28: -64600 | E28: =E27+C28+D28 -> 838600 | I28: ALMUERZO
B29: 43180 | D29: -2200 | E29: =E28+C29+D29 -> 836400 | I29: PARQUEADERO
B30: 43181 | C30: 1000000 | E30: =E29+C30+D30 -> 1836400 | I30: DE CUENTAS MINITORNO EMCO
B31: 43183 | D31: -35000 | E31: =E30+C31+D31 -> 1801400 | I31: OVEROL WILMER
B32: 43185 | D32: -86300 | E32: =E31+C32+D32 -> 1715100 | I32: CODENSA
B33: 43185 | D33: -82000 | E33: =E32+C33+D33 -> 1633100 | I33: MOVISTAR FIJO
B34: 43185 | E34: =E33+C34+D34 -> 1633100 | H34: 3000000 | I34: ENRIQUE 4X4 (TOTAL ABONO $8.000.000) DAVIVIENDA
B35: 43186 | C35: 500000 | E35: =E34+C35+D35 -> 2133100 | I35: RUTAEDO QUINTUPLES JONATAN GONZALES QUEDA DEBIENDO $500 = $300 DEL 27/03 Y $200 DEL 28/03
B36: 43186 | E36: =E35+C36+D36 -> 2133100 | H36: -126000 | I36: RENOVACION MATRICULA MERCATIL CAMARA Y COMERCIO
B37: 43187 | E37: =E36+C37+D37 -> 2133100 | H37: -176100 | I37: MI PLANILLA W.V.
B38: 43187 | E38: =E37+C38+D38 -> 2133100 | H38: -222700 | I38: MI PLANILLA E.G. ABRIL
B39: 43190 | D39: -9750 | E39: =E38+C39+D39 -> 2123350 | I39: JABON LIQUDO LOZA D1 X5
E40: =E39+C40+D40 -> 2123350 | I40: COMPRA PLASMA HYPERTERM 45 ($1.810.000 EQUIPO + $30.000 ENVIO)
E41: =E40+C41+D41 -> 2123350
E42: =E41+C42+D42 -> 2123350
E43: =E42+C43+D43 -> 2123350
E44: =E43+C44+D44 -> 2123350 | F44: =SUM(F4:F43) -> 1015800 | H44: =SUM(H4:H43) -> 5016886
E45: =E44+C45+D45 -> 2123350
E46: =E45+C46+D46 -> 2123350 | H46: =H44-F44 -> 4001086
E47: =E46+C47+D47 -> 2123350 | H47: -500000 | I47: UTILIDADES E.G.
B48: 43190 | D48: -500000 | E48: =E47+C48+D48 -> 1623350 | I48: UTILIDADES W.V.
E49: =E48+C49+D49 -> 1623350
B50: PASA SALDO | E50: =E49+C50+D50 -> 1623350 | F50: 0 | H50: =H46+H47 -> 3501086
E51: =E50+C51+D51 -> 1623350
E52: =E51+C52+D52 -> 1623350
E53: =E52+C53+D53 -> 1623350
E54: =E53+C54+D54 -> 1623350
E55: =E54+C55+D55 -> 1623350
E56: =E55+C56+D56 -> 1623350
E57: =E56+C57+D57 -> 1623350
E58: =E57+C58+D58 -> 1623350
E59: =E58+C59+D59 -> 1623350
E60: =E59+C60+D60 -> 1623350
E61: =E60+C61+D61 -> 1623350
E62: =E61+C62+D62 -> 1623350
... E85: =E84+C85+D85 -> 1623350
D86: -33350 | E86: =E85+C86+D86 -> 1590000 | I86: MONEDA
E87: =E86+C87+D87 -> 1590000
E88: =E87+C88+D88 -> 1590000
E89: =E88+C89+D89 -> 1590000
E90: =E89+C90+D90 -> 1590000
E91: =E90+C91+D91 -> 1590000
E92: =E91+C92+D92 -> 1590000
E93: =E92+C93+D93 -> 1590000
E94: =E93+C94+D94 -> 1590000
E95: =E94+C95+D95 -> 1590000
E96: =E95+C96+D96 -> 1590000
E97: =E96+C97+D97 -> 1590000
E98: =E97+C98+D98 -> 1590000
... E146: =E145+C146+D146 -> 1590000

Sheet 0418
B2: FECHA | C2: INGRESOS | D2: EGRESOS | E2: SALDO CAJA | F2: E.G. | G2: W.V. | H2: TRANSFERENCIAS | I2: DESCRIPCION
B4: MES ANTERIOR | E4: 1623350 | F4: 0 | H4: 3501086
E5: =E4+C5+D5 -> 1623350
B6: 43192 | D6: 180000 | E6: =E5+C6+D6 -> 1803350 | I6: TRABAJO MECANIZADO JULIAN
B7: 43192 | D7: -20000 | E7: =E6+C7+D7 -> 1783350 | I7: SWITCH LLAVE PARA LEADWELL V20
B8: 43193 | E8: =E7+C8+D8 -> 1783350 | H8: 500000 | I8: SALDO RUTAEDO QUINTUPLES JONATAN GONZALES QUEDA OK
B9: 43194 | D9: -2300 | E9: =E8+C9+D9 -> 1781050 | I9: DECOL SRA. ESPERANZA
B10: 43194 | D10: -1196000 | E10: =E9+C10+D10 -> 585050 | I10: IMPUESTO PREDIAL INGLES
B11: 43195 | D11: -3500 | E11: =E10+C11+D11 -> 581550 | I11: TOMA 220 EASY PARA CHIA
B12: 43195 | D12: -2000 | E12: =E11+C12+D12 -> 579550 | I12: PAPEL HIGIENICO CHIA
B13: 43560 | D13: -35000 | E13: =E12+C13+D13 -> 544550 | I13: ALMUERZO
B14: 43196 | D14: -54000 | E14: =E13+C14+D14 -> 490550 | F14: -54000 | I14: COMCEL ALBINA BORRERO
B15: 43196 | D15: -72000 | E15: =E14+C15+D15 -> 418550 | F15: -72000 | I15: COMCEL E.G.
B16: 43196 | D16: -100000 | E16: =E15+C16+D16 -> 318550 | F16: -100000 | I16: TELMEX ALBINA BORRERO
B17: 43196 | D17: -9500 | E17: =E16+C17+D17 -> 309050 | I17: CINTA ENMASCARAR $3.600, 3 ESFEROS $3.000, 1 SHARPIE $2.900
B18: 43197 | E18: =E17+C18+D18 -> 309050 | H18: 500000 | I18: TRANSFERENCIA DAVIVIENDA LUIS VARGAS DEBE $590.000 email 09/04/2018
B19: 43200 | E19: =E18+C19+D19 -> 309050 | F19: 35400 | I19: ACEFER: RDO 25.4mm CALIBRADO PRUEBA ENRIQUE 4X4
B20: 43202 | E20: =E19+C20+D20 -> 309050 | F20: 103250 | I20: MATERIAL REDONDO 12.7mm PRUEBAS ENRIQUE - ACEFER
B21: 43203 | E21: =E20+C21+D21 -> 309050 | F21: 300000 | I21: EXCEDENTE HALADOR BARRAS TORNO X 2
B22: 43206 | E22: =E21+C22+D22 -> 309050 | H22: -89200 | I22: VOICETRADING 25 EUROS
B23: 43207 | E23: =E22+C23+D23 -> 309050 | F23: 12000 | I23: TRATAMIENTO TERMICO 4 SEGUROS ENRIQUE
B24: 43207 | D24: -15000 | E24: =E23+C24+D24 -> 294050 | I24: ONCES AREPA Y HAMBURGUESA
B25: 43208 | D25: -12600 | E25: =E24+C25+D25 -> 281450 | I25: 3 AREPAS RELLENAS
B26: 43209 | E26: =E25+C26+D26 -> 281450 | H26: -5500 | I26: CERTIFICADO CAMARA Y COMERCIO
B27: 43210 | E27: =E26+C27+D27 -> 281450 | H27: 280000 | I27: RUTEADO ALOCUBOND JONATHAN GONZALES DEBE $100.000 RUTEADO ACRILICO | M27: jonatan 3.5horas viernes $175 + $100 que debia =$275, y una T de alocubond
B28: 43213 | E28: =E27+C28+D28 -> 281450 | F28: 47200 | I28: DURALUMINIO TRABAJO JAIRO COMPRADO EN AXXECOL
B29: 43213 | D29: -64400 | E29: =E28+C29+D29 -> 217050 | I29: CODENSA
B30: 43213 | D30: -82000 | E30: =E29+C30+D30 -> 135050 | I30: MOVISTAR
B31: 43213 | D31: -15900 | E31: =E30+C31+D31 -> 119150 | I31: PAPEL HIGIENICO MERCAFULL
B32: 43215 | D32: -2500 | E32: =E31+C32+D32 -> 116650 | I32: ESPRANZA LOPEZ
B33: 43216 | E33: =E32+C33+D33 -> 116650 | H33: 300000 | I33: MECANIZADO JAIRO
B34: 43216 | E34: =E33+C34+D34 -> 116650 | H34: 3000000 | I34: ENRIQUE 4X4 (TOTAL ABONO $11.000.000) DAVIVIENDA
B35: 43220 | E35: =E34+C35+D35 -> 116650 | H35: 500000 | I35: TRANSFERENCIA BANCOLOMBIA FERNANDO GUEVARA INTERESES PRESTAMO ABRIL
B36: 43220 | D36: -85250 | E36: =E35+C36+D36 -> 31400 | I36: ACUEDUCTO
E37: =E36+C37+D37 -> 31400
E38: =E37+C38+D38 -> 31400
E39: =E38+C39+D39 -> 31400 | F39: =SUM(F4:F38) -> 271850 | H39: =SUM(H4:H38) -> 8486386
E40: =E39+C40+D40 -> 31400 | H40: =H39-F39 -> 8214536 | I40: COMPRA PLASMA HYPERTERM 45 ($1.810.000 EQUIPO + $30.000 ENVIO)
E41: =E40+C41+D41 -> 31400
E42: =E41+C42+D42 -> 31400 | H42: -2000000 | I42: UTILIDADES E.G.
E43: =E42+C43+D43 -> 31400 | H43: -2000000 | I43: UTILIDADES W.V.
E44: =E43+C44+D44 -> 31400
B45: PASA SALDO | E45: =E44+C45+D45 -> 31400 | F45: 0 | H45: =H40+H42+H43 -> 4214536
E46: =E45+C46+D46 -> 31400
E47: =E46+C47+D47 -> 31400
E48: =E47+C48+D48 -> 31400
E49: =E48+C49+D49 -> 31400
E50: =E49+C50+D50 -> 31400
E51: =E50+C51+D51 -> 31400
E52: =E51+C52+D52 -> 31400
E53: =E52+C53+D53 -> 31400
E54: =E53+C54+D54 -> 31400
E55: =E54+C55+D55 -> 31400
E56: =E55+C56+D56 -> 31400
E57: =E56+C57+D57 -> 31400
... E83: =E82+C83+D83 -> 31400
D84: -25400 | E84: =E83+C84+D84 -> 6000 | I84: MONEDA
E85: =E84+C85+D85 -> 6000
E86: =E85+C86+D86 -> 6000
E87: =E86+C87+D87 -> 6000
E88: =E87+C88+D88 -> 6000
E89: =E88+C89+D89 -> 6000
E90: =E89+C90+D90 -> 6000
E91: =E90+C91+D91 -> 6000
E92: =E91+C92+D92 -> 6000
E93: =E92+C93+D93 -> 6000
E94: =E93+C94+D94 -> 6000
E95: =E94+C95+D95 -> 6000
E96: =E95+C96+D96 -> 6000
... E144: =E143+C144+D144 -> 6000

Sheet 0518
B2: FECHA | C2: INGRESOS | D2: EGRESOS | E2: SALDO CAJA | F2: E.G. | G2: W.V. | H2: TRANSFERENCIAS | I2: DESCRIPCION
B4: MES ANTERIOR | E4: 31400 | F4: 0 | H4: 4214536
E5: =E4+C5+D5 -> 31400
B6: 43222 | E6: =E5+C6+D6 -> 31400 | H6: -222700 | I6: MI PLANILLA E.G. MAYO
B7: 43222 | E7: =E6+C7+D7 -> 31400 | H7: -176100 | I7: MI PLANILLA W.V. ABRIL
B8: 43222 | C8: 1000000 | E8: =E7+C8+D8 -> 1031400 | F8: 1000000 | I8: EFECTIVO A CAJA
B9: 43222 | D9: -291000 | E9: =E8+C9+D9 -> 740400 | I9: PAGO DECLARACION RENTA 2017 METALTRONICOS
B10: 43223 | D10: -4000 | E10: =E9+C10+D10 -> 736400 | I10: DESPINCHADO MOTO E.G.
B11: 43227 | D11: -53000 | E11: =E10+C11+D11 -> 683400 | F11: -53000 | I11: COMCEL ALBINA BORERO
B12: 43227 | D12: -72000 | E12: =E11+C12+D12 -> 611400 | F12: -72000 | I12: COMCEL E.G.
B13: 43227 | D13: -99000 | E13: =E12+C13+D13 -> 512400 | F13: -99000 | I13: TELMEX ALBINA BORRERO
B14: 43228 | E14: =E13+C14+D14 -> 512400 | H14: 275000 | I14: SALDO RUTEO JONATHAN
B15: 43229 | D15: -3150 | E15: =E14+C15+D15 -> 509250 | I15: JABON POLVO ESPERANZA D1
B16: 43229 | D16: -13650 | E16: =E15+C16+D16 -> 495600 | I16: GUANTES EASY
B17: 43230 | D17: -2000 | E17: =E16+C17+D17 -> 493600 | I17: BOLSAS BASURA
B18: 43231 | D18: -2000 | E18: =E17+C18+D18 -> 491600 | I18: SIM CARD PRUEBA FERNANDO GUEVARA
B19: 43235 | E19: =E18+C19+D19 -> 491600 | F19: 90500 | I19: VOICETRADING 25 EUROS
B20: 43235 | C20: 500000 | E20: =E19+C20+D20 -> 991600 | I20: ABONO LUIS VARGAS DE $950.000 QUEDA SALDO DE $450.000 EMAIL 11/05/2018
B21: 43236 | E21: =E20+C21+D21 -> 991600 | F21: 18500 | I21: BROCA 10,8mm JRC
B22: 43236 | E22: =E21+C22+D22 -> 991600 | F22: 33800 | I22: MACHUELO 1/2" HERRATEC
B23: 43243 | C23: 200000 | E23: =E22+C23+D23 -> 1191600 | I23: 20 LLAVES JULIAN
B24: 43246 | E24: =E23+C24+D24 -> 1191600 | H24: 500000 | I24: TRANSFERENCIA BANCOLOMBIA FERNANDO GUEVARA INTERESES PRESTAMO MAYO
B25: 43248 | D25: -59900 | E25: =E24+C25+D25 -> 1131700 | I25: CODENSA
B26: 43248 | E26: =E25+C26+D26 -> 1131700 | F26: 15500 | I26: EMPACK 1 1/2
B27: 43250 | D27: -3000 | E27: =E26+C27+D27 -> 1128700 | I27: PILA 9V
B28: 43251 | E28: =E27+C28+D28 -> 1128700 | H28: -222700 | I28: MI PLANILLA E.G. JUNIO
B29: 43251 | E29: =E28+C29+D29 -> 1128700 | H29: -176100 | I29: MI PLANILLA W.V. MAYO
B30: 43251 | C30: 3000000 | E30: =E29+C30+D30 -> 4128700 | I30: ABONO ENRIQUE 4X4 200 JUEGOS
B31: 43251 | D31: -826000 | E31: =E30+C31+D31 -> 3302700 | I31: COMPRA MATERIAL ENRIQUE ACEFER BARRA PERFORADA 40X20, RDO CALIBRADO 31,75mm SAE 1045
E32: =E31+C32+D32 -> 3302700
E33: =E32+C33+D33 -> 3302700
E34: =E33+C34+D34 -> 3302700 | F34: =SUM(F4:F33) -> 934300 | H34: =SUM(H4:H33) -> 4191936
E35: =E34+C35+D35 -> 3302700
E36: =E35+C36+D36 -> 3302700 | H36: =H34-F34 -> 3257636
E37: =E36+C37+D37 -> 3302700
E38: =E37+C38+D38 -> 3302700 | H38: -250000 | I38: UTILIDADES E.G.
D39: -250000 | E39: =E38+C39+D39 -> 3052700 | I39: UTILIDADES W.V.
E40: =E39+C40+D40 -> 3052700
B41: PASA SALDO | E41: =E40+C41+D41 -> 3052700 | H41: =H36+H38 -> 3007636
E42: =E41+C42+D42 -> 3052700
E43: =E42+C43+D43 -> 3052700
E44: =E43+C44+D44 -> 3052700
E45: =E44+C45+D45 -> 3052700
E46: =E45+C46+D46 -> 3052700
E47: =E46+C47+D47 -> 3052700
E48: =E47+C48+D48 -> 3052700
E49: =E48+C49+D49 -> 3052700
E50: =E49+C50+D50 -> 3052700
E51: =E50+C51+D51 -> 3052700
E52: =E51+C52+D52 -> 3052700
E53: =E52+C53+D53 -> 3052700
... E81: =E80+C81+D81 -> 3052700
D82: -20700 | E82: =E81+C82+D82 -> 3032000 | I82: MONEDA
E83: =E82+C83+D83 -> 3032000
E84: =E83+C84+D84 -> 3032000
E85: =E84+C85+D85 -> 3032000
E86: =E85+C86+D86 -> 3032000
E87: =E86+C87+D87 -> 3032000
E88: =E87+C88+D88 -> 3032000
E89: =E88+C89+D89 -> 3032000
E90: =E89+C90+D90 -> 3032000
E91: =E90+C91+D91 -> 3032000
E92: =E91+C92+D92 -> 3032000
E93: =E92+C93+D93 -> 3032000
E94: =E93+C94+D94 -> 3032000
... E142: =E141+C142+D142 -> 3032000

Sheet 0618
B2: FECHA | C2: INGRESOS | D2: EGRESOS | E2: SALDO CAJA | F2: E.G. | G2: W.V. | H2: TRANSFERENCIAS | I2: DESCRIPCION
B4: MES ANTERIOR | E4: 3052700 | F4: 0 | H4: 3007636
E5: =E4+C5+D5 -> 3052700
B6: 43252 | D6: -82000 | E6: =E5+C6+D6 -> 2970700 | I6: MOVISTAR FIJO
B7: 43252 | E7: =E6+C7+D7 -> 2970700 | F7: 58000 | I7: HERRATEC: FRESA V 4mm, BROCA 11.5mm
B8: 43621 | E8: =E7+C8+D8 -> 2970700 | F8: 12000 | I8: ACERTEMPLE TRATAMIENTO TERMICO
B9: 43257 | D9: -101000 | E9: =E8+C9+D9 -> 2869700 | F9: -101000 | I9: TELMEX ALBA
B10: 43257 | D10: -71000 | E10: =E9+C10+D10 -> 2798700 | F10: -71000 | I10: COMCEL E.G.
B11: 43257 | D11: -54000 | E11: =E10+C11+D11 -> 2744700 | F11: -54000 | I11: COMCEL ALBA
B12: 43257 | E12: =E11+C12+D12 -> 2744700 | F12: 12000 | I12: TEMPLADA 5 SEGUROS Y COPA ENRIQUE JEEP
B13: 43258 | C13: 855000 | E13: =E12+C13+D13 -> 3599700 | I13: EFECTIVO E.G. PARA PAGAR OSCAR MARMOLEJO
B14: 43258 | D14: -854200 | E14: =E13+C14+D14 -> 2745500 | I14: PAGO SIM OSCAR MARMOLEJO ABR-MAY
B15: 43259 | E15: =E14+C15+D15 -> 2745500 | F15: 200000 | I15: CAMABAJA RUTEADORA CARLOS TORRES
B16: 43259 | D16: -30000 | E16: =E15+C16+D16 -> 2715500 | F16: -30000 | I16: PLATINA 20x20x1" PISADOR SAN FRANCISCO
B17: 43259 | D17: -100000 | E17: =E16+C17+D17 -> 2615500 | I17: MONTACARGA LUDIMAR
B18: 43263 | E18: =E17+C18+D18 -> 2615500 | F18: 4200 | I18: PILA GP ALKALINA
B19: 43264 | D19: -6000 | E19: =E18+C19+D19 -> 2609500 | F19: -6000 | I19: BOTAS E.G. ESPERANZA LOPEZ
B20: 43265 | D20: -4000 | E20: =E19+C20+D20 -> 2605500 | I20: 2 GALONES VACIOS DANIEL
B21: 43266 | D21: -3000 | E21: =E20+C21+D21 -> 2602500 | I21: 3 CD'S
B22: 43267 | D22: -150000 | E22: =E21+C22+D22 -> 2452500 | I22: JUAN PABLO RIOS REXCOTOOLS TORNO SAMSUNG
B23: 43269 | D23: -4000 | E23: =E22+C23+D23 -> 2448500 | I23: 10 LONAS
B24: 43270 | D24: -83300 | E24: =E23+C24+D24 -> 2365200 | I24: INSERTOS Y TORNILLO AJUSTE PORTAINSERTO HERRATEC
B25: 43270 | D25: -14000 | E25: =E24+C25+D25 -> 2351200 | I25: TRANSPORTES WILMER - MACROLASER
B26: 43271 | C26: 50000 | E26: =E25+C26+D26 -> 2401200 | I26: MECANIZADO JASON, SALDO $200.000
B27: 43272 | D27: -40550 | E27: =E26+C27+D27 -> 2360650 | I27: ENVIO PC A PASTO
B28: 43272 | D28: -81000 | E28: =E27+C28+D28 -> 2279650 | I28: MOVISTAR FIJO
B29: 43272 | D29: -53500 | E29: =E28+C29+D29 -> 2226150 | I29: CODENSA
B30: 43273 | D30: -85550 | E30: =E29+C30+D30 -> 2140600 | I30: ACUEDUCTO
B31: 43274 | C31: 200000 | E31: =E30+C31+D31 -> 2340600 | I31: MECANIZADO JASON, SALDO $0
B32: 43276 | E32: =E31+C32+D32 -> 2340600 | F32: 14650 | I32: BURIL TUGSTENO 5/16 HER PLASTICOS
B33: 43279 | E33: =E32+C33+D33 -> 2340600 | H33: -222700 | I33: MI PLANILLA E.G. JULIO
B34: 43279 | E34: =E33+C34+D34 -> 2340600 | H34: -176100 | I34: MI PLANILLA W.V. JUNIO
E35: =E34+C35+D35 -> 2340600
E36: =E35+C36+D36 -> 2340600 | F36: =SUM(F4:F35) -> 38850 | H36: =SUM(H4:H35) -> 2608836
E37: =E36+C37+D37 -> 2340600
E38: =E37+C38+D38 -> 2340600 | H38: =H36-F36 -> 2569986
E39: =E38+C39+D39 -> 2340600
E40: =E39+C40+D40 -> 2340600 | H40: -500000 | I40: COMPRA PLASMA HYPERTERM 45 ($1.810.000 EQUIPO + $30.000 ENVIO)
D41: -500000 | E41: =E40+C41+D41 -> 1840600 | I41: UTILIDADES W.V.
E42: =E41+C42+D42 -> 1840600
E43: =E42+C43+D43 -> 1840600
B44: PASA SALDO | E44: =E43+C44+D44 -> 1840600 | H44: =H38+H40 -> 2069986
E45: =E44+C45+D45 -> 1840600
E46: =E45+C46+D46 -> 1840600
E47: =E46+C47+D47 -> 1840600
E48: =E47+C48+D48 -> 1840600
E49: =E48+C49+D49 -> 1840600
E50: =E49+C50+D50 -> 1840600
E51: =E50+C51+D51 -> 1840600
E52: =E51+C52+D52 -> 1840600
E53: =E52+C53+D53 -> 1840600
E54: =E53+C54+D54 -> 1840600
E55: =E54+C55+D55 -> 1840600
E56: =E55+C56+D56 -> 1840600
... E88: =E87+C88+D88 -> 1840600
D89: -23600 | E89: =E88+C89+D89 -> 1817000 | I89: MONEDA
E90: =E89+C90+D90 -> 1817000
E91: =E90+C91+D91 -> 1817000
E92: =E91+C92+D92 -> 1817000
E93: =E92+C93+D93 -> 1817000
E94: =E93+C94+D94 -> 1817000
E95: =E94+C95+D95 -> 1817000
E96: =E95+C96+D96 -> 1817000
E97: =E96+C97+D97 -> 1817000
E98: =E97+C98+D98 -> 1817000
E99: =E98+C99+D99 -> 1817000
E100: =E99+C100+D100 -> 1817000
E101: =E100+C101+D101 -> 1817000
... E149: =E148+C149+D149 -> 1817000

Sheet 0718
B2: FECHA | C2: INGRESOS | D2: EGRESOS | E2: SALDO CAJA | F2: E.G. | G2: W.V. | H2: TRANSFERENCIAS | I2: DESCRIPCION
B4: MES ANTERIOR | E4: 1840600 | F4: 0 | H4: 2069986
E5: =E4+C5+D5 -> 1840600
B6: 43284 | D6: -16000 | E6: =E5+C6+D6 -> 1824600 | I6: ALMUERZO
B7: 43284 | E7: =E6+C7+D7 -> 1824600 | F7: 46650 | I7: INSERTO INTERIORES HERRATEC X 2
B8: 43284 | E8: =E7+C8+D8 -> 1824600 | F8: 21300 | I8: P&R NEUMATICA: RACOR RECTO M5x4mm
B9: 43286 | D9: -3000 | E9: =E8+C9+D9 -> 1821600 | I9: ONCES | M9: MI PLANILLA
B10: 43287 | D10: -13000 | E10: =E9+C10+D10 -> 1808600 | I10: TAXI TRATAMIENTO TERMICO | M10: FECHA | N10: VALOR | O10: PERSONAS | P10: C/U | Q10: METALTRONICOS | R10: TOTAL
B11: 43290 | E11: =E10+C11+D11 -> 1808600 | F11: 2700 | I11: P&R NEUMATICA: RACOR RECTO M6x4mm
B12: 43290 | E12: =E11+C12+D12 -> 1808600 | F12: 16200 | I12: TIENDA MAKITA: INTERRUPTOR P/GA4534
B13: 43290 | E13: =E12+C13+D13 -> 1808600 | F13: 87050 | I13: IMPORTACIONES INTERTRAN: AEROGRAFO H.V.L.P
B14: 43290 | E14: =E13+C14+D14 -> 1808600 | F14: 25350 | I14: DICSON BOGOTA: RACOR RECTO M5x4mm
B15: 43290 | E15: =E14+C15+D15 -> 1808600 | F15: 40300 | I15: HEGO: PASADOR ELASTICO 5x50 X2, ORING NITRILO 213 X210
B16: 43290 | E16: =E15+C16+D16 -> 1808600 | F16: 39300 | I16: HERRATEC: INSERTO TORNEADO KORLOY
B17: 43290 | E17: =E16+C17+D17 -> 1808600 | F17: 96000 | I17: ACERTEMPLE TRATAMIENTO TERMICO
B18: 43291 | E18: =E17+C18+D18 -> 1808600 | F18: 25000 | I18: ZINTEPEC: ZINCADO 56 JUEGOS ENRIQUE 4X4
B19: 43291 | E19: =E18+C19+D19 -> 1808600 | F19: 176150 | I19: HERRATEC: INSERTO Y PORTAINSERTO INTERIORES
B20: 43292 | D20: -53000 | E20: =E19+C20+D20 -> 1755600 | F20: -53000 | I20: COMCEL ALBINA BORRERO | M20: 42795 | N20: 92300 | O20: 3 | P20: =N20/O20 -> 30766.667 | Q20: 2 | R20: =P20*Q20 -> 61533.333
B21: 43292 | D21: -74000 | E21: =E20+C21+D21 -> 1681600 | F21: -74000 | I21: COMCEL E.G. | M21: 42826 | N21: 90600 | O21: 3 | P21: =N21/O21 -> 30200 | Q21: 2 | R21: =P21*Q21 -> 60400
B22: 43292 | D22: -99000 | E22: =E21+C22+D22 -> 1582600 | F22: -99000 | I22: TELMEX ALBINA BORRERO | M22: 42856 | N22: 88600 | O22: 3 | P22: =N22/O22 -> 29533.333 | Q22: 2 | R22: =P22*Q22 -> 59066.667
B23: 43292 | D23: -2000 | E23: =E22+C23+D23 -> 1580600 | I23: LONAS X 5 | M23: 42887 | N23: 86800 | O23: 3 | P23: =N23/O23 -> 28933.333 | Q23: 2 | R23: =P23*Q23 -> 57866.667
B24: 43292 | E24: =E23+C24+D24 -> 1580600 | H24: 500000 | I24: TRANSFERENCIA BANCOLOMBIA FERNANDO GUEVARA INTERESES PRESTAMO JUNIO | M24: 42917 | N24: 85200 | O24: 3 | P24: =N24/O24 -> 28400 | Q24: 2 | R24: =P24*Q24 -> 56800
B25: 43294 | D25: -7500 | E25: =E24+C25+D25 -> 1573100 | I25: ONCES | M25: 42948 | N25: 83300 | O25: 3 | P25: =N25/O25 -> 27766.667 | Q25: 2 | R25: =P25*Q25 -> 55533.333
B26: 43294 | E26: =E25+C26+D26 -> 1573100 | F26: 20250 | I26: HERRATEC: INSERTOS
B27: 43294 | E27: =E26+C27+D27 -> 1573100 | H27: 3000000 | I27: ABONO ENRIQUE 4X4 EFECTIVO A E.G. | M27: 42979 | N27: 81700 | O27: 3 | P27: =N27/O27 -> 27233.333 | Q27: 2 | R27: =P27*Q27 -> 54466.667
B28: 43298 | E28: =E27+C28+D28 -> 1573100 | F28: 8550 | I28: P&R NEUMATICA: MANGUERA POLIURETANO 4mmODx2mmID AZUL
B29: 43298 | E29: =E28+C29+D29 -> 1573100 | F29: 713600 | I29: ACEFER: RDO 31.75mm SAE 1045 CAL, RDO 12,70mm SAE 1045 CAL
B30: 43298 | E30: =E29+C30+D30 -> 1573100 | F30: 74800 | I30: CINTA PARA SIERRA 3/4-610
B31: 43298 | E31: =E30+C31+D31 -> 1573100 | F31: 244800 | I31: ACERTEMPLE: TRATAMIENTO ESPARRAGOS ENRIQUE | M31: 43009 | N31: 80000 | O31: 3 | P31: =N31/O31 -> 26666.667 | Q31: 2 | R31: =P31*Q31 -> 53333.333
B32: 43299 | E32: =E31+C32+D32 -> 1573100 | H32: -681383 | I32: PAGO CORRECCION MI PLANILLA | M32: 43040 | N32: 78400 | O32: 3 | P32: =N32/O32 -> 26133.333 | Q32: 2 | R32: =P32*Q32 -> 52266.667
B33: 43305 | E33: =E32+C33+D33 -> 1573100 | F33: 158050 | I33: HERRATEC: INSERTO ROSCADO Y MANDRIL | M33: 43070 | N33: 51200 | O33: 3 | P33: =N33/O33 -> 17066.667 | Q33: 2 | R33: =P33*Q33 -> 34133.333
B34: 43305 | E34: =E33+C34+D34 -> 1573100 | F34: 62400 | I34: ZINTEPEC: ZINCADO 147 JUEGOS ENRIQUE 4X4
B35: 43306 | D35: -19000 | E35: =E34+C35+D35 -> 1554100 | I35: IMPLEMENTOS ASEO ESPERANZA | M35: 43101 | N35: 52800 | O35: 3 | P35: =N35/O35 -> 17600 | Q35: 2 | R35: =P35*Q35 -> 35200
B36: 43306 | D36: -18400 | E36: =E35+C36+D36 -> 1535700 | I36: IMPLEMENTOS ASEO ESPERANZA | M36: 43132 | N36: 53300 | O36: 3 | P36: =N36/O36 -> 17766.667 | Q36: 2 | R36: =P36*Q36 -> 35533.333
B37: 43307 | D37: -166050 | E37: =E36+C37+D37 -> 1369650 | I37: CODENSA | M37: 43160 | N37: 33800 | O37: 2 | P37: =N37/O37 -> 16900 | Q37: 1 | R37: =P37*Q37 -> 16900
B38: 43307 | E38: =E37+C38+D38 -> 1369650 | F38: 50450 | I38: ACEFER: RDO CALIBRADO 1045 14,29mm 19,05mm 15,88mm | M38: 43191 | N38: 33000 | O38: 2 | P38: =N38/O38 -> 16500 | Q38: 1 | R38: =P38*Q38 -> 16500
B39: 43307 | E39: =E38+C39+D39 -> 1369650 | F39: 206400 | I39: ACERTEMPLE: TRATAMIENTO TORNILLOS ENRIQUE, ESTE DINERO LO DEBE PAGAR ENRIQUE
B40: 43308 | D40: -7000 | E40: =E39+C40+D40 -> 1362650 | I40: COMPRA PLASMA HYPERTERM 45 ($1.810.000 EQUIPO + $30.000 ENVIO) | M40: 43221 | N40: 32200 | O40: 2 | P40: =N40/O40 -> 16100 | Q40: 1 | R40: =P40*Q40 -> 16100
B41: 43308 | E41: =E40+C41+D41 -> 1362650 | H41: 200000 | I41: TRABAJO JULIAN MOLINA 23/06/2018 | M41: 43252 | N41: 31500 | O41: 2 | P41: =N41/O41 -> 15750 | Q41: 1 | R41: =P41*Q41 -> 15750
B42: 43311 | E42: =E41+C42+D42 -> 1362650 | H42: -222700 | I42: MI PLANILLA E.G. AGOSTO | R42: =SUM(R20:R41) -> 681383.33
B43: 43311 | E43: =E42+C43+D43 -> 1362650 | H43: -191700 | I43: MI PLANILLA W.V. JULIO
E44: =E43+C44+D44 -> 1362650
E45: =E44+C45+D45 -> 1362650 | J45: 7700000 | K45: E.G.
E46: =E45+C46+D46 -> 1362650 | J46: -360000 | K46: DANIEL CONSIGNACION
E47: =E46+C47+D47 -> 1362650 | F47: =SUM(F4:F46) -> 1889300 | H47: =SUM(H4:H46) -> 4674203 | J47: -1700000 | K47: E.G.
E48: =E47+C48+D48 -> 1362650 | H48: =H47-F47 -> 2784903 | J48: -1440000 | K48: ELADIO | L48: 43287
E49: =E48+C49+D49 -> 1362650 | J49: -500000 | K49: OSCAR MARMOLEJO | L49: 43290
E50: =E49+C50+D50 -> 1362650 | H50: -500000 | I50: UTILIDADES E.G. | J50: -550000 | K50: GANANCIAS MAYO W
D51: -500000 | E51: =E50+C51+D51 -> 862650 | I51: UTILIDADES W.V. | J51: -971000 | K51: GANANCIAS JUNIO W
E52: =E51+C52+D52 -> 862650 | J52: -585000 | K52: GANANCIAS JULIO W
B53: PASA SALDO | E53: =E52+C53+D53 -> 862650 | H53: =H48+H50 -> 2284903
E54: =E53+C54+D54 -> 862650
E55: =E54+C55+D55 -> 862650
E56: =E55+C56+D56 -> 862650
E57: =E56+C57+D57 -> 862650
E58: =E57+C58+D58 -> 862650
E59: =E58+C59+D59 -> 862650
E60: =E59+C60+D60 -> 862650
E61: =E60+C61+D61 -> 862650
E62: =E61+C62+D62 -> 862650
E63: =E62+C63+D63 -> 862650
E64: =E63+C64+D64 -> 862650
E65: =E64+C65+D65 -> 862650
... E100: =E99+C100+D100 -> 862650
D101: -25650 | E101: =E100+C101+D101 -> 837000 | I101: MONEDA
E102: =E101+C102+D102 -> 837000
E103: =E102+C103+D103 -> 837000
E104: =E103+C104+D104 -> 837000
E105: =E104+C105+D105 -> 837000
E106: =E105+C106+D106 -> 837000
E107: =E106+C107+D107 -> 837000
E108: =E107+C108+D108 -> 837000
E109: =E108+C109+D109 -> 837000
E110: =E109+C110+D110 -> 837000
E111: =E110+C111+D111 -> 837000
E112: =E111+C112+D112 -> 837000
E113: =E112+C113+D113 -> 837000
... E161: =E160+C161+D161 -> 837000

Sheet 0818
B2: FECHA | C2: INGRESOS | D2: EGRESOS | E2: SALDO CAJA | F2: E.G. | G2: W.V. | H2: TRANSFERENCIAS | I2: DESCRIPCION
B4: MES ANTERIOR | E4: 862650 | F4: 0 | H4: 2284903
E5: =E4+C5+D5 -> 862650
B6: 43313 | D6: -90000 | E6: =E5+C6+D6 -> 772650 | I6: MOVISTAR FIJO | J6: 7700000 | K6: E.G.
B7: 43314 | C7: 500000 | E7: =E6+C7+D7 -> 1272650 | I7: ABONO LUIS VARGAS (950-500=450)+120 ULT CORTE =570 | J7: -360000 | K7: DANIEL CONSIGNACION
B8: 43680 | E8: =E7+C8+D8 -> 1272650 | F8: 12000 | I8: ACERTEMPLE TRATAMIENTO TERMICO
B9: 43318 | E9: =E8+C9+D9 -> 1272650 | F9: 92350 | I9: HERRATEC: MANDRIL PORTA BROCA
B10: 43320 | C10: 75000 | E10: =E9+C10+D10 -> 1347650 | I10: CORTE ALOCUBOND SERBIO | J10: -1700000 | K10: E.G.
B11: 43320 | E11: =E10+C11+D11 -> 1347650 | F11: 30000 | I11: LA ESTACION ELECTRICA: 3 TACOS 60A | J11: -1440000 | K11: ELADIO | L11: 43287
B12: 43320 | E12: =E11+C12+D12 -> 1347650 | F12: 22000 | I12: CONFECCIONES MC: 2 PARES DE GUANTES CARNASA | J12: -500000 | K12: OSCAR MARMOLEJO | L12: 43290
B13: 43320 | E13: =E12+C13+D13 -> 1347650 | F13: 7300 | I13: UNIVERSAL DE CAUCHOS: EMPAQUE RECTANGULAR | J13: -550000 | K13: GANANCIAS MAYO W
B14: 43320 | D14: -54000 | E14: =E13+C14+D14 -> 1293650 | F14: -54000 | I14: COMCEL ALBINA BORRERO | J14: -971000 | K14: GANANCIAS JUNIO W
B15: 43320 | D15: -74000 | E15: =E14+C15+D15 -> 1219650 | F15: -74000 | I15: COMCEL E.G. | J15: -585000 | K15: GANANCIAS JULIO W
B16: 43320 | D16: -98000 | E16: =E15+C16+D16 -> 1121650 | F16: -98000 | I16: TELMEX ALBINA BORRERO | J16: -500000 | K16: PAGO SIM OSCAR MARMOLEJO JULIO
B17: 43320 | D17: -2450 | E17: =E16+C17+D17 -> 1119200 | I17: D1: JABON AZUL ROPA
B18: 43321 | D18: -600 | E18: =E17+C18+D18 -> 1118600 | I18: IMPRESIÓN DECLARACION RENTA E.G.
B19: 43321 | C19: 3000000 | E19: =E18+C19+D19 -> 4118600 | I19: ABONO ENRIQUE ESPARRAGOS | J19: TELMEX
B20: 43325 | E20: =E19+C20+D20 -> 4118600 | H20: 500000 | I20: TRANSFERENCIA BANCOLOMBIA FERNANDO GUEVARA INTERESES PRESTAMO JULIO
B21: 43327 | D21: -51000 | E21: =E20+C21+D21 -> 4067600 | I21: ALMUERZO ESPERANZA LOPEZ
B22: 43328 | C22: 10000 | E22: =E21+C22+D22 -> 4077600 | I22: SERBIO DOBLADA Y MATERIAL ALOCUBOND
B23: 43328 | C23: 40000 | E23: =E22+C23+D23 -> 4117600 | I23: CLAUDIA GUERRERO ARREGLO CONTROLADORA VISORES R.C. 006
B24: 43334 | D24: -84900 | E24: =E23+C24+D24 -> 4032700 | I24: ACUEDUCTO
B25: 43339 | D25: -14500 | E25: =E24+C25+D25 -> 4018200 | I25: ONCES F.G
B26: 43339 | C26: 2500000 | E26: =E25+C26+D26 -> 6518200 | I26: ABONO ENRIQUE ESPARRAGOS
B27: 43340 | D27: -87000 | E27: =E26+C27+D27 -> 6431200 | I27: MOVISTAR FIJO
B28: 43340 | D28: -75500 | E28: =E27+C28+D28 -> 6355700 | I28: CODENSA
B29: 43340 | D29: -15900 | E29: =E28+C29+D29 -> 6339800 | I29: PAPEL HIGIENICO
B30: 43342 | E30: =E29+C30+D30 -> 6339800 | H30: -222700 | I30: MI PLANILLA E.G. SEPTIEMBRE TOTAL ($427.500)
B31: 43342 | E31: =E30+C31+D31 -> 6339800 | H31: -191700 | I31: MI PLANILLA W.V. AGOSTO
E32: =E31+C32+D32 -> 6339800
E33: =E32+C33+D33 -> 6339800
E34: =E33+C34+D34 -> 6339800
E35: =E34+C35+D35 -> 6339800
E36: =E35+C36+D36 -> 6339800 | F36: =SUM(F4:F35) -> -62350 | H36: =SUM(H4:H35) -> 2370503
E37: =E36+C37+D37 -> 6339800 | H37: =H36-F36 -> 2432853
B38: PASA SALDO | E38: =E37+C38+D38 -> 6339800 | H38: =H37 -> 2432853
E39: =E38+C39+D39 -> 6339800
E40: =E39+C40+D40 -> 6339800 | I40: COMPRA PLASMA HYPERTERM 45 ($1.810.000 EQUIPO + $30.000 ENVIO)
E41: =E40+C41+D41 -> 6339800
E42: =E41+C42+D42 -> 6339800
E43: =E42+C43+D43 -> 6339800
E44: =E43+C44+D44 -> 6339800
E45: =E44+C45+D45 -> 6339800
E46: =E45+C46+D46 -> 6339800
E47: =E46+C47+D47 -> 6339800
E48: =E47+C48+D48 -> 6339800
E49: =E48+C49+D49 -> 6339800
E50: =E49+C50+D50 -> 6339800
E51: =E50+C51+D51 -> 6339800
E52: =E51+C52+D52 -> 6339800
... E101: =E100+C101+D101 -> 6339800
D102: -22800 | E102: =E101+C102+D102 -> 6317000 | I102: MONEDA
E103: =E102+C103+D103 -> 6317000
E104: =E103+C104+D104 -> 6317000
E105: =E104+C105+D105 -> 6317000
E106: =E105+C106+D106 -> 6317000
E107: =E106+C107+D107 -> 6317000
E108: =E107+C108+D108 -> 6317000
E109: =E108+C109+D109 -> 6317000
E110: =E109+C110+D110 -> 6317000
E111: =E110+C111+D111 -> 6317000
E112: =E111+C112+D112 -> 6317000
E113: =E112+C113+D113 -> 6317000
E114: =E113+C114+D114 -> 6317000
... E162: =E161+C162+D162 -> 6317000

Sheet 0918
B2: FECHA | C2: INGRESOS | D2: EGRESOS | E2: SALDO CAJA | F2: E.G. | G2: W.V. | H2: TRANSFERENCIAS | I2: DESCRIPCION
B4: MES ANTERIOR | E4: 6339800 | F4: 0 | H4: 2432853
E5: =E4+C5+D5 -> 6339800
B6: 43347 | D6: -6000 | E6: =E5+C6+D6 -> 6333800 | I6: ONCES | J6: 7700000 | K6: E.G.
B7: 43347 | E7: =E6+C7+D7 -> 6333800 | F7: 843700 | I7: ACEFER: MATERIAL ENRIQUE | J7: -360000 | K7: DANIEL CONSIGNACION
B8: 43347 | E8: =E7+C8+D8 -> 6333800 | F8: 132000 | I8: ACERTEMPLE: 27,5Kg | J8: -1700000 | K8: E.G.
B9: 43349 | E9: =E8+C9+D9 -> 6333800 | F9: 606000 | I9: LJ CHEMICAL REFRIGERANTE | J9: -1440000 | K9: ELADIO | L9: 43287
B10: 43349 | E10: =E9+C10+D10 -> 6333800 | F10: 146400 | I10: HERRATEC INSERTOS | J10: -500000 | K10: OSCAR MARMOLEJO | L10: 43290
B11: 43349 | E11: =E10+C11+D11 -> 6333800 | F11: 35000 | I11: DISCO PULIDORA DIAMANTADO
B12: 43353 | E12: =E11+C12+D12 -> 6333800 | H12: 250000 | I12: SALDO JHONATAN METALASER | J12: -550000 | K12: GANANCIAS MAYO W
B13: 43354 | D13: -100000 | E13: =E12+C13+D13 -> 6233800 | F13: -100000 | I13: TELMEX ALBINA BORRERO | J13: -971000 | K13: GANANCIAS JUNIO W
B14: 43354 | D14: -71000 | E14: =E13+C14+D14 -> 6162800 | F14: -71000 | I14: COMCEL E.G. | J14: -585000 | K14: GANANCIAS JULIO W
B15: 43354 | D15: -53000 | E15: =E14+C15+D15 -> 6109800 | F15: -53000 | I15: COMCEL ALBINA BORRERO | J15: -500000 | K15: PAGO SIM OSCAR MARMOLEJO JULIO
B16: 43354 | D16: -4000 | E16: =E15+C16+D16 -> 6105800 | I16: LONAS | J16: -849000 | K16: GANANCIAS AGOSTO W
B17: 43354 | E17: =E16+C17+D17 -> 6105800 | F17: 65500 | I17: EASY 21/08/18 PILA TORNO, DW40
B18: 43355 | D18: -15300 | E18: =E17+C18+D18 -> 6090500 | I18: D1: ASEO
B19: 43355 | D19: -2500 | E19: =E18+C19+D19 -> 6088000 | I19: GANCHOS ROPA
B20: 43355 | D20: -5000 | E20: =E19+C20+D20 -> 6083000 | I20: RAYADOR COCINA
B21: 43360 | E21: =E20+C21+D21 -> 6083000 | F21: 128000 | I21: HERRATEC 2 MACHOS 12 Y 14MM
B22: 43360 | E22: =E21+C22+D22 -> 6083000 | F22: 25300 | I22: FERRETERIA JRC BROCA 12,5MM
B23: 43360 | E23: =E22+C23+D23 -> 6083000 | F23: 192500 | I23: ACEFER: MATERIAL 12,7 Y 25,4
B24: 43362 | C24: 10000 | E24: =E23+C24+D24 -> 6093000 | I24: VIRUTA CHATARRA
B25: 43362 | E25: =E24+C25+D25 -> 6093000 | F25: 119000 | I25: HERRATEC: INSERTO ROSCADO X2
B26: 43362 | E26: =E25+C26+D26 -> 6093000 | F26: 21500 | I26: HERRATEC: INSERTO
B27: 43362 | E27: =E26+C27+D27 -> 6093000 | F27: 17600 | I27: JRC: BROCA 10mm X 2
B28: 43362 | E28: =E27+C28+D28 -> 6093000 | F28: 52800 | I28: ACERTEMPLE: 11Kg
B29: 43364 | D29: -5600 | E29: =E28+C29+D29 -> 6087400 | I29: ONCES
B30: 43364 | D30: -116500 | E30: =E29+C30+D30 -> 5970900 | I30: CODENSA
B31: 43364 | D31: -91000 | E31: =E30+C31+D31 -> 5879900 | I31: MOVISTAR FIJO
B32: 43364 | C32: 400000 | E32: =E31+C32+D32 -> 6279900 | I32: ABONO MECANIZADO RODAMIENTOS GERMAN SEPULVEDA
B33: 43367 | D33: -3500 | E33: =E32+C33+D33 -> 6276400 | I33: PINTUCO: BROCHA 1Y1/2
B34: 43367 | D34: -18600 | E34: =E33+C34+D34 -> 6257800 | I34: ALMUERZO
B35: 43367 | E35: =E34+C35+D35 -> 6257800 | F35: 65000 | I35: HEGO: ORING'S
B36: 43368 | E36: =E35+C36+D36 -> 6257800 | H36: 475000 | I36: SALDO MECANIZADO RODAMIENTOS (250PC x $3.500 = $875.000) GERMAN SEPULVEDA
B37: 43368 | E37: =E36+C37+D37 -> 6257800 | H37: 3177500 | I37: ABONO ENRIQUE
B38: 43369 | E38: =E37+C38+D38 -> 6257800 | F38: 127500 | I38: ACEFER: RDO12,7 RDO34,92
B39: 43369 | D39: -220000 | E39: =E38+C39+D39 -> 6037800 | I39: EGRESO 007: DINERO TRAMITES CAMARA Y COMERCIO DANIEL PARDO
B40: 43371 | E40: =E39+C40+D40 -> 6037800 | F40: 1848000 | I40: COMPRA PLASMA HYPERTERM 45 ($1.810.000 EQUIPO + $30.000 ENVIO)
B41: 43374 | E41: =E40+C41+D41 -> 6037800 | H41: -222700 | I41: MI PLANILLA E.G. OCTUBRE TOTAL ($427.500)
B42: 43374 | E42: =E41+C42+D42 -> 6037800 | H42: -191700 | I42: MI PLANILLA W.V. SEPTIEMBRE
E43: =E42+C43+D43 -> 6037800
E44: =E43+C44+D44 -> 6037800
E45: =E44+C45+D45 -> 6037800 | F45: =SUM(F4:F44) -> 4201800 | H45: =SUM(H4:H44) -> 5920953
E46: =E45+C46+D46 -> 6037800 | H46: =H45-F45 -> 1719153
B47: PASA SALDO | E47: =E46+C47+D47 -> 6037800 | H47: =H46 -> 1719153
E48: =E47+C48+D48 -> 6037800
E49: =E48+C49+D49 -> 6037800
E50: =E49+C50+D50 -> 6037800
E51: =E50+C51+D51 -> 6037800
E52: =E51+C52+D52 -> 6037800
E53: =E52+C53+D53 -> 6037800
E54: =E53+C54+D54 -> 6037800
E55: =E54+C55+D55 -> 6037800
E56: =E55+C56+D56 -> 6037800
E57: =E56+C57+D57 -> 6037800
E58: =E57+C58+D58 -> 6037800
E59: =E58+C59+D59 -> 6037800
... E106: =E105+C106+D106 -> 6037800
D107: -24800 | E107: =E106+C107+D107 -> 6013000 | I107: MONEDA
E108: =E107+C108+D108 -> 6013000
E109: =E108+C109+D109 -> 6013000
E110: =E109+C110+D110 -> 6013000
E111: =E110+C111+D111 -> 6013000
E112: =E111+C112+D112 -> 6013000
E113: =E112+C113+D113 -> 6013000
E114: =E113+C114+D114 -> 6013000
E115: =E114+C115+D115 -> 6013000
E116: =E115+C116+D116 -> 6013000
E117: =E116+C117+D117 -> 6013000
E118: =E117+C118+D118 -> 6013000
E119: =E118+C119+D119 -> 6013000
... E167: =E166+C167+D167 -> 6013000

Sheet 1018
B2: FECHA | C2: INGRESOS | D2: EGRESOS | E2: SALDO CAJA | F2: E.G. | G2: W.V. | H2: TRANSFERENCIAS | I2: DESCRIPCION
B4: MES ANTERIOR | E4: 6037800 | F4: 0 | H4: 1719153
E5: =E4+C5+D5 -> 6037800
B6: 43375 | D6: -6000 | E6: =E5+C6+D6 -> 6031800 | I6: ONCES | J6: 7700000 | K6: E.G.
B7: 43375 | E7: =E6+C7+D7 -> 6031800 | F7: 215700 | I7: ACERTA: ACCESORIOS HYPERTERM PMX45
B8: 43378 | E8: =E7+C8+D8 -> 6031800 | F8: 45300 | I8: HERRATEC: INSERTOS | J8: -360000 | K8: DANIEL CONSIGNACION
B9: 43381 | D9: -5200 | E9: =E8+C9+D9 -> 6026600 | I9: PANAMERICANA: PILA CR2032 X 2 | J9: -1700000 | K9: E.G.
B10: 43381 | D10: -2500 | E10: =E9+C10+D10 -> 6024100 | I10: CLAVIJA TORNZADORA
B11: 43382 | E11: =E10+C11+D11 -> 6024100 | F11: 53350 | I11: HERRATEC: INSERTOS | J11: -1440000 | K11: ELADIO
B12: 43383 | E12: =E11+C12+D12 -> 6024100 | F12: 10500 | I12: CINTA LIJA PARA LIJADORA | J12: -500000 | K12: OSCAR MARMOLEJO | L12: 43287
B13: 43385 | D13: -53000 | E13: =E12+C13+D13 -> 5971100 | F13: -53000 | I13: COMCEL ALBINA BORRERO | J13: -550000 | K13: GANANCIAS MAYO W | L13: 43290
B14: 43385 | D14: -53000 | E14: =E13+C14+D14 -> 5918100 | F14: -53000 | I14: COMCEL E.G. | J14: -971000 | K14: GANANCIAS JUNIO W
B15: 43385 | D15: -98000 | E15: =E14+C15+D15 -> 5820100 | F15: -98000 | I15: TELMEX ALBINA BORRERO | J15: -585000 | K15: GANANCIAS JULIO W
B16: 43389 | E16: =E15+C16+D16 -> 5820100 | H16: 500000 | I16: LUIS VARGAS ABONO DE $570, DEBE $70.000
B17: 43389 | E17: =E16+C17+D17 -> 5820100 | F17: 108800 | I17: HERRATEC: INSERTOS
B18: 43389 | E18: =E17+C18+D18 -> 5820100 | F18: 232800 | I18: ACERTEMPLE: 48,5Kg PIEZAS ENRIQUE | J18: -500000 | K18: PAGO SIM OSCAR MARMOLEJO JULIO
B19: 43392 | D19: -5600 | E19: =E18+C19+D19 -> 5814500 | I19: ONCES | J19: -849000 | K19: GANANCIAS AGOSTO W
B20: 43392 | D20: -81600 | E20: =E19+C20+D20 -> 5732900 | I20: ACUEDUCTO | J20: -245000 | K20: A GANANCIAS SEPTIEMBRE W, TOTAL $790.000 COMPLETA E.G.
B21: 43392 | C21: 200000 | E21: =E20+C21+D21 -> 5932900 | I21: CORTE PLASMA SERBIO
B22: 43392 | E22: =E21+C22+D22 -> 5932900 | F22: 79200 | I22: ACERTEMPLE: 16,5Kg PIEZAS ENRIQUE
B23: 43392 | E23: =E22+C23+D23 -> 5932900 | F23: 74250 | I23: ZINTEPEC: ZINCADO 49,5Kg
B24: 43395 | E24: =E23+C24+D24 -> 5932900 | F24: 68100 | I24: ACEFER: PLATINAS PARA DISPOSITIVO JULIAN MOLINA
B25: 43395 | E25: =E24+C25+D25 -> 5932900 | F25: 202300 | I25: HERRATEC: BASE MAGNETICA MECANICA
B26: 43396 | D26: -6000 | E26: =E25+C26+D26 -> 5926900 | I26: ONCES
B27: 43396 | E27: =E26+C27+D27 -> 5926900 | H27: 600000 | I27: JORGE ROSERO TUQUERRES ($800 - $200 PC)
B28: 43396 | E28: =E27+C28+D28 -> 5926900 | F28: 27000 | I28: ZINTEPEC: ZINCADO 18Kg
B29: 43396 | E29: =E28+C29+D29 -> 5926900 | F29: 566500 | I29: HERRATEC: CALIBRADOR INTERIORES
B30: 43396 | F30: -566500 | I30: HERRATEC: PARA CUENTAS SE HACE LA DEVOLUCION DEL DINERO, YA QUE LAS COMPRAS SE SIGUEN GENERANDO CON FACTURA.
B31: 43397 | D31: -210550 | E31: =E29+C31+D31 -> 5716350 | I31: CODENSA
B32: 43397 | D32: -17400 | E32: =E31+C32+D32 -> 5698950 | I32: ENVIO CAMARAS FERNANDO GUEVARA
B33: 43397 | E33: =E32+C33+D33 -> 5698950 | H33: 250000 | I33: MECANIZADO MARCO VIDRIO NICOLAS ULLOA
B34: 43397 | E34: =E33+C34+D34 -> 5698950 | F34: 38400 | I34: JRC: BROCAS
B35: 43397 | E35: =E34+C35+D35 -> 5698950 | F35: 19800 | I35: HERRATEC: BROCAS
B36: 43398 | C36: 14000 | E36: =E35+C36+D36 -> 5712950 | I36: CHATARRA
B37: 43399 | E37: =E36+C37+D37 -> 5712950 | H37: 636250 | I37: MECANIZADO 50 TABLAS PUNTO DE PRODUCCION
B38: 43403 | D38: -5300 | E38: =E37+C38+D38 -> 5707650 | I38: ONCES
B39: 43403 | D39: -88000 | E39: =E38+C39+D39 -> 5619650 | I39: MOVISTAR FIJO
B40: 43404 | E40: =E39+C40+D40 -> 5619650 | H40: -191700 | I40: COMPRA PLASMA HYPERTERM 45 ($1.810.000 EQUIPO + $30.000 ENVIO)
B41: 43404 | F41: 60900 | I41: TORNILLOS Y PARTES: JUEGO DE BROCA Y BRISTOL
B42: 43404 | D42: 150000 | E42: =E40+C42+D42 -> 5769650 | I42: ABONO MECANIZADO JASON SALAZAR 10 PIEZAS A $25.000 C/U, SALDO $100.000
E43: =E42+C43+D43 -> 5769650
E44: =E43+C44+D44 -> 5769650
E45: =E44+C45+D45 -> 5769650 | F45: =SUM(F4:F44) -> 1032400 | H45: =SUM(H4:H44) -> 3513703
B46: PASA SALDO | E46: =E45+C46+D46 -> 5769650 | H46: =H45-F45 -> 2481303
E47: =E46+C47+D47 -> 5769650
E48: =E47+C48+D48 -> 5769650
E49: =E48+C49+D49 -> 5769650
E50: =E49+C50+D50 -> 5769650
E51: =E50+C51+D51 -> 5769650
E52: =E51+C52+D52 -> 5769650
E53: =E52+C53+D53 -> 5769650
E54: =E53+C54+D54 -> 5769650
E55: =E54+C55+D55 -> 5769650
E56: =E55+C56+D56 -> 5769650
E57: =E56+C57+D57 -> 5769650
E58: =E57+C58+D58 -> 5769650
... E115: =E114+C115+D115 -> 5769650
D116: -21650 | E116: =E115+C116+D116 -> 5748000 | I116: MONEDA
E117: =E116+C117+D117 -> 5748000
E118: =E117+C118+D118 -> 5748000
E119: =E118+C119+D119 -> 5748000
E120: =E119+C120+D120 -> 5748000
E121: =E120+C121+D121 -> 5748000
E122: =E121+C122+D122 -> 5748000
E123: =E122+C123+D123 -> 5748000
E124: =E123+C124+D124 -> 5748000
E125: =E124+C125+D125 -> 5748000
E126: =E125+C126+D126 -> 5748000
E127: =E126+C127+D127 -> 5748000
E128: =E127+C128+D128 -> 5748000
... E176: =E175+C176+D176 -> 5748000

Sheet 1118
B2: FECHA | C2: INGRESOS | D2: EGRESOS | E2: SALDO CAJA | F2: E.G. | G2: W.V. | H2: TRANSFERENCIAS | I2: DESCRIPCION
B4: MES ANTERIOR | E4: 5769650 | F4: 0 | H4: 2481303
E5: =E4+C5+D5 -> 5769650
B6: 43405 | D6: -7700 | E6: =E5+C6+D6 -> 5761950 | I6: ONCES JHON CALDERON
B7: 43405 | E7: =E6+C7+D7 -> 5761950 | F7: 17400 | I7: SEGUNDO ENVIO CAMARAS FERNANDO GUEVARA
B8: 43406 | D8: -5400 | E8: =E7+C8+D8 -> 5756550 | I8: ONCES
B9: 43411 | D9: -5600 | E9: =E8+C9+D9 -> 5750950 | I9: ONCES
B10: 43411 | D10: -53000 | E10: =E9+C10+D10 -> 5697950 | F10: -53000 | I10: COMCEL E.G.
B11: 43411 | D11: -53000 | E11: =E10+C11+D11 -> 5644950 | F11: -53000 | I11: COMCEL ALBINA BORRERO
B12: 43411 | D12: -102000 | E12: =E11+C12+D12 -> 5542950 | F12: -102000 | I12: TELMEX ALBINA BORRERO
B13: 43413 | D13: -5600 | E13: =E12+C13+D13 -> 5537350 | I13: ONCES
B14: 43417 | C14: 787500 | E14: =E13+C14+D14 -> 6324850 | I14: MECANIZADO RODAMIENTOS (225PC x $3.500 = $787.500) GERMAN SEPULVEDA
B15: 43418 | E15: =E14+C15+D15 -> 6324850 | F15: 6700 | I15: FERREMONTES: RODAMIENTO DE BOLAS
B16: 43418 | E16: =E15+C16+D16 -> 6324850 | F16: 52500 | I16: METALCORTE: MACHO HELICOIDAL 1/2 20H, ENRIQUE JEEP
B17: 43418 | E17: =E16+C17+D17 -> 6324850 | F17: 20200 | I17: FERRETERIA JRC: BROCA 11.5MM
B18: 43419 | C18: 174000 | E18: =E17+C18+D18 -> 6498850 | I18: SALDO MECANIZADO JASON SALAZAR 10 PIEZAS $100.000 + $50.000 X LETRAS + $24.000 MATERIAL
B19: 43419 | D19: -5000 | E19: =E18+C19+D19 -> 6493850 | I19: ONCES
B20: 43420 | D20: -1000 | E20: =E19+C20+D20 -> 6492850 | I20: TORNILLO 1/2 x 20HILOS
B21: 43420 | D21: -4000 | E21: =E20+C21+D21 -> 6488850 | I21: LONAS
B22: 43420 | C22: 550000 | E22: =E21+C22+D22 -> 7038850 | I22: MLT RACORES: $400.000 DISPOSITIVO, $2.000 CADA PIEZA x 80 = $160.000, DESCUENTO $10.000
B23: 43420 | E23: =E22+C23+D23 -> 7038850 | F23: 61800 | I23: JRC: BROCA 11.7 ESCUADRA 12"
B24: 43420 | E24: =E23+C24+D24 -> 7038850 | F24: 84000 | I24: JOJAC: MACHO 1/2 HELICOIDAL
B25: 43420 | E25: =E24+C25+D25 -> 7038850 | F25: 25000 | I25: HEDAMEC: JUEGO ESC MINI
B26: 43420 | E26: =E25+C26+D26 -> 7038850 | F26: 73800 | I26: HERRATEC: INSERTOS
B27: 43420 | E27: =E26+C27+D27 -> 7038850 | F27: 213400 | I27: ACEFER MATERIAL ENRIQUE
B28: 43423 | C28: 120000 | E28: =E27+C28+D28 -> 7158850 | I28: CALDERON: MARCADA ASCENSORES $220.000 x 55%= $121.000
B29: 43423 | E29: =E28+C29+D29 -> 7158850 | H29: 350000 | I29: LUIS VARGAS ALOCUBOND PAGA SALDO $310 + $40 A TRABAJO ACTUAL, SALDO DE $200.000
B30: 43424 | C30: 3000000 | E30: =E29+C30+D30 -> 10158850 | I30: ABONO ENRIQUE ESPARRAGOS
B31: 43425 | C31: 10000 | E31: =E30+C31+D31 -> 10168850 | I31: CLADERON: $10.000 ADICIONALES TRABAJO
B32: 43426 | D32: -88300 | E32: =E31+C32+D32 -> 10080550 | I32: ELECTRONICA CHINA: CAUTIN, SOLDAURA, TERMOENCOGIBLE
B33: 43427 | D33: -190000 | E33: =E32+C33+D33 -> 9890550 | I33: JASON Y DIEGO: CORTE POR HILO PAGADO A JOHN CALDERON
B34: 43427 | C34: 220000 | E34: =E33+C34+D34 -> 10110550 | I34: CALDERON: MECANIZADO POLICROMETAL 55% DE $400.000
B35: 43427 | C35: 150000 | E35: =E34+C35+D35 -> 10260550 | I35: JASON: ABONO PARA MECANIZADO DE 30 PIEZAS SOPORTE MOTOR MARCADAS, TOTAL $600.000, SALDO DE $450.000
B36: 43427 | C36: 790000 | E36: =E35+C36+D36 -> 11050550 | I36: JASON Y DIEGO: MECANIZADO PLATINAS ROBOT $400 + CORTE HILO $190 + HUECOS PLATINAS $200
B37: 43430 | D37: -120650 | E37: =E36+C37+D37 -> 10929900 | I37: CODENSA
B38: 43430 | D38: -12500 | E38: =E37+C38+D38 -> 10917400 | I38: MISCELANEA: 3 SHARPIE, CARTON CARTULINA
B39: 43431 | D39: -140000 | E39: =E38+C39+D39 -> 10777400 | I39: JASON Y DIEGO: CORTE POR HILO PAGADO A JOHN CALDERON
B40: 43431 | C40: 200000 | E40: =E39+C40+D40 -> 10977400 | I40: COMPRA PLASMA HYPERTERM 45 ($1.810.000 EQUIPO + $30.000 ENVIO)
B41: 43432 | D41: -9600 | E41: =E40+C41+D41 -> 10967800 | I41: ONCES
B42: 43432 | D42: -7000 | E42: =E41+C42+D42 -> 10960800 | I42: FERRETERIA: CINTA AISLANTE, TEE ELECTRICA NARANJA x 3
B43: 43432 | C43: 260000 | E43: =E42+C43+D43 -> 11220800 | I43: JASON Y DIEGO: MECANIZADO EMPACK BASE ROBOT $60 + MECANIZADO HUECOS LATERALES SOPORTES CUCHILLAS $60 + CORTE HILO $140
B44: 43433 | E44: =E43+C44+D44 -> 11220800 | F44: 328916 | I44: HERRATEC: CALIBRADOR 300mm, INSERTOS JOHN CALDERON
B45: 43433 | E45: =E44+C45+D45 -> 11220800 | F45: 11329 | I45: JRC: LIMA MUSA JOHN CALDERON
B46: 43433 | C46: 100000 | E46: =E45+C46+D46 -> 11320800 | I46: CALDERON: ABONO COMPRAS, DEBE $240.245
B47: 43434 | C47: 41000 | E47: =E46+C47+D47 -> 11361800 | I47: CALDERON: MECANIZADO ASCENSORES 55% DE $75.000
B48: 43437 | E48: =E47+C48+D48 -> 11361800 | H48: -222700 | I48: MI PLANILLA E.G. NOVIEMBRE TOTAL ($427.500)
B49: 43437 | E49: =E48+C49+D49 -> 11361800 | H49: -191700 | I49: MI PLANILLA W.V. NOVIEMBRE
E50: =E49+C50+D50 -> 11361800
E51: =E50+C51+D51 -> 11361800 | F51: =SUM(F4:F50) -> 687045 | H51: =SUM(H4:H50) -> 2416903
E52: =E51+C52+D52 -> 11361800 | H52: =H51-F51 -> 1729858
E53: =E52+C53+D53 -> 11361800
E54: =E53+C54+D54 -> 11361800 | H54: -2000000 | I54: UTILIDADES E.G.
D55: -2000000 | E55: =E54+C55+D55 -> 9361800 | I55: UTILIDADES W.V.
E56: =E55+C56+D56 -> 9361800
B57: PASA SALDO | E57: =E56+C57+D57 -> 9361800 | H57: =H52+H54 -> -270142
E58: =E57+C58+D58 -> 9361800
E59: =E58+C59+D59 -> 9361800
E60: =E59+C60+D60 -> 9361800
E61: =E60+C61+D61 -> 9361800
E62: =E61+C62+D62 -> 9361800
E63: =E62+C63+D63 -> 9361800
E64: =E63+C64+D64 -> 9361800
E65: =E64+C65+D65 -> 9361800
E66: =E65+C66+D66 -> 9361800
E67: =E66+C67+D67 -> 9361800
E68: =E67+C68+D68 -> 9361800
E69: =E68+C69+D69 -> 9361800
... E119: =E118+C119+D119 -> 9361800
D120: -22800 | E120: =E119+C120+D120 -> 9339000 | I120: MONEDA
E121: =E120+C121+D121 -> 9339000
E122: =E121+C122+D122 -> 9339000
E123: =E122+C123+D123 -> 9339000
E124: =E123+C124+D124 -> 9339000
E125: =E124+C125+D125 -> 9339000
E126: =E125+C126+D126 -> 9339000
E127: =E126+C127+D127 -> 9339000
E128: =E127+C128+D128 -> 9339000
E129: =E128+C129+D129 -> 9339000
E130: =E129+C130+D130 -> 9339000
E131: =E130+C131+D131 -> 9339000
E132: =E131+C132+D132 -> 9339000
... E174: =E173+C174+D174 -> 9339000
E175: =E174+C175+D175 -> 9339000 | I175: W
E176: =E175+C176+D176 -> 9339000
D177: -8000000 | E177: =E176+C177+D177 -> 1339000 | I177: BODEGA
E178: =E177+C178+D178 -> 1339000
E179: =E178+C179+D179 -> 1339000
E180: =E179+C180+D180 -> 1339000

Sheet 1218
B2: FECHA | C2: INGRESOS | D2: EGRESOS | E2: SALDO CAJA | F2: E.G. | G2: W.V. | H2: TRANSFERENCIAS | I2: DESCRIPCION
B4: MES ANTERIOR | E4: 9361800 | F4: 0 | H4: -270142
E5: =E4+C5+D5 -> 9361800
B6: 43437 | D6: -4700 | E6: =E5+C6+D6 -> 9357100 | I6: ONCES
B7: 43437 | D7: -89000 | E7: =E6+C7+D7 -> 9268100 | I7: MOVISTAR FIJO
B8: 43438 | D8: -7400 | E8: =E7+C8+D8 -> 9260700 | I8: ONCES
B9: 43439 | D9: -6000 | E9: =E8+C9+D9 -> 9254700 | I9: ONCES
B10: 43439 | D10: -240000 | E10: =E9+C10+D10 -> 9014700 | F10: -240000 | I10: EGRESO 010 PAGO SIM OSCAR MARMOLEJO AL 30/11/18
B11: 43439 | C11: 130000 | E11: =E10+C11+D11 -> 9144700 | I11: O.S. 001 ARREGLO PLANTAS OSCRA MARMOLEJO
B12: 43439 | C12: 120000 | E12: =E11+C12+D12 -> 9264700 | I12: CALDERON: MARCADA ASCENSORES $220.000 x 55%= $121.000
B13: 43440 | E13: =E12+C13+D13 -> 9264700 | F13: 31450 | I13: HERRATEC: 2 MACHUELOS 3mmx0,5
B14: 43441 | D14: -53000 | E14: =E13+C14+D14 -> 9211700 | F14: -53000 | I14: COMCEL E.G.
B15: 43441 | D15: -53000 | E15: =E14+C15+D15 -> 9158700 | F15: -53000 | I15: COMCEL ALBINA BORRERO
B16: 43441 | D16: -103000 | E16: =E15+C16+D16 -> 9055700 | F16: -103000 | I16: TELMEX ALBINA BORRERO
B17: 43441 | D17: -112200 | E17: =E16+C17+D17 -> 8943500 | I17: ALMUERZO
B18: 43441 | D18: -33000 | E18: =E17+C18+D18 -> 8910500 | I18: RECARGA EXTINTORES 10 + 23
B19: 43446 | D19: -4700 | E19: =E18+C19+D19 -> 8905800 | I19: ONCES
B20: 43446 | C20: 6000 | E20: =E19+C20+D20 -> 8911800 | I20: CHATARRA
B21: 43447 | C21: 72000 | E21: =E20+C21+D21 -> 8983800 | I21: CALDERON: ADICIONAL MARCADA ASCENSORES $350 X 55% - $120(05/12/2018) = $72
B22: 43447 | C22: 4000000 | E22: =E21+C22+D22 -> 12983800 | I22: JAIRO CHAPARRO: FRESADORA
B23: 43447 | C23: 4000000 | E23: =E22+C23+D23 -> 16983800 | I23: ABONO ENRIQUE 4X4
B24: 43447 | D24: -60000 | E24: =E23+C24+D24 -> 16923800 | I24: 2 FUENTES PODER PC
B25: 43448 | D25: -6800 | E25: =E24+C25+D25 -> 16917000 | I25: ONCES
B26: 43449 | E26: =E25+C26+D26 -> 16917000 | F26: 24000 | I26: ACERTEMPLE TRATAMIENTO TERMICO
B27: 43451 | D27: -15500 | E27: =E26+C27+D27 -> 16901500 | I27: PAPEL HIGIENICO X 15
B28: 43451 | D28: -5000 | E28: =E27+C28+D28 -> 16896500 | I28: ONCES
B29: 43452 | D29: -5000 | E29: =E28+C29+D29 -> 16891500 | I29: ONCES
B30: 43452 | D30: -5000 | E30: =E29+C30+D30 -> 16886500 | I30: T ELECTRICA x3
B31: 43452 | D31: -88000 | E31: =E30+C31+D31 -> 16798500 | I31: MOVISTAR FIJO
B32: 43452 | E32: =E31+C32+D32 -> 16798500 | F32: 50000 | I32: ALUMINIO JASON
B33: 43452 | E33: =E32+C33+D33 -> 16798500 | F33: 35000 | I33: GUANTES NITRILO
B34: 43452 | D34: -12000 | E34: =E33+C34+D34 -> 16786500 | I34: ALMUERZO X2
B35: 43453 | E35: =E34+C35+D35 -> 16786500 | F35: 7500 | I35: ZINTEPEC 5KG
B36: 43454 | D36: -83850 | E36: =E35+C36+D36 -> 16702650 | I36: ACUEDUCTO
B37: 43454 | D37: -153450 | E37: =E36+C37+D37 -> 16549200 | I37: CODENSA
B38: 43454 | D38: -900 | E38: =E37+C38+D38 -> 16548300 | I38: LIMONES
B39: 43454 | D39: -2800 | E39: =E38+C39+D39 -> 16545500 | I39: BRETAÑA
E40: =E39+C40+D40 -> 16545500 | I40: COMPRA PLASMA HYPERTERM 45 ($1.810.000 EQUIPO + $30.000 ENVIO)
E41: =E40+C41+D41 -> 16545500 | F41: =SUM(F4:F40) -> -301050 | H41: =SUM(H4:H40) -> -270142
E42: =E41+C42+D42 -> 16545500 | H42: =F41-H41 -> -30908
E43: =E42+C43+D43 -> 16545500
E44: =E43+C44+D44 -> 16545500 | I44: UTILIDADES W.V.
E45: =E44+C45+D45 -> 16545500 | I45: UTILIDADES E.G.
E46: =E45+C46+D46 -> 16545500
B47: PASA SALDO | E47: =E46+C47+D47 -> 16545500 | H47: =H42+H45 -> -30908
E48: =E47+C48+D48 -> 16545500
E49: =E48+C49+D49 -> 16545500
E50: =E49+C50+D50 -> 16545500
E51: =E50+C51+D51 -> 16545500
E52: =E51+C52+D52 -> 16545500
E53: =E52+C53+D53 -> 16545500
E54: =E53+C54+D54 -> 16545500
E55: =E54+C55+D55 -> 16545500
E56: =E55+C56+D56 -> 16545500
E57: =E56+C57+D57 -> 16545500
E58: =E57+C58+D58 -> 16545500
E59: =E58+C59+D59 -> 16545500
... E116: =E115+C116+D116 -> 16545500
D117: -27500 | E117: =E116+C117+D117 -> 16518000 | I117: MONEDA
E118: =E117+C118+D118 -> 16518000
E119: =E118+C119+D119 -> 16518000
E120: =E119+C120+D120 -> 16518000
E121: =E120+C121+D121 -> 16518000
E122: =E121+C122+D122 -> 16518000
E123: =E122+C123+D123 -> 16518000
E124: =E123+C124+D124 -> 16518000
E125: =E124+C125+D125 -> 16518000
E126: =E125+C126+D126 -> 16518000
E127: =E126+C127+D127 -> 16518000
E128: =E127+C128+D128 -> 16518000
E129: =E128+C129+D129 -> 16518000
... E173: =E172+C173+D173 -> 16518000
D174: -15000000 | E174: =E173+C174+D174 -> 1518000 | I174: BODEGA
E175: =E174+C175+D175 -> 1518000
E176: =E175+C176+D176 -> 1518000
E177: =E176+C177+D177 -> 1518000

Sheet 0119
B2: FECHA | C2: INGRESOS | D2: EGRESOS | E2: SALDO CAJA | F2: E.G. | G2: W.V. | H2: TRANSFERENCIAS | I2: DESCRIPCION
B4: MES ANTERIOR | E4: 16545500 | F4: 0 | H4: -30908
E5: =E4+C5+D5 -> 16545500
B6: 43467 | C6: 560000 | E6: =E5+C6+D6 -> 17105500 | I6: SALDO 22 PIEZAS JASON $30 C/U
B7: 43467 | E7: =E6+C7+D7 -> 17105500 | H7: -222700 | I7: MI PLANILLA E.G. DICIEMBRE TOTAL ($427.500)
B8: 43467 | E8: =E7+C8+D8 -> 17105500 | H8: -191700 | I8: MI PLANILLA W.V. DICIEMBRE
B9: 43473 | D9: -53000 | E9: =E8+C9+D9 -> 17052500 | F9: -53000 | I9: COMCEL ALBINA BORRERO
B10: 43473 | D10: -53000 | E10: =E9+C10+D10 -> 16999500 | F10: -53000 | I10: COMCEL E.G.
B11: 43473 | D11: -104000 | E11: =E10+C11+D11 -> 16895500 | F11: -104000 | I11: TELMEX ALBINA BORRERO
B12: 43473 | D12: -2000000 | E12: =E11+C12+D12 -> 14895500 | I12: UTILIDADES E.G. 12/18, TRANSFERIDOS A BANCOLOMBIA PARA PAGAR TARJETA ÉXITO
B13: 43473 | D13: -2000000 | E13: =E12+C13+D13 -> 12895500 | I13: UTILIDADES W.V. 12/18
B14: 43475 | D14: -121000 | E14: =E13+C14+D14 -> 12774500 | I14: WILMER OVEROL $35 + BOTAS $86
B15: 43479 | D15: -6600 | E15: =E14+C15+D15 -> 12767900 | I15: ONCES
B16: 43479 | D16: -12000 | E16: =E15+C16+D16 -> 12755900 | I16: ALMUERZO
B17: 43479 | D17: -240000 | E17: =E16+C17+D17 -> 12515900 | F17: -240000 | I17: PAGO SIM O.M. AL DIA 31/12/2018 - EGRESO 001
B18: 43480 | D18: -130000 | E18: =E17+C18+D18 -> 12385900 | F18: -130000 | I18: ENVIO COMPRESOR MEDELLIN
B19: 43480 | E19: =E18+C19+D19 -> 12385900 | F19: 600000 | I19: DVR Y CAMARA DAHUA, CENTRO
B20: 43481 | C20: 1160000 | E20: =E19+C20+D20 -> 13545900 | I20: TRABAJOS JOHN CALDERON -JULIAN MOLINA
B21: 43481 | D21: -50000 | E21: =E20+C21+D21 -> 13495900 | I21: CONSIGNACION JUAN PABLO MARTINEZ INTICO - FUENTE
B22: 43481 | C22: 72600 | E22: =E21+C22+D22 -> 13568500 | I22: JOHN CALDERON 11 GRABADOS ASCENSORES
B23: 43481 | D23: -9100 | E23: =E22+C23+D23 -> 13559400 | I23: ONCES
B24: 43481 | D24: -1800 | E24: =E23+C24+D24 -> 13557600 | I24: 3 CAJAS LIGAS ELASTICAS
B25: 43481 | E25: =E24+C25+D25 -> 13557600 | F25: 98800 | I25: ACERTEMPLE TRATAMIENTO TERMICO
B26: 43482 | D26: -4200 | E26: =E25+C26+D26 -> 13553400 | I26: ONCES
B27: 43482 | C27: 100000 | E27: =E26+C27+D27 -> 13653400 | I27: SALDO CESAR PLASMA
B28: 43482 | D28: -12400 | E28: =E27+C28+D28 -> 13641000 | I28: D1 ASEO
B29: 43482 | D29: -6600 | E29: =E28+C29+D29 -> 13634400 | I29: MERCAFULL ASEO
B30: 43482 | C30: 302500 | E30: =E29+C30+D30 -> 13936900 | I30: CALDERON: 55% DE $550.000 POLICROMETAL
B31: 43482 | C31: 11000 | E31: =E30+C31+D31 -> 13947900 | I31: CALDERON: 55% DE $20.000 ASCENSORES 1 GRABADO
B32: 43483 | D32: -7900 | E32: =E31+C32+D32 -> 13940000 | I32: ONCES
B33: 43486 | E33: =E32+C33+D33 -> 13940000 | F33: 28500 | I33: ZINTEPEC
B34: 43122 | E34: =E33+C34+D34 -> 13940000 | H34: 5588400 | I34: SALDO ENRIQUE 4X4
B35: 43487 | E35: =E34+C35+D35 -> 13940000 | F35: 210000 | I35: DISCO DURO 2T PURPURA PARA DVR
B36: 43123 | E36: =E35+C36+D36 -> 13940000 | F36: 2213500 | I36: MATERIAL ENRIQUE 4X4
B37: 43124 | C37: 82300 | E37: =E36+C37+D37 -> 14022300 | I37: CALDERON: MECANIZADO $150.000 * 55% = $82.500
B38: 43124 | D38: -5600 | E38: =E37+C38+D38 -> 14016700 | I38: ONCES
B39: 43493 | D39: -77450 | E39: =E38+C39+D39 -> 13939250 | I39: CODENSA
B40: 43493 | D40: -90000 | E40: =E39+C40+D40 -> 13849250 | I40: MOVISTAR FIJO
B41: 43494 | C41: 100000 | E41: =E40+C41+D41 -> 13949250 | I41: JOHN CALDERON MOTOR, PARA PAGAR A FERNANDO GUEVARA $150.000
B42: 43495 | C42: 50000 | E42: =E41+C42+D42 -> 13999250 | I42: JOHN CALDERON MOTOR, PARA PAGAR A FERNANDO GUEVARA $150.000
B43: 43495 | D43: -15000 | E43: =E42+C43+D43 -> 13984250 | F43: -15000 | I43: ESPERANZA LOPEZ ALMUERZO
B44: 43495 | E44: =E43+C44+D44 -> 13984250 | H44: -236100 | I44: MI PLANILLA E.G. ENERO TOTAL ($427.500)
B45: 43495 | E45: =E44+C45+D45 -> 13984250 | H45: -204700 | I45: MI PLANILLA W.V. ENERO
B46: 43495 | E46: =E45+C46+D46 -> 13984250 | F46: 4358 | I46: UNIVERSAL DE CAUCHOS: EMPAQUE RECTANGULAR
B47: 43495 | E47: =E46+C47+D47 -> 13984250 | F47: 72600 | I47: HERRATEC: INSERTOS
B48: 43496 | C48: 63000 | E48: =E47+C48+D48 -> 14047250 | I48: JOHN CALDERON MARCADA ASCENSORES
B49: 43496 | D49: -6300 | E49: =E48+C49+D49 -> 14040950 | I49: ONCES
B50: 43496 | D50: -135000 | E50: =E49+C50+D50 -> 13905950 | F50: -135000 | I50: GANANCIAS W PLATAFORMA AL 31/01/2019
E51: =E50+C51+D51 -> 13905950
E52: =E51+C52+D52 -> 13905950
E53: =E52+C53+D53 -> 13905950 | F53: =SUM(F4:F52) -> 2497758 | H53: =SUM(H4:H49) -> 4702292
E54: =E53+C54+D54 -> 13905950 | H54: =H53-F53 -> 2204534
E55: =E54+C55+D55 -> 13905950 | H55: -1400000 | I55: UTILIDADES E.G.
D56: -1400000 | E56: =E55+C56+D56 -> 12505950 | I56: UTILIDADES W.V.
E57: =E56+C57+D57 -> 12505950
B58: PASA SALDO | E58: =E57+C58+D58 -> 12505950 | H58: =H54+H55 -> 804534
E59: =E58+C59+D59 -> 12505950
E60: =E59+C60+D60 -> 12505950
E61: =E60+C61+D61 -> 12505950
E62: =E61+C62+D62 -> 12505950
E63: =E62+C63+D63 -> 12505950
E64: =E63+C64+D64 -> 12505950
E65: =E64+C65+D65 -> 12505950
E66: =E65+C66+D66 -> 12505950
E67: =E66+C67+D67 -> 12505950
E68: =E67+C68+D68 -> 12505950
E69: =E68+C69+D69 -> 12505950
E70: =E69+C70+D70 -> 12505950
... E125: =E124+C125+D125 -> 12505950
D126: -33950 | E126: =E125+C126+D126 -> 12472000 | I126: MONEDA
E127: =E126+C127+D127 -> 12472000
E128: =E127+C128+D128 -> 12472000
E129: =E128+C129+D129 -> 12472000
E130: =E129+C130+D130 -> 12472000
E131: =E130+C131+D131 -> 12472000
E132: =E131+C132+D132 -> 12472000
E133: =E132+C133+D133 -> 12472000
E134: =E133+C134+D134 -> 12472000
E135: =E134+C135+D135 -> 12472000
E136: =E135+C136+D136 -> 12472000
E137: =E136+C137+D137 -> 12472000
E138: =E137+C138+D138 -> 12472000
... E182: =E181+C182+D182 -> 12472000
D183: -12000000 | E183: =E182+C183+D183 -> 472000 | I183: BODEGA
E184: =E183+C184+D184 -> 472000
E185: =E184+C185+D185 -> 472000
E186: =E185+C186+D186 -> 472000

Sheet 0219
B2: FECHA | C2: INGRESOS | D2: EGRESOS | E2: SALDO CAJA | F2: E.G. | G2: W.V. | H2: TRANSFERENCIAS | I2: DESCRIPCION
B4: MES ANTERIOR | E4: 12505950 | F4: 0 | H4: 804534
E5: =E4+C5+D5 -> 12505950
B6: 43497 | E6: =E5+C6+D6 -> 12505950 | F6: 76700 | I6: IMPOFER: SIERRA COPA GRANO/CARB
B7: 43498 | E7: =E6+C7+D7 -> 12505950 | F7: 49900 | I7: HOMECENTER: DISCO MULTICORTE
B8: 43500 | D8: -5000 | E8: =E7+C8+D8 -> 12500950 | I8: ONCES
B9: 43501 | E9: =E8+C9+D9 -> 12500950 | F9: 35000 | I9: RECARGA TONER IMPRESORA SAMSUNG
B10: 43502 | D10: -53000 | E10: =E9+C10+D10 -> 12447950 | F10: -53000 | I10: COMCEL ALBINA BORRERO
B11: 43502 | D11: -55000 | E11: =E10+C11+D11 -> 12392950 | F11: -55000 | I11: COMCEL E.G.
B12: 43502 | D12: -102000 | E12: =E11+C12+D12 -> 12290950 | F12: -102000 | I12: TELMEX ALBINA BORRERO
B13: 43503 | D13: -25000 | E13: =E12+C13+D13 -> 12265950 | I13: ENVIO DVR Y CAMARAS A FERNANDO GUEVARA
B14: 43504 | D14: -5200 | E14: =E13+C14+D14 -> 12260750 | I14: ONCES
B15: 43504 | C15: 137500 | E15: =E14+C15+D15 -> 12398250 | I15: CALDERON MECANIZADO POLICROMETAL.
B16: 43504 | D16: -120000 | E16: =E15+C16+D16 -> 12278250 | I16: RESONARGH ANILLOS ESPARRAGOS X1000
B17: 43508 | C17: 49500 | E17: =E16+C17+D17 -> 12327750 | I17: CALDERON MECANIZADO ASCENSORES
B18: 43509 | D18: -800 | E18: =E17+C18+D18 -> 12326950 | I18: TORNILLO M1 x 1,5 PRUEBAS ENRIQUE 4X4
B19: 43509 | E19: =E18+C19+D19 -> 12326950 | H19: 150000 | I19: BANCOLOMBIA MTO. ROUTER MARY JOYERIA.
B20: 43510 | D20: -5700 | E20: =E19+C20+D20 -> 12321250 | I20: ONCES
B21: 43511 | E21: =E20+C21+D21 -> 12321250 | F21: 2650 | I21: TORNILLOS Y PARTES PLAZA
B22: 43514 | C22: 26400 | E22: =E21+C22+D22 -> 12347650 | I22: CALDERON ASCENSORES 55% $48.000
B23: 43515 | C23: 200000 | E23: =E22+C23+D23 -> 12547650 | I23: CALDERON ABONO PLACA GRANDE
B24: 43515 | E24: =E23+C24+D24 -> 12547650 | F24: 140000 | I24: ACERTEMPLE TRATAMIENTO TERMICO
B25: 43516 | D25: -154100 | E25: =E24+C25+D25 -> 12393550 | I25: CODENSA
B26: 43516 | D26: -83700 | E26: =E25+C26+D26 -> 12309850 | I26: ACUEDUCTO
B27: 43516 | C27: 5000000 | E27: =E26+C27+D27 -> 17309850 | I27: ABONO ENRIQUE 4X4
B28: 43517 | E28: =E27+C28+D28 -> 17309850 | F28: 9550 | I28: SUMINISTROS HIDRAULICOS: ACOPLE RACOR F116 3/8
B29: 43517 | E29: =E28+C29+D29 -> 17309850 | F29: 52500 | I29: SUMINISTROS HIDRAULICOS: MANGUERA PLASTICA 41CM CON ACOPLES
B30: 43517 | E30: =E29+C30+D30 -> 17309850 | F30: 292500 | I30: ACEFER: MATERIAL TORNILLOS ENRIQUE
B31: 43517 | E31: =E30+C31+D31 -> 17309850 | F31: 64150 | I31: AXXECOL: MATERIAL ALUMINIO
B32: 43517 | E32: =E31+C32+D32 -> 17309850 | F32: 429950 | I32: HERRATEC: BOQUILLAS Y PARALELAS
B33: 43518 | E33: =E32+C33+D33 -> 17309850 | F33: 34800 | I33: ZINTEPEC: 29KG
B34: 43518 | E34: =E33+C34+D34 -> 17309850 | F34: 240000 | I34: ACERTEMPLE TRATAMIENTO TERMICO
B35: 43521 | C35: 50000 | E35: =E34+C35+D35 -> 17359850 | I35: CALDERON: AFILADO ESCAREADORES.
B36: 43521 | D36: -72000 | E36: =E35+C36+D36 -> 17287850 | F36: -72000 | I36: ALUMINIO I&M 2 PEDAZOS 90x90x50
B37: 43521 | D37: -71400 | E37: =E36+C37+D37 -> 17216450 | I37: HERRATEC INSERTOS
B38: 43521 | D38: -4000 | E38: =E37+C38+D38 -> 17212450 | I38: PASAJES
B39: 43523 | E39: =E38+C39+D39 -> 17212450 | H39: -236100 | I39: MI PLANILLA E.G. FEBRERO TOTAL ($427.500)
B40: 43523 | E40: =E39+C40+D40 -> 17212450 | H40: -236100 | I40: MI PLANILLA W.V. FEBRERO
B41: 43523 | E41: =E40+C41+D41 -> 17212450 | F41: 58000 | I41: ZINTEPEC: 49KG * $1.200
B42: 43523 | E42: =E41+C42+D42 -> 17212450 | F42: 125000 | I42: ACERTEMPLE TRATAMIENTO TERMICO
B43: 43524 | E43: =E42+C43+D43 -> 17212450 | F43: 40000 | I43: ACERTEMPLE TRATAMIENTO TERMICO
B44: 43524 | E44: =E43+C44+D44 -> 17212450 | F44: 12300 | I44: HERRATEC: INSERTO TORNEADO
B45: 43524 | D45: -6800 | E45: =E44+C45+D45 -> 17205650 | I45: ONCES
B46: 43524 | C46: 4000000 | E46: =E45+C46+D46 -> 21205650 | I46: JAIRO CHAPARRO: FRESADORA PAGO TOTAL $8.000.000 CON 13/12/2018
B47: 43524 | C47: 900000 | E47: =E46+C47+D47 -> 22105650 | I47: JAIRO CHAPARRO: MECANIZADO PIEZAS, QUEDA DEBIENDO $150.000
B48: 43524 | D48: -66000 | E48: =E47+C48+D48 -> 22039650 | I48: JAIRO CHAPARRO: DURALALUMINIO RECTIFICAR PIEZAS.
B49: 43524 | D49: -88000 | E49: =E48+C49+D49 -> 21951650 | I49: MOVISTAR
B50: 43524 | D50: -100000 | E50: =E49+C50+D50 -> 21851650 | I50: JOHN CALDERON: CRUCE DE CUENTAS JAIRO CHAPARRO
B51: 43524 | D51: -450000 | E51: =E50+C51+D51 -> 21401650 | F51: -450000 | I51: GANANCIAS W PLATAFORMA AL 28/02/2019
E52: =E51+C52+D52 -> 21401650
E53: =E52+C53+D53 -> 21401650 | F53: =SUM(F4:F52) -> 931000 | H53: =SUM(H4:H52) -> 482334
E54: =E53+C54+D54 -> 21401650 | H54: =H53-F53 -> -448666
E55: =E54+C55+D55 -> 21401650
E56: =E55+C56+D56 -> 21401650 | H56: -400000 | I56: UTILIDADES E.G.
D57: -400000 | E57: =E56+C57+D57 -> 21001650 | I57: UTILIDADES W.V.
E58: =E57+C58+D58 -> 21001650
B59: PASA SALDO | E59: =E58+C59+D59 -> 21001650 | H59: =H54+H56 -> -848666
E60: =E59+C60+D60 -> 21001650
E61: =E60+C61+D61 -> 21001650
E62: =E61+C62+D62 -> 21001650
E63: =E62+C63+D63 -> 21001650
E64: =E63+C64+D64 -> 21001650
E65: =E64+C65+D65 -> 21001650
E66: =E65+C66+D66 -> 21001650
E67: =E66+C67+D67 -> 21001650
E68: =E67+C68+D68 -> 21001650
E69: =E68+C69+D69 -> 21001650
E70: =E69+C70+D70 -> 21001650
E71: =E70+C71+D71 -> 21001650
... E137: =E136+C137+D137 -> 21001650
D138: -31650 | E138: =E137+C138+D138 -> 20970000 | I138: MONEDA
E139: =E138+C139+D139 -> 20970000
E140: =E139+C140+D140 -> 20970000
E141: =E140+C141+D141 -> 20970000
E142: =E141+C142+D142 -> 20970000
E143: =E142+C143+D143 -> 20970000
E144: =E143+C144+D144 -> 20970000
E145: =E144+C145+D145 -> 20970000
E146: =E145+C146+D146 -> 20970000
E147: =E146+C147+D147 -> 20970000
E148: =E147+C148+D148 -> 20970000
E149: =E148+C149+D149 -> 20970000
E150: =E149+C150+D150 -> 20970000
... E194: =E193+C194+D194 -> 20970000
D195: -20000000 | E195: =E194+C195+D195 -> 970000 | I195: BODEGA
E196: =E195+C196+D196 -> 970000
E197: =E196+C197+D197 -> 970000
E198: =E197+C198+D198 -> 970000

Sheet 0319
B2: FECHA | C2: INGRESOS | D2: EGRESOS | E2: SALDO CAJA | F2: E.G. | G2: W.V. | H2: TRANSFERENCIAS | I2: DESCRIPCION
B4: MES ANTERIOR | E4: ='0219'!E59 -> 21001650 | F4: 0 | H4: -848666
E5: =E4+C5+D5 -> 21001650
B6: 43525 | D6: -10500 | E6: =E5+C6+D6 -> 20991150 | I6: ONCES
B7: 43525 | C7: 185000 | E7: =E6+C7+D7 -> 21176150 | I7: CALDERON: 27 MARCA ASCENSOR $12.500C/U = $337.500 * 55% = $185.625
B8: 43525 | E8: =E7+C8+D8 -> 21176150 | F8: 24600 | I8: HERRATEC: INSERTOS
B9: 43525 | E9: =E8+C9+D9 -> 21176150 | F9: 38400 | I9: ZINTEPEC: 32KG * $1.200
B10: 43528 | D10: -2000 | E10: =E9+C10+D10 -> 21174150 | I10: LONAS
B11: 43528 | C11: 55550 | E11: =E10+C11+D11 -> 21229700 | I11: CHATARRA $150 EL KILO VIRUTA, $1.000 VIRUTA ALUMINIO, $400 BARRA
B12: 43528 | E12: =E11+C12+D12 -> 21229700 | F12: 1166900 | I12: ACEFER: MATERIAL ENRIQUE 4X4
B13: 43528 | E13: =E12+C13+D13 -> 21229700 | I13: ABONO RUTEADORA AMARILLA $20.000.000
B14: 43529 | D14: -5600 | E14: =E13+C14+D14 -> 21224100 | I14: ONCES
B15: 43529 | E15: =E14+C15+D15 -> 21224100 | F15: 56800 | I15: HEGO: ORING NITRILO 213
B16: 43530 | E16: =E15+C16+D16 -> 21224100 | F16: 38650 | I16: DIMETALES: FLEJE PARA YOPAL
B17: 43530 | E17: =E16+C17+D17 -> 21224100 | F17: 59500 | I17: METALASER: CORTE LASER PARA YOPAL
B18: 43530 | E18: =E17+C18+D18 -> 21224100 | H18: 300000 | I18: POR DEFINIR
B19: 43531 | D19: -9300 | E19: =E18+C19+D19 -> 21214800 | I19: ONCES
B20: 43532 | D20: -58000 | E20: =E19+C20+D20 -> 21156800 | F20: -58000 | I20: COMCEL ALBINA BORRERO
B21: 43532 | D21: -56000 | E21: =E20+C21+D21 -> 21100800 | F21: -56000 | I21: COMCEL E.G.
B22: 43532 | D22: -101000 | E22: =E21+C22+D22 -> 20999800 | F22: -101000 | I22: TELMEX ALBINA BORRERO
B23: 43532 | D23: -80000 | E23: =E22+C23+D23 -> 20919800 | I23: ALMUERZO
B24: 43536 | E24: =E23+C24+D24 -> 20919800 | F24: 183700 | I24: MUNDIAL DE ALUMINIOS: PLATINAS
B25: 43536 | E25: =E24+C25+D25 -> 20919800 | F25: 64150 | I25: AXXECOL: MATERIAL ALUMINIO
B26: 43537 | C26: 167500 | E26: =E25+C26+D26 -> 21087300 | I26: CALDERON: PLACA GRANDE $700.000 * 52.5% (V20-ARIX 55%-50%)=$367.500 - $200.000(ABONADOS 19/02/2019)
B27: 43537 | C27: 175000 | E27: =E26+C27+D27 -> 21262300 | I27: CALDERON: MOLDE JULIAN $350.000 * 50%
B28: 43537 | E28: =E27+C28+D28 -> 21262300 | H28: 135000 | I28: POR DEFINIR
B29: 43539 | D29: -6700 | E29: =E28+C29+D29 -> 21255600 | I29: ONCES
B30: 43542 | D30: -4300 | E30: =E29+C30+D30 -> 21251300 | I30: ONCES
B31: 43543 | E31: =E30+C31+D31 -> 21251300 | F31: 43100 | I31: JRC: MACHO HELICOIDAL
B32: 43543 | E32: =E31+C32+D32 -> 21251300 | F32: 24000 | I32: FERREMONTES: RODAMIENTO BOLAS
B33: 43543 | E33: =E32+C33+D33 -> 21251300 | F33: 81000 | I33: HERRATEC: MACHUELO E INSERTO
B34: 43545 | E34: =E33+C34+D34 -> 21251300 | F34: 189000 | I34: LUGO HERMANOS: EJE RECTIFICADO
B35: 43545 | E35: =E34+C35+D35 -> 21251300 | F35: 155000 | I35: ACERTEMPLE: COPAS 15-18
B36: 43546 | D36: -281550 | E36: =E35+C36+D36 -> 20969750 | I36: CODENSA
B37: 43546 | D37: -1200 | E37: =E36+C37+D37 -> 20968550 | I37: BOLSAS BASURA
B38: 43546 | C38: 71900 | E38: =E37+C38+D38 -> 21040450 | I38: CALDERON: PLACAS ASCENSORES: $287.500 * 25%= $71.875
B39: 43550 | D39: -800000 | E39: =E38+C39+D39 -> 20240450 | F39: -800000 | I39: E.G. IMPUESTOS CARROS
B40: 43550 | E40: =E39+C40+D40 -> 20240450 | F40: 107100 | I40: DIME LTDA: CADENA PORTACABLE
B41: 43551 | E41: =E40+C41+D41 -> 20240450 | F41: 99900 | I41: LUGO HERMANOS: EJE RECTIFICADO
B42: 43553 | E42: =E41+C42+D42 -> 20240450 | F42: 46000 | I42: MAELECTRICOS: AMARRE PLASTICO BLANCO 21" x 100
E43: =E42+C43+D43 -> 20240450
E44: =E43+C44+D44 -> 20240450
E45: =E44+C45+D45 -> 20240450
E46: =E45+C46+D46 -> 20240450
E47: =E46+C47+D47 -> 20240450 | F47: =SUM(F4:F46) -> 1362800 | H47: =SUM(H4:H46) -> -413666
E48: =E47+C48+D48 -> 20240450 | H48: =H47-F47 -> -1776466
D49: -800000 | E49: =E48+C49+D49 -> 19440450 | I49: UTILIDADES W.V.
E50: =E49+C50+D50 -> 19440450 | H50: -800000 | I50: UTILIDADES E.G.
E51: =E50+C51+D51 -> 19440450
E52: =E51+C52+D52 -> 19440450
B53: PASA SALDO | E53: =E52+C53+D53 -> 19440450 | H53: =H48+H50 -> -2576466
E54: =E53+C54+D54 -> 19440450
E55: =E54+C55+D55 -> 19440450
E56: =E55+C56+D56 -> 19440450
E57: =E56+C57+D57 -> 19440450 | I57: ABONO RUTEADORA AMARILLA $20.000.000
D58: -28450 | E58: =E57+C58+D58 -> 19412000 | I58: MONEDA
E59: =E58+C59+D59 -> 19412000
E60: =E59+C60+D60 -> 19412000
E61: =E60+C61+D61 -> 19412000
E62: =E61+C62+D62 -> 19412000
E63: =E62+C63+D63 -> 19412000
E64: =E63+C64+D64 -> 19412000
E65: =E64+C65+D65 -> 19412000
E66: =E65+C66+D66 -> 19412000
E67: =E66+C67+D67 -> 19412000
E68: =E67+C68+D68 -> 19412000
E69: =E68+C69+D69 -> 19412000
E70: =E69+C70+D70 -> 19412000
... E114: =E113+C114+D114 -> 19412000
D115: -19000000 | E115: =E114+C115+D115 -> 412000 | I115: BODEGA
D116: -410000 | E116: =E115+C116+D116 -> 2000 | I116: W
E117: =E116+C117+D117 -> 2000
E118: =E117+C118+D118 -> 2000

Sheet 0419
B2: FECHA | C2: INGRESOS | D2: EGRESOS | E2: SALDO CAJA | F2: E.G. | G2: W.V. | H2: TRANSFERENCIAS | I2: DESCRIPCION
B4: MES ANTERIOR | E4: 19440450 | F4: 0 | H4: -2576466
E5: =E4+C5+D5 -> 19440450
B6: 43556 | E6: =E5+C6+D6 -> 19440450 | F6: 84900 | I6: PRINT ART: FILAMENTO PLA BLANCO PARA IMPRESORA 3D
B7: 43556 | E7: =E6+C7+D7 -> 19440450 | H7: -236100 | I7: MI PLANILLA E.G. MARZO TOTAL ($427.500)
B8: 43556 | E8: =E7+C8+D8 -> 19440450 | H8: -236100 | I8: MI PLANILLA W.V. MARZO
B9: 43557 | D9: -90000 | E9: =E8+C9+D9 -> 19350450 | I9: MOVISTAR FIJO
B10: 43558 | C10: 140000 | E10: =E9+C10+D10 -> 19490450 | I10: CALDERON: PLACA POLICROMETAL TOTAL $280.000 * 50% ARIX
B11: 43558 | E11: =E10+C11+D11 -> 19490450 | H11: 1091250 | I11: XOTFIX PAGARON $2.106.253 DE $2.185.000, RETUVIERON $78.747, SEGÚN LA CUENTA DE COBRO 001 FUERON $1.170.000 DE FABRICACION, MENOS LA RETENCION = $1.091.253
B12: 43558 | E12: =E11+C12+D12 -> 19490450 | F12: 5950 | I12: ARGEMIRO BARON: RODAMIENTO
B13: 43558 | E13: =E12+C13+D13 -> 19490450 | F13: 32200 | I13: FERREMONTES: RODAMIENTO DE BOLAS
B14: 43558 | E14: =E13+C14+D14 -> 19490450 | F14: 1411000 | I14: IMPUESTO PREDIAL INGLES
B15: 43558 | E15: =E14+C15+D15 -> 19490450 | F15: 1150000 | I15: IMPRESORA 3D
B16: 43558 | E16: =E15+C16+D16 -> 19490450 | F16: -2805000 | I16: DEVOLUCION DINERO ABONO FRESADORA VF20 ECUADOR
B17: 43560 | D17: -58000 | E17: =E16+C17+D17 -> 19432450 | F17: -58000 | I17: COMCEL ALBA
B18: 43560 | D18: -56000 | E18: =E17+C18+D18 -> 19376450 | F18: -56000 | I18: COMCEL E.G.
B19: 43560 | D19: -101000 | E19: =E18+C19+D19 -> 19275450 | I19: TELMEX ALBA
B20: 43560 | C20: 150000 | E20: =E19+C20+D20 -> 19425450 | I20: CALDERON: PLACA POLICROMETAL TOTAL $300.000 * 50% ARIX
B21: 43564 | E21: =E20+C21+D21 -> 19425450 | F21: 45600 | I21: HERRATEC: BOQUILLA PARA FRESADORA
B22: 43567 | C22: 75000 | E22: =E21+C22+D22 -> 19500450 | I22: CALDERON: PLACA ASCENSORES, 24PLACAS *$12.500 * 25%
B23: 43572 | C23: 15500 | E23: =E22+C23+D23 -> 19515950 | I23: CALDERON: ABONO DEUDA COMPRA, QUEDA AL DIA
B24: 43572 | D24: -5000 | E24: =E23+C24+D24 -> 19510950 | I24: ONCES
B25: 43577 | D25: -29800 | E25: =E24+C25+D25 -> 19481150 | I25: ACUEDUCTO
B26: 43577 | E26: =E25+C26+D26 -> 19481150 | F26: 18000 | I26: 30CM BARRA REDONDA BRONCE 5/8
B27: 43578 | D27: -12000 | E27: =E26+C27+D27 -> 19469150 | I27: ONCES
B28: 43579 | D28: -228450 | E28: =E27+C28+D28 -> 19240700 | I28: CODENSA
B29: 43579 | C29: 385000 | E29: =E28+C29+D29 -> 19625700 | I29: CALDERON: POLICROMETAL $700.000 * 55%
B30: 43580 | E30: =E29+C30+D30 -> 19625700 | F30: 16400 | I30: TORNILLO Y PARTES PLAZA: TORNILLOS BRISTOL
B31: 43581 | E31: =E30+C31+D31 -> 19625700 | F31: 140650 | I31: MUNDIAL DE ALUMINIOS
B32: 43581 | E32: =E31+C32+D32 -> 19625700 | F32: 29650 | I32: HERRATEC: RIMA Y BROCA
B33: 43584 | D33: -10800 | E33: =E32+C33+D33 -> 19614900 | I33: ONCES
B34: 43584 | C34: 272000 | E34: =E33+C34+D34 -> 19886900 | I34: CALDERON: TORNO POLICROMETAL.
B35: 43585 | E35: =E34+C35+D35 -> 19886900 | H35: -236100 | I35: MI PLANILLA E.G. ABRIL TOTAL ($427.500)
B36: 43585 | E36: =E35+C36+D36 -> 19886900 | H36: -236100 | I36: MI PLANILLA W.V. ABRIL
B37: 43585 | D37: -82000 | E37: =E36+C37+D37 -> 19804900 | I37: MOVISTAR FIJO
B38: 43585 | D38: -101000 | E38: =E37+C38+D38 -> 19703900 | F38: -101000 | I38: TELMEX ALBA
E39: =E38+C39+D39 -> 19703900
E40: =E39+C40+D40 -> 19703900 | F40: =SUM(F4:F39) -> -85650 | H40: =SUM(H4:H39) -> -2429616
E41: =E40+C41+D41 -> 19703900 | H41: =H40-F40 -> -2343966
E42: =E41+C42+D42 -> 19703900
D43: -600000 | E43: =E42+C43+D43 -> 19103900 | I43: UTILIDADES W.V.
E44: =E43+C44+D44 -> 19103900 | H44: -600000 | I44: UTILIDADES E.G.
E45: =E44+C45+D45 -> 19103900
B46: PASA SALDO | E46: =E45+C46+D46 -> 19103900 | H46: =H41+H44 -> -2943966
E47: =E46+C47+D47 -> 19103900
E48: =E47+C48+D48 -> 19103900
E49: =E48+C49+D49 -> 19103900
E50: =E49+C50+D50 -> 19103900
E51: =E50+C51+D51 -> 19103900
E52: =E51+C52+D52 -> 19103900
E53: =E52+C53+D53 -> 19103900
E54: =E53+C54+D54 -> 19103900
E55: =E54+C55+D55 -> 19103900
E56: =E55+C56+D56 -> 19103900 | I56: ABONO RUTEADORA AMARILLA $20.000.000 04/03/2019
E57: =E56+C57+D57 -> 19103900 | I57: ABONO RUTEADORA AMARILLA $15.000.000 10/04/2019
D58: -29900 | E58: =E57+C58+D58 -> 19074000 | I58: MONEDA
E59: =E58+C59+D59 -> 19074000
E60: =E59+C60+D60 -> 19074000
E61: =E60+C61+D61 -> 19074000
E62: =E61+C62+D62 -> 19074000
E63: =E62+C63+D63 -> 19074000
E64: =E63+C64+D64 -> 19074000
E65: =E64+C65+D65 -> 19074000
E66: =E65+C66+D66 -> 19074000
E67: =E66+C67+D67 -> 19074000
E68: =E67+C68+D68 -> 19074000
E69: =E68+C69+D69 -> 19074000
E70: =E69+C70+D70 -> 19074000
... E114: =E113+C114+D114 -> 19074000
D115: -18000000 | E115: =E114+C115+D115 -> 1074000 | I115: BODEGA
D116: -15000 | E116: =E115+C116+D116 -> 1059000 | I116: W
E117: =E116+C117+D117 -> 1059000
E118: =E117+C118+D118 -> 1059000

Sheet 0519
B2: FECHA | C2: INGRESOS | D2: EGRESOS | E2: SALDO CAJA | F2: E.G. | G2: W.V. | H2: TRANSFERENCIAS | I2: DESCRIPCION
B4: MES ANTERIOR | E4: 19103900 | F4: 0 | H4: -2943966
E5: =E4+C5+D5 -> 19103900
B6: 43587 | C6: 150000 | E6: =E5+C6+D6 -> 19253900 | I6: CALDERON: POLICROMETAL TROQUEL GRANTS, ARIX 50%
B7: 43587 | C7: 150000 | E7: =E6+C7+D7 -> 19403900 | I7: CALDERON: L ALUMINIO LEADWELL
B8: 43587 | C8: 15000 | E8: =E7+C8+D8 -> 19418900 | I8: CALDERON: ASCENSORES
B9: 43588 | C9: 5000000 | E9: =E8+C9+D9 -> 24418900 | I9: ABONO ENRIQUE 4x4
B10: 43591 | C10: 700000 | E10: =E9+C10+D10 -> 25118900 | I10: CORTE ROUTER POLICARBONATO GERMAN SEPULVEDA
B11: 43591 | D11: -2000000 | E11: =E10+C11+D11 -> 23118900 | I11: GANANCIAS E.G.
B12: 43591 | D12: -2000000 | E12: =E11+C12+D12 -> 21118900 | I12: GANANCIAS W.V.
B13: 43591 | D13: -55600 | E13: =E12+C13+D13 -> 21063300 | F13: -55600 | I13: COMCEL E.G.
B14: 43591 | D14: -50700 | E14: =E13+C14+D14 -> 21012600 | F14: -50700 | I14: COMCEL A.B.
B15: 43591 | D15: -30000 | E15: =E14+C15+D15 -> 20982600 | F15: -30000 | I15: MOVISTAR E.G.
B16: 43591 | D16: -30000 | E16: =E15+C16+D16 -> 20952600 | F16: -30000 | I16: MOVISTAR A.B.
B17: 43591 | E17: =E16+C17+D17 -> 20952600 | F17: 22300 | I17: ACERPLAS & FERRECORTE: EMPACK BLANCO
B18: 43592 | C18: 110800 | E18: =E17+C18+D18 -> 21063400 | I18: CALDERON: BUJES POLICROMETAL, TORNO SAMSUNG. $6.400 * 20 = $128.000 * 85% = $110.800
B19: 43593 | D19: -11500 | E19: =E18+C19+D19 -> 21051900 | I19: ONCES
B20: 43593 | E20: =E19+C20+D20 -> 21051900 | F20: 7000 | I20: TORNILLERIA UNION: 5 GRASERAS 1/4 45º
B21: 43593 | E21: =E20+C21+D21 -> 21051900 | F21: 15000 | I21: ZINTEPEC: ZINCADO LATAS ROUTER JOYERIA
B22: 43593 | E22: =E21+C22+D22 -> 21051900 | F22: 18300 | I22: TORNILLOS Y PARTES PLAZA: GRASERAS Y TORNILLOS
B23: 43595 | D23: -7000 | E23: =E22+C23+D23 -> 21044900 | I23: ONCES
B24: 43595 | C24: 15000 | E24: =E23+C24+D24 -> 21059900 | I24: CALDERON: $60.000 * 25% 3 PLACAS DE ASCENSORES.
B25: 43595 | D25: -6000 | E25: =E24+C25+D25 -> 21053900 | I25: MUNDIAL DE TORNILLOS
B26: 43596 | E26: =E25+C26+D26 -> 21053900 | F26: 70000 | I26: PUNTA DE DIAMANTE PARA ROUTER JOYERIA
B27: 43598 | D27: -7000 | E27: =E26+C27+D27 -> 21046900 | I27: LONAS
B28: 43598 | E28: =E27+C28+D28 -> 21046900 | F28: 18500 | I28: CONECTOR METALICO TIPO MICROFONO ROUTER JOYERIA
B29: 43599 | D29: -1700 | E29: =E28+C29+D29 -> 21045200 | I29: IMPRESIONES DIAN
B30: 43599 | D30: -5200 | E30: =E29+C30+D30 -> 21040000 | I30: CORREO CERTIFICADO DIAN
B31: 43599 | E31: =E30+C31+D31 -> 21040000 | F31: 88000 | I31: CAJA DE PASO STECK, ROUTER JOYERIA
B32: 43600 | D32: -19700 | E32: =E31+C32+D32 -> 21020300 | I32: D1: ASEO
B33: 43601 | D33: -7000 | E33: =E32+C33+D33 -> 21013300 | I33: ONCES
B34: 43602 | D34: -7600 | E34: =E33+C34+D34 -> 21005700 | I34: ONCES
B35: 43602 | D35: -5000 | E35: =E34+C35+D35 -> 21000700 | I35: PILA 9V x2
B36: 43602 | C36: 50000 | E36: =E35+C36+D36 -> 21050700 | I36: JAISON: MARCADA 10 PIEZAS JA-BOTS
B37: 43605 | E37: =E36+C37+D37 -> 21050700 | F37: 4000 | I37: PARQUEADERO E.G.
B38: 43605 | E38: =E37+C38+D38 -> 21050700 | F38: 20800 | I38: CONECTOR METALICO TIPO MICROFONO ROUTER JOYERIA
B39: 43605 | E39: =E38+C39+D39 -> 21050700 | F39: 11000 | I39: CABLE 3x16AWG CENTELSA ROUTER JOYERIA
B40: 43607 | D40: -6000 | E40: =E39+C40+D40 -> 21044700 | I40: BOGOTANA DE ACOPLES: CODO CALLE 3/4 AC
B41: 43608 | C41: 560000 | E41: =E40+C41+D41 -> 21604700 | I41: CALDERON: TRABAJO JULIAN V20 TALADRADA TIP BORDEN, 50%, 560 x $2.000=$1.120.000 * 50% = $560.000
B42: 43608 | C42: 138000 | E42: =E41+C42+D42 -> 21742700 | I42: CALDERON: PLACAS ASCENSORES 25%
B43: 43609 | E43: =E42+C43+D43 -> 21742700 | F43: 50000 | I43: PINTURA PLACA POZO VICTOR
B44: 43609 | C44: 120000 | E44: =E43+C44+D44 -> 21862700 | I44: MARCADA JA-BOTS 24 x $5.000
B45: 43609 | D45: -550000 | E45: =E44+C45+D45 -> 21312700 | F45: -550000 | I45: PAGOS SIM MARMOLEJO, EGRESO 003 / 19
B46: 43609 | E46: =E45+C46+D46 -> 21312700 | F46: 18300 | I46: CORREA 4º EJE ROUTER JOYERIA
B47: 43609 | E47: =E46+C47+D47 -> 21312700 | F47: 22400 | I47: IO COMPANY: LIMAS REDONDAS
B48: 43612 | D48: -7000 | E48: =E47+C48+D48 -> 21305700 | I48: ONCES
B49: 43612 | D49: -30000 | E49: =E48+C49+D49 -> 21275700 | F49: -30000 | I49: MOVISTAR CELULAR E.G.
B50: 43612 | D50: -30000 | E50: =E49+C50+D50 -> 21245700 | F50: -30000 | I50: MOVISTAR CELULAR ALBINA BORRERO
B51: 43612 | D51: -87000 | E51: =E50+C51+D51 -> 21158700 | I51: MOVISTAR FIJO
B52: 43612 | D52: -209800 | E52: =E51+C52+D52 -> 20948900 | I52: CODENSA
B53: 43612 | D53: -1000 | E53: =E52+C53+D53 -> 20947900 | I53: BOLSAS BASURA
B54: 43612 | E54: =E53+C54+D54 -> 20947900 | F54: 23100 | I54: ENVIO PLACA ALUMINIO VICTOR SANABRIA
B55: 43613 | E55: =E54+C55+D55 -> 20947900 | H55: 440000 | I55: TRANSFERENCIA PAGO PLACA VILLAVICENCIO: MATERIAL $150, RUTEADA $190, PINTURA $50 + ENVIO
B56: 43614 | E56: =E55+C56+D56 -> 20947900
B57: 43614 | D57: -37500 | E57: =E56+C57+D57 -> 20910400 | I57: CALDERON, COMAHID, MANGUERA POLIURETANO, Y REGISTRO COMPRESOR
B58: 43614 | E58: =E57+C58+D58 -> 20910400 | F58: 22700 | I58: JRC: BURIL RDO 1/4, Y MACHO 6MMx1
B59: 43615 | E59: =E58+C59+D59 -> 20910400 | H59: -236100 | I59: MI PLANILLA E.G. MAYO TOTAL ($427.500)
B60: 43615 | E60: =E59+C60+D60 -> 20910400 | H60: -236100 | I60: MI PLANILLA W.V. MAYO
B61: 43615 | E61: =E60+C61+D61 -> 20910400 | F61: 27000 | I61: LIMA Y EXPULSORES
E62: =E61+C62+D62 -> 20910400 | F62: =SUM(F4:F61) -> -337900 | H62: =SUM(H4:H61) -> -2976166
E63: =E62+C63+D63 -> 20910400 | H63: =H62-F62 -> -2638266
D64: -600000 | E64: =E63+C64+D64 -> 20310400 | I64: UTILIDADES W.V.
E65: =E64+C65+D65 -> 20310400 | H65: -600000 | I65: UTILIDADES E.G.
D66: -18000000 | E66: =E65+C66+D66 -> 2310400 | I66: EFECTIVO A E.G. COMPRA LEADWELL V20 10/05/2019
B67: PASA SALDO | E67: =E66+C67+D67 -> 2310400 | H67: =H63+H65 -> -3238266
E68: =E67+C68+D68 -> 2310400 | I68: ABONO RUTEADORA AMARILLA $20.000.000 04/03/2019
E69: =E68+C69+D69 -> 2310400 | I69: ABONO RUTEADORA AMARILLA $15.000.000 10/04/2019
D70: -25400 | E70: =E69+C70+D70 -> 2285000 | I70: MONEDA
E71: =E70+C71+D71 -> 2285000
E72: =E71+C72+D72 -> 2285000
E73: =E72+C73+D73 -> 2285000
E74: =E73+C74+D74 -> 2285000
E75: =E74+C75+D75 -> 2285000 | I75: SE LE ENTREGO A E.G. PARTE DE PAGO LEADWELL V20 10/05/2019 | K75: 18000000 | L75: EFECTIVO
E76: =E75+C76+D76 -> 2285000 | I76: W | K76: 35000000 | L76: ROUTER AMARILLA
E77: =E76+C77+D77 -> 2285000 | K77: 10000000 | L77: GUEVARA
E78: =E77+C78+D78 -> 2285000 | K78: =SUM(K75:K77) -> 63000000
E79: =E78+C79+D79 -> 2285000 | K79: 80000000 | L79: PRECIO LEADWELL V20
E80: =E79+C80+D80 -> 2285000 | K80: =K79-K78 -> 17000000 | L80: SALDO
E81: =E80+C81+D81 -> 2285000
E82: =E81+C82+D82 -> 2285000
E83: =E82+C83+D83 -> 2285000
E84: =E83+C84+D84 -> 2285000
E85: =E84+C85+D85 -> 2285000
E86: =E85+C86+D86 -> 2285000
E87: =E86+C87+D87 -> 2285000
E88: =E87+C88+D88 -> 2285000
E89: =E88+C89+D89 -> 2285000
E90: =E89+C90+D90 -> 2285000
E91: =E90+C91+D91 -> 2285000
E92: =E91+C92+D92 -> 2285000
... E130: =E129+C130+D130 -> 2285000

Sheet 0619
B2: FECHA | C2: INGRESOS | D2: EGRESOS | E2: SALDO CAJA | F2: E.G. | G2: W.V. | H2: TRANSFERENCIAS | I2: DESCRIPCION
B4: MES ANTERIOR | E4: 2310400 | F4: 0 | H4: -3238266
E5: =E4+C5+D5 -> 2310400
B6: 43621 | C6: 48000 | E6: =E5+C6+D6 -> 2358400 | I6: CALDERON: 16 PLACAS ASCENSORES x $12.000 = $192.000 x 25% = $48.000
B7: 43623 | C7: 500000 | E7: =E6+C7+D7 -> 2858400 | I7: CALDERON: MOLDE POLICROMETAL ARIX 50%
B8: 43626 | D8: -4000 | E8: =E7+C8+D8 -> 2854400 | I8: CALDERON: $3.600 AGUJAS LUGO HERMANOS + $400 PARQUEADERO
B9: 43626 | F9: 3600 | I9: LUGO HERMANOS: 30 AGUJAS PARA RODAMIENTO
B10: 43626 | D10: -102000 | E10: =E8+C10+D10 -> 2752400 | F10: -102000 | I10: TELMEX ALBINA BORRERO
B11: 43627 | E11: =E10+C11+D11 -> 2752400 | F11: 1500 | I11: TORNILLOS Y PARTES PLAZA: TORNILLO BRISTOL
B12: 43627 | E12: =E11+C12+D12 -> 2752400 | F12: 40200 | I12: HERRATEC: MACHUELOS
B13: 43633 | D13: -22000 | E13: =E12+C13+D13 -> 2730400 | I13: ALMUERZO
B14: 43634 | C14: 50000 | E14: =E13+C14+D14 -> 2780400 | I14: CALDERON: 25% $200.000
B15: 43635 | C15: 20000 | E15: =E14+C15+D15 -> 2800400 | I15: CALDERON: FRESADORA CONVENCIONAL
B16: 43635 | C16: 27000 | E16: =E15+C16+D16 -> 2827400 | I16: CALDERON: 55% $50.000
B17: 43637 | E17: =E16+C17+D17 -> 2827400 | F17: 30350 | I17: ACUEDUCTO
B18: 43637 | D18: -188650 | E18: =E17+C18+D18 -> 2638750 | I18: CODENSA
B19: 43637 | D19: -92000 | E19: =E18+C19+D19 -> 2546750 | I19: MOVISTAR FIJO
B20: 43643 | C20: 28000 | E20: =E19+C20+D20 -> 2574750 | I20: CALDERON: 9 PLACAS ASCENSOR $12.500 * 9 = $112.500 * 25% = $28.150
B21: 43643 | C21: 604000 | E21: =E20+C21+D21 -> 3178750 | I21: GERMAN SEPULVEDA: 151pc X $4.000
B22: 43644 | C22: 450000 | E22: =E21+C22+D22 -> 3628750 | I22: CALDERON: PLACA POLICROMETAL ILC IND LICORERA CALDAS
B23: 43644 | E23: =E22+C23+D23 -> 3628750 | H23: -236100 | I23: MI PLANILLA E.G. JUNIO TOTAL ($427.500)
B24: 43644 | E24: =E23+C24+D24 -> 3628750 | H24: -236100 | I24: MI PLANILLA W.V. JUNIO
B25: 43644 | C25: 5000000 | E25: =E24+C25+D25 -> 8628750 | I25: ABONO ENRIQUE 4X4
B26: 43644 | D26: -32000 | E26: =E25+C26+D26 -> 8596750 | F26: -32000 | I26: MOVISTAR E.G.
B27: 43644 | D27: -32000 | E27: =E26+C27+D27 -> 8564750 | F27: -32000 | I27: MOVISTAR A.B.
B28: 43644 | D28: -102000 | E28: =E27+C28+D28 -> 8462750 | F28: -102000 | I28: TELMEX ALBINA BORRERO
E29: =E28+C29+D29 -> 8462750
E30: =E29+C30+D30 -> 8462750
E31: =E30+C31+D31 -> 8462750 | F31: =SUM(F4:F30) -> -192350 | H31: =SUM(H4:H30) -> -3710466
E32: =E31+C32+D32 -> 8462750 | H32: =H31-F31 -> -3518116
E33: =E32+C33+D33 -> 8462750
D34: -2000000 | E34: =E33+C34+D34 -> 6462750 | I34: UTILIDADES E.G. DINERO ENTREGADO EN EFECTIVO 23/07/2019
D35: -2000000 | E35: =E34+C35+D35 -> 4462750 | I35: UTILIDADES W.V.
E36: =E35+C36+D36 -> 4462750
B37: PASA SALDO | E37: =E36+C37+D37 -> 4462750 | H37: =H32 -> -3518116
E38: =E37+C38+D38 -> 4462750
E39: =E38+C39+D39 -> 4462750
E40: =E39+C40+D40 -> 4462750
E41: =E40+C41+D41 -> 4462750
E42: =E41+C42+D42 -> 4462750
E43: =E42+C43+D43 -> 4462750
E44: =E43+C44+D44 -> 4462750
E45: =E44+C45+D45 -> 4462750
E46: =E45+C46+D46 -> 4462750
E47: =E46+C47+D47 -> 4462750
E48: =E47+C48+D48 -> 4462750
E49: =E48+C49+D49 -> 4462750
... E65: =E64+C65+D65 -> 4462750
D66: -25750 | E66: =E65+C66+D66 -> 4437000 | I66: MONEDA
E67: =E66+C67+D67 -> 4437000
E68: =E67+C68+D68 -> 4437000
E69: =E68+C69+D69 -> 4437000
E70: =E69+C70+D70 -> 4437000
E71: =E70+C71+D71 -> 4437000 | I71: SE LE ENTREGO A E.G. PARTE DE PAGO LEADWELL V20 10/05/2019 | K71: 18000000 | L71: EFECTIVO
E72: =E71+C72+D72 -> 4437000 | I72: W | K72: 35000000 | L72: ROUTER AMARILLA
E73: =E72+C73+D73 -> 4437000 | K73: 10000000 | L73: GUEVARA
E74: =E73+C74+D74 -> 4437000 | K74: =SUM(K71:K73) -> 63000000
E75: =E74+C75+D75 -> 4437000 | K75: 80000000 | L75: PRECIO LEADWELL V20
E76: =E75+C76+D76 -> 4437000 | K76: =K75-K74 -> 17000000 | L76: SALDO
E77: =E76+C77+D77 -> 4437000
E78: =E77+C78+D78 -> 4437000
E79: =E78+C79+D79 -> 4437000
E80: =E79+C80+D80 -> 4437000
E81: =E80+C81+D81 -> 4437000
E82: =E81+C82+D82 -> 4437000
E83: =E82+C83+D83 -> 4437000
E84: =E83+C84+D84 -> 4437000
E85: =E84+C85+D85 -> 4437000
E86: =E85+C86+D86 -> 4437000
E87: =E86+C87+D87 -> 4437000
E88: =E87+C88+D88 -> 4437000
... E124: =E123+C124+D124 -> 4437000
D125: -3000000 | E125: =E124+C125+D125 -> 1437000 | I125: BODEGA
E126: =E125+C126+D126 -> 1437000

Sheet 0719
B2: FECHA | C2: INGRESOS | D2: EGRESOS | E2: SALDO CAJA | F2: E.G. | G2: W.V. | H2: TRANSFERENCIAS | I2: DESCRIPCION
B4: MES ANTERIOR | E4: 4462750 | F4: 0 | H4: -3518116
E5: =E4+C5+D5 -> 4462750
B6: 43648 | D6: -65300 | E6: =E5+C6+D6 -> 4397450 | I6: ALMUERZO CALDERON
B7: 43648 | E7: =E6+C7+D7 -> 4397450 | F7: 5000 | I7: TORNILLOS BRISTOL 6X35
B8: 43648 | E8: =E7+C8+D8 -> 4397450 | F8: 5000 | I8: ACOPLE COMPRESOR
B9: 43649 | D9: -35000 | E9: =E8+C9+D9 -> 4362450 | I9: GUANTES CAJA CALDERON
B10: 43649 | D10: -1300000 | E10: =E9+C10+D10 -> 3062450 | I10: ADELANTO CENTRO MECANIZADO LEADWELL
B11: 43657 | C11: 200000 | E11: =E10+C11+D11 -> 3262450 | I11: CALDERON: TROQUEL ARIX 50%
B12: 43657 | C12: 5000 | E12: =E11+C12+D12 -> 3267450 | I12: CALDERON: TRABAJO TORNO
B13: 43657 | D13: -800000 | E13: =E12+C13+D13 -> 2467450 | F13: -800000 | I13: ENVIO ROUTER 5040 CALI
B14: 43657 | D14: -40000 | E14: =E13+C14+D14 -> 2427450 | F14: -40000 | I14: MONTACARGA
B15: 43657 | D15: -700 | E15: =E14+C15+D15 -> 2426750 | I15: CD BLANCO
B16: 43658 | D16: -14300 | E16: =E15+C16+D16 -> 2412450 | I16: CORREA SINCRONIZACION TORNO PEQUEÑO
B17: 43658 | D17: -1000 | E17: =E16+C17+D17 -> 2411450 | I17: CD BLANCO
B18: 43658 | C18: 400000 | E18: =E17+C18+D18 -> 2811450 | I18: ARREGLO MINI TORNO HECTOR MARTINEZ (ROUTER CNC 60X60)
B19: 43658 | E19: =E18+C19+D19 -> 2811450 | F19: 15000 | I19: CORREA SINCRONIZACION TORNO PEQUEÑO
B20: 43658 | E20: =E19+C20+D20 -> 2811450 | F20: 39000 | I20: TRATAMIENTO TEMICO X30PC ENRIQUE 4X4
B21: 43658 | E21: =E20+C21+D21 -> 2811450 | F21: 15000 | I21: ZINCADO X30PC ENRIQUE 4X4
B22: 43658 | E22: =E21+C22+D22 -> 2811450 | F22: 48000 | I22: PIEDRA TUGSTENO ESMERIL
B23: 43658 | E23: =E22+C23+D23 -> 2811450 | F23: 100000 | I23: PC PARA ROUTER 60X60
B24: 43658 | E24: =E23+C24+D24 -> 2811450 | F24: 100000 | I24: BOMBA PARA ROUTER 60X60
B25: 43658 | D25: -30000 | E25: =E24+C25+D25 -> 2781450 | I25: CALDERON: AYUDA ARMADA MINI TORNO
B26: 43661 | E26: =E25+C26+D26 -> 2781450 | F26: 83000 | I26: ALUMINIO BARRA CUADRADA 1" PARA JEISON SALAZAR JABOTS
B27: 43662 | E27: =E26+C27+D27 -> 2781450 | F27: 202800 | I27: ACERTEMPLE: 49KG PIEZAS ENRIQUE 4X4
B28: 43662 | C28: 50000 | E28: =E27+C28+D28 -> 2831450 | I28: CALDERON: PLACA ARIX 50%
B29: 43664 | E29: =E28+C29+D29 -> 2831450 | F29: 61000 | I29: ZINCADO $1.250 * 49Kg ENRIQUE 4X4 144PC
B30: 43664 | C30: 81250 | E30: =E29+C30+D30 -> 2912700 | I30: CALDERON: 25% DE 26 PLACAS ASCENSORES
B31: 43665 | E31: =E30+C31+D31 -> 2912700 | F31: 30600 | I31: HEGO: 170 ORING NITRILO REF. 212
B32: 43668 | E32: =E31+C32+D32 -> 2912700 | F32: 23750 | I32: HERRATEC: MACHUELO 8MM, JHON CALDERO LE PAGO EL OTRO EN EFECTIVO A E.G.
B33: 43669 | C33: 6988000 | E33: =E32+C33+D33 -> 9900700 | I33: SALDO A FAVOR VENTA ROUTER 60X60
B34: 43669 | C34: 1500000 | E34: =E33+C34+D34 -> 11400700 | I34: JOHN CALDERON: ABONO TRABAJO MOLDE TROQUEL POLICROMETAL
B35: 43669 | E35: =E34+C35+D35 -> 11400700 | F35: 402300 | I35: HERRATEC: PORTAINSETO E INSERTOS TRONZADO 3MM
B36: 43670 | D36: -2000 | E36: =E35+C36+D36 -> 11398700 | I36: CINTA AISLANTE
B37: 43670 | C37: 165000 | E37: =E36+C37+D37 -> 11563700 | I37: CALDERON: 50% POLICROMETAL 2 PLACAS $230.000 + $100.000
B38: 43670 | C38: 12500 | E38: =E37+C38+D38 -> 11576200 | I38: CALDERON: 25% DE 1 PLACA GRANDE DE ASCENSOR $50000
B39: 43670 | C39: 56000 | E39: =E38+C39+D39 -> 11632200 | I39: CHATARRA $150 KILO VIRUTA, $450 KILO CHATARRA
B40: 43670 | C40: 800000 | E40: =E39+C40+D40 -> 12432200 | I40: ABONO TRABAJO JASON: 37PC x $30.000 = $1.110.000 + $83.000 MATERIAL. SALDO $393.000
B41: 43671 | D41: -300150 | E41: =E40+C41+D41 -> 12132050 | I41: CODENSA
B42: 43671 | D42: -800000 | E42: =E41+C42+D42 -> 11332050 | I42: CONSIGNACION CONTADOR DANIEL PARDO
B43: 43671 | D43: -92000 | E43: =E42+C43+D43 -> 11240050 | I43: MOVISTAR FIJO
B44: 43672 | C44: 393000 | E44: =E43+C44+D44 -> 11633050 | I44: SALDO TRABAJO JASON
B45: 43675 | E45: =E44+C45+D45 -> 11633050 | F45: 246500 | I45: ACERTEMPLE: 47,4KG PIEZAS ENRIQUE 4X4
B46: 43675 | E46: =E45+C46+D46 -> 11633050 | F46: 100000 | I46: TRANSFORMADOR 110V-220V ROUTER JOYERIA
B47: 43676 | E47: =E46+C47+D47 -> 11633050 | H47: -236100 | I47: MI PLANILLA E.G. JULIO TOTAL ($427.500)
B48: 43676 | E48: =E47+C48+D48 -> 11633050 | H48: -236100 | I48: MI PLANILLA W.V. JULIO
B49: 43676 | D49: -32000 | E49: =E48+C49+D49 -> 11601050 | F49: -32000 | I49: MOVISTAR E.G.
B50: 43676 | D50: -32000 | E50: =E49+C50+D50 -> 11569050 | F50: -32000 | I50: MOVISTAR A.B.
B51: 43676 | D51: -2400 | E51: =E50+C51+D51 -> 11566650 | I51: BOLSAS DE BASURA X 2
B52: 43677 | D52: -10000 | E52: =E51+C52+D52 -> 11556650 | I52: ESPERANZA: IMPLEMENTOS ASEO
B53: 43677 | E53: =E52+C53+D53 -> 11556650 | H53: 3857000 | I53: SALDO DE FERNANDO GUEVARA QUE ESTABA EN BANCO (INTERESES DINERO PRESTADO)
E54: =E53+C54+D54 -> 11556650 | H54: 130000 | I54: GANANCIAS TELEFONIA CORTE AL 31/07/2019
E55: =E54+C55+D55 -> 11556650 | F55: =SUM(F4:F54) -> 572950 | H55: =SUM(H4:H54) -> -3316
E56: =E55+C56+D56 -> 11556650 | H56: =H55-F55 -> -576266
E57: =E56+C57+D57 -> 11556650
D58: -1000000 | E58: =E57+C58+D58 -> 10556650 | I58: UTILIDADES E.G. DINERO ENTREGADO EN EFECTIVO 01/08/2019
D59: -1000000 | E59: =E58+C59+D59 -> 9556650 | I59: UTILIDADES W.V.
E60: =E59+C60+D60 -> 9556650
B61: PASA SALDO | E61: =E60+C61+D61 -> 9556650 | H61: =H56 -> -576266
E62: =E61+C62+D62 -> 9556650
E63: =E62+C63+D63 -> 9556650
E64: =E63+C64+D64 -> 9556650
E65: =E64+C65+D65 -> 9556650
E66: =E65+C66+D66 -> 9556650
E67: =E66+C67+D67 -> 9556650
D68: -26650 | E68: =E67+C68+D68 -> 9530000 | I68: MONEDA
E69: =E68+C69+D69 -> 9530000
E70: =E69+C70+D70 -> 9530000
E71: =E70+C71+D71 -> 9530000
E72: =E71+C72+D72 -> 9530000 | K72: LEADWELL V20
E73: =E72+C73+D73 -> 9530000 | K73: ABONO | L73: -18000000 | M73: EFECTIVO 10/05/2019
E74: =E73+C74+D74 -> 9530000 | K74: ABONO | L74: -35000000 | M74: ROUTER AMARILLA
E75: =E74+C75+D75 -> 9530000 | K75: ABONO | L75: -10000000 | M75: GUEVARA 09/05/2019
E76: =E75+C76+D76 -> 9530000 | K76: SUBTOTAL ABONO | L76: =SUM(L73:L75) -> -63000000
E77: =E76+C77+D77 -> 9530000 | L77: 80000000 | M77: PRECIO LEADWELL V20
E78: =E77+C78+D78 -> 9530000 | L78: =L76+L77 -> 17000000 | M78: SALDO
E79: =E78+C79+D79 -> 9530000 | K79: ABONO | L79: -10000000 | M79: GUEVARA 13/06/2019
E80: =E79+C80+D80 -> 9530000 | K80: ABONO | L80: -7000000 | M80: DE ROUTER 60x60
E81: =E80+C81+D81 -> 9530000 | K81: SALDO | L81: =L78+L79+L80 -> 0
E82: =E81+C82+D82 -> 9530000
E83: =E82+C83+D83 -> 9530000
E84: =E83+C84+D84 -> 9530000
E85: =E84+C85+D85 -> 9530000
E86: =E85+C86+D86 -> 9530000
E87: =E86+C87+D87 -> 9530000
E88: =E87+C88+D88 -> 9530000
E89: =E88+C89+D89 -> 9530000
E90: =E89+C90+D90 -> 9530000
E91: =E90+C91+D91 -> 9530000
E92: =E91+C92+D92 -> 9530000
E93: =E92+C93+D93 -> 9530000
... E125: =E124+C125+D125 -> 9530000
D126: -8000000 | E126: =E125+C126+D126 -> 1530000 | I126: BODEGA
E127: =E126+C127+D127 -> 1530000 | I127: W
E128: =E127+C128+D128 -> 1530000

Sheet 0819
B2: FECHA | C2: INGRESOS | D2: EGRESOS | E2: SALDO CAJA | F2: E.G. | G2: W.V. | H2: TRANSFERENCIAS | I2: DESCRIPCION
B4: MES ANTERIOR | E4: 9556650 | F4: 0 | H4: -576266
E5: =E4+C5+D5 -> 9556650
B6: 43682 | E6: =E5+C6+D6 -> 9556650 | F6: 60000 | I6: ZINCADO 48KG ENRIQUE 4X4
B7: 43683 | E7: =E6+C7+D7 -> 9556650 | H7: 3000000 | I7: ABONO ENRIQUE 4X4 EFECTIVO A E.G.
B8: 43685 | D8: -46000 | E8: =E7+C8+D8 -> 9510650 | I8: PASAJES BUCARAMANGA
B9: 43685 | D9: -3400 | E9: =E8+C9+D9 -> 9507250 | I9: 2 DVD $2.000 + 2 CD $1.400
B10: 43686 | C10: 400000 | E10: =E9+C10+D10 -> 9907250 | I10: JOHN CALDERON: SALDO TRABAJO MOLDE TROQUEL POLICROMETAL TOTAL $1.900.000
B11: 43686 | C11: 50000 | E11: =E10+C11+D11 -> 9957250 | I11: JOHN CALDERON 16 PLACAS ASCENSOR X $12.500 X 25%
B12: 40034 | E12: =E11+C12+D12 -> 9957250 | F12: 11450 | I12: EASY: CARPINCOL Y TORNILLO
B13: 43689 | E13: =E12+C13+D13 -> 9957250 | H13: 1000000 | I13: ABONO ROUTER JOYERIA
B14: 43690 | E14: =E13+C14+D14 -> 9957250 | H14: 3000000 | I14: ABONO ROUTER JOYERIA
B15: 43690 | C15: 12500 | E15: =E14+C15+D15 -> 9969750 | I15: JOHN CALDERON PLACAS ASCENSOR X $50.000 X 25%
B16: 43691 | E16: =E15+C16+D16 -> 9969750 | H16: 2000000 | I16: ABONO ROUTER JOYERIA
B17: 43692 | D17: -25000 | E17: =E16+C17+D17 -> 9944750 | I17: PASAJE BUCARAMANGA
B18: 43692 | C18: 282000 | E18: =E17+C18+D18 -> 10226750 | I18: ASESORIA BUCARAMANGA
B19: 43693 | D19: -8000 | E19: =E18+C19+D19 -> 10218750 | I19: TRANSPORTES HERNAN 2 DIAS.
B20: 43697 | D20: -1000 | E20: =E19+C20+D20 -> 10217750 | I20: DVD EN BLANCO
B21: 43698 | D21: -1800000 | E21: =E20+C21+D21 -> 8417750 | I21: JOHN CALDERON MANO OBRA ROUTER JOYERIA
B22: 43698 | D22: -93000 | E22: =E21+C22+D22 -> 8324750 | I22: MOVISTAR FIJO
B23: 43698 | D23: -118000 | E23: =E22+C23+D23 -> 8206750 | F23: -118000 | I23: TELMEX E.G.
B24: 43698 | D24: -110000 | E24: =E23+C24+D24 -> 8096750 | F24: -110000 | I24: TELMEX A.B.
B25: 43698 | D25: -13900 | E25: =E24+C25+D25 -> 8082850 | I25: PAPEL HIGIENICO
B26: 43698 | D26: -234000 | E26: =E25+C26+D26 -> 7848850 | I26: CODENSA
B27: 43698 | D27: -8000 | E27: =E26+C27+D27 -> 7840850 | I27: CINTA TRANSPARENTE ANCHA
B28: 43698 | E28: =E27+C28+D28 -> 7840850 | F28: 15900 | I28: 100 ORING'S SEGUROS ENRIQUE
B29: 43698 | E29: =E28+C29+D29 -> 7840850 | H29: 3000000 | I29: ABONO ENRIQUE 4X4 EFECTIVO A E.G.
B30: 43699 | C30: 500000 | E30: =E29+C30+D30 -> 8340850 | I30: GERMAN SEPULVEDA: RUTEO PLACA ALUMINIO 3MM
B31: 43700 | E31: =E30+C31+D31 -> 8340850 | H31: 400000 | I31: ABONO ROUTER JOYERIA
B32: 43700 | E32: =E31+C32+D32 -> 8340850 | F32: 33350 | I32: ACUEDUCTO
B33: 43703 | E33: =E32+C33+D33 -> 8340850 | H33: 4600000 | I33: ABONO ROUTER JOYERIA
B34: 43704 | E34: =E33+C34+D34 -> 8340850 | F34: 2451600 | I34: ACEFER: MATERIAL ENRIQUE 4X4
B35: 43705 | D35: -10000 | E35: =E34+C35+D35 -> 8330850 | I35: ONCES
B36: 43705 | C36: 6000 | E36: =E35+C36+D36 -> 8336850 | I36: CHATARRA: MICROONDAS IMPRESORAS Y EQUIPO SONY
B37: 43705 | D37: -78000 | E37: =E36+C37+D37 -> 8258850 | I37: ALMUERZO ESPERANZA $105.200 + $2.800 PROPINA MESERA + $10.000 TRANSPORTE -$ 40.000 JOHN CALDERON
B38: 43706 | D38: -60000 | E38: =E37+C38+D38 -> 8198850 | I38: MONTACARGA LEADWELL V20I
B39: 43706 | C39: 150000 | E39: =E38+C39+D39 -> 8348850 | I39: JOHN CALDERON: MECANIZADO JULIAN 2 CUCHILLAS $300.000
B40: 43707 | C40: 60000 | E40: =E39+C40+D40 -> 8408850 | I40: JOHN CALDERON: AFILADO ESCAREADORES.
B41: 43707 | E41: =E40+C41+D41 -> 8408850 | H41: -236100 | I41: MI PLANILLA E.G. AGOSTO TOTAL ($427.500)
B42: 43707 | E42: =E41+C42+D42 -> 8408850 | H42: -236100 | I42: MI PLANILLA W.V. AGOSTO
B43: 43707 | E43: =E42+C43+D43 -> 8408850 | F43: 220000 | I43: UÑAS HALADOR DE BARRAS
E44: =E43+C44+D44 -> 8408850
E45: =E44+C45+D45 -> 8408850
E46: =E45+C46+D46 -> 8408850 | F46: =SUM(F4:F45) -> 2564300 | H46: =SUM(H4:H45) -> 15951534
E47: =E46+C47+D47 -> 8408850 | H47: =H46-F46 -> 13387234
E48: =E47+C48+D48 -> 8408850
E49: =E48+C49+D49 -> 8408850 | H49: -1300000 | I49: UTILIDADES E.G.
D50: -1300000 | E50: =E49+C50+D50 -> 7108850 | I50: UTILIDADES W.V.
E51: =E50+C51+D51 -> 7108850 | H51: =H47+H49 -> 12087234
E52: =E51+C52+D52 -> 7108850
B53: PASA SALDO | E53: =E52+C53+D53 -> 7108850 | H53: =H51 -> 12087234
E54: =E53+C54+D54 -> 7108850
E55: =E54+C55+D55 -> 7108850
E56: =E55+C56+D56 -> 7108850
E57: =E56+C57+D57 -> 7108850
E58: =E57+C58+D58 -> 7108850
E59: =E58+C59+D59 -> 7108850
E60: =E59+C60+D60 -> 7108850
E61: =E60+C61+D61 -> 7108850
E62: =E61+C62+D62 -> 7108850
E63: =E62+C63+D63 -> 7108850
E64: =E63+C64+D64 -> 7108850
E65: =E64+C65+D65 -> 7108850
... E73: =E72+C73+D73 -> 7108850
D74: -25850 | E74: =E73+C74+D74 -> 7083000 | I74: MONEDA
E75: =E74+C75+D75 -> 7083000
E76: =E75+C76+D76 -> 7083000
E77: =E76+C77+D77 -> 7083000
E78: =E77+C78+D78 -> 7083000 | K78: LEADWELL V20
E79: =E78+C79+D79 -> 7083000 | K79: ABONO | L79: -18000000 | M79: EFECTIVO 10/05/2019
E80: =E79+C80+D80 -> 7083000 | K80: ABONO | L80: -35000000 | M80: ROUTER AMARILLA
E81: =E80+C81+D81 -> 7083000 | K81: ABONO | L81: -10000000 | M81: GUEVARA 09/05/2019
E82: =E81+C82+D82 -> 7083000 | K82: SUBTOTAL ABONO | L82: =SUM(L79:L81) -> -63000000
E83: =E82+C83+D83 -> 7083000 | L83: 80000000 | M83: PRECIO LEADWELL V20
E84: =E83+C84+D84 -> 7083000 | L84: =L82+L83 -> 17000000 | M84: SALDO
E85: =E84+C85+D85 -> 7083000 | K85: ABONO | L85: -10000000 | M85: GUEVARA 13/06/2019
E86: =E85+C86+D86 -> 7083000 | K86: ABONO | L86: -7000000 | M86: DE ROUTER 60x60
E87: =E86+C87+D87 -> 7083000 | K87: SALDO | L87: =L84+L85+L86 -> 0
E88: =E87+C88+D88 -> 7083000
E89: =E88+C89+D89 -> 7083000
E90: =E89+C90+D90 -> 7083000
E91: =E90+C91+D91 -> 7083000
E92: =E91+C92+D92 -> 7083000
E93: =E92+C93+D93 -> 7083000
E94: =E93+C94+D94 -> 7083000
E95: =E94+C95+D95 -> 7083000
E96: =E95+C96+D96 -> 7083000
E97: =E96+C97+D97 -> 7083000
E98: =E97+C98+D98 -> 7083000
E99: =E98+C99+D99 -> 7083000
... E131: =E130+C131+D131 -> 7083000
D132: -6000000 | E132: =E131+C132+D132 -> 1083000 | I132: BODEGA
E133: =E132+C133+D133 -> 1083000 | I133: W
E134: =E133+C134+D134 -> 1083000

Sheet 0919
B2: FECHA | C2: INGRESOS | D2: EGRESOS | E2: SALDO CAJA | F2: E.G. | G2: W.V. | H2: TRANSFERENCIAS | I2: DESCRIPCION
B4: MES ANTERIOR | E4: 7108850 | F4: 0 | H4: 12087234
E5: =E4+C5+D5 -> 7108850
B6: 43710 | D6: -32000 | E6: =E5+C6+D6 -> 7076850 | F6: -32000 | I6: MOVISTAR E.G.
B7: 43710 | D7: -32000 | E7: =E6+C7+D7 -> 7044850 | F7: -32000 | I7: MOVISTAR A.B.
B8: 43712 | C8: 2100000 | E8: =E7+C8+D8 -> 9144850 | I8: MACROLASER: $1.500 CONVERSION ROUTER DE DSP A NCSTUDIO, $300 BUCARAMANGA, $300 DOÑA JUANA
B9: 43713 | C9: 159500 | E9: =E8+C9+D9 -> 9304350 | I9: JOHN CALDERON: $140 MOLDE JIMMY, $150 PLACAS ASCENSORES = $290 * 55%
B10: 43713 | C10: 5000000 | E10: =E9+C10+D10 -> 14304350 | I10: ABONO ENRIQUE 4X4 EFECTIVO A E.G.
B11: 43713 | E11: =E10+C11+D11 -> 14304350 | F11: 360000 | I11: IMPRESORA EPSON L3110
B12: 43714 | D12: -3000 | E12: =E11+C12+D12 -> 14301350 | I12: LONAS
B13: 43718 | C13: 62500 | E13: =E12+C13+D13 -> 14363850 | I13: JOHN CALDERON: ASCENSORES 50% %125.000
B14: 43718 | E14: =E13+C14+D14 -> 14363850 | F14: 45000 | I14: EASY: 3 TOMAS INCRUSTAR TRIFASICAS
B15: 43721 | C15: 500000 | E15: =E14+C15+D15 -> 14863850 | I15: GERMAN SEPULVEDA: CORTE PLACA ALUMINIO
B16: 43721 | C16: 15000 | E16: =E15+C16+D16 -> 14878850 | I16: JOHN CALDERON: MECANIZADO 50%
B17: 43721 | E17: =E16+C17+D17 -> 14878850 | H17: 2000000 | I17: ENRIQUE 4X4: EFECTIVO A E.G.
B18: 43725 | C18: 100000 | E18: =E17+C18+D18 -> 14978850 | I18: ALBERTO VIDALES: ABONO MOLDE RODILLO DE PINTAR
B19: 43724 | E19: =E18+C19+D19 -> 14978850 | F19: 12500 | I19: JRC: ACEITE KEX ROSCADO
B20: 43724 | E20: =E19+C20+D20 -> 14978850 | F20: 33800 | I20: HERRATEC: MACHUELO 12 X 1,5
B21: 43724 | E21: =E20+C21+D21 -> 14978850 | F21: 31600 | I21: ACEFER: MATERIAL
B22: 43726 | D22: -2000 | E22: =E21+C22+D22 -> 14976850 | I22: CINTA AISLANTE
B23: 43728 | C23: 200000 | E23: =E22+C23+D23 -> 15176850 | I23: HERNAN: VISITA DOÑA JUANA
B24: 43728 | D24: -30000 | E24: =E23+C24+D24 -> 15146850 | I24: HERRATEC: MACHUELO 12 X 1,5, COMPRO HERNAN
B25: 43728 | C25: 500000 | E25: =E24+C25+D25 -> 15646850 | I25: ALBERTO VIDALES: SALDO MOLDE RODILLO DE PINTAR, TOTAL $600.000
B26: 43732 | D26: -301900 | E26: =E25+C26+D26 -> 15344950 | I26: CODENSA
B27: 43732 | D27: -104000 | E27: =E26+C27+D27 -> 15240950 | F27: -104000 | I27: TELMEX A.B.
B28: 43732 | D28: -92000 | E28: =E27+C28+D28 -> 15148950 | I28: MOVISTAR FIJO
B29: 43731 | E29: =E28+C29+D29 -> 15148950 | F29: 67200 | I29: HERRATEC: 2 MACHUELOS M12x1.5
B30: 43731 | E30: =E29+C30+D30 -> 15148950 | F30: 67200 | I30: HERRATEC: 2 MACHUELOS M12x1.5
B31: 43731 | E31: =E30+C31+D31 -> 15148950 | F31: 15000 | I31: MOSQUETON PARA PORTON
B32: 43732 | C32: 187300 | E32: =E31+C32+D32 -> 15336250 | I32: JOHN CALDERON: 30 PLACAS x $12.500 x 50 %
B33: 43733 | C33: 3000000 | E33: =E32+C33+D33 -> 18336250 | I33: ENRIQUE 4X4: EFECTIVO A E.G.
B34: 43734 | C34: 200000 | E34: =E33+C34+D34 -> 18536250 | I34: CARLOS SARMIENTO: ROUTEADO 12 MARCOS ESPEJOS ($50.000 C/U) SALDO $400.000
B35: 43734 | D35: -630000 | E35: =E34+C35+D35 -> 17906250 | F35: -630000 | I35: OSCAR MARMOLEJO: PAGO RECARGAS EGRESO 004
B36: 43735 | C36: 6000000 | E36: =E35+C36+D36 -> 23906250 | I36: ENRIQUE 4X4: EFECTIVO A E.G.
B37: 43735 | E37: =E36+C37+D37 -> 23906250 | F37: 105000 | I37: EASY: LAMINA MDF 9mm MARCO ESPEJOS
B38: 43738 | E38: =E37+C38+D38 -> 23906250 | H38: -236100 | I38: MI PLANILLA E.G. SEPTIEMBRE TOTAL ($427.500)
B39: 43738 | E39: =E38+C39+D39 -> 23906250 | H39: -236100 | I39: MI PLANILLA W.V. SEPTIEMBRE
B40: 43738 | D40: -5000 | E40: =E39+C40+D40 -> 23901250 | I40: FERRETERIA: 2 CLAVIJAS ELECTRICAS
E41: =E40+C41+D41 -> 23901250
E42: =E41+C42+D42 -> 23901250 | F42: =SUM(F4:F41) -> -60700 | H42: =SUM(H4:H41) -> 13615034
E43: =E42+C43+D43 -> 23901250 | H43: =H42-F42 -> 13675734
E44: =E43+C44+D44 -> 23901250
E45: =E44+C45+D45 -> 23901250 | H45: -1500000 | I45: UTILIDADES E.G.
D46: -1500000 | E46: =E45+C46+D46 -> 22401250 | I46: UTILIDADES W.V.
E47: =E46+C47+D47 -> 22401250
B48: PASA SALDO | E48: =E47+C48+D48 -> 22401250 | H48: =H43+H45 -> 12175734
E49: =E48+C49+D49 -> 22401250
E50: =E49+C50+D50 -> 22401250
E51: =E50+C51+D51 -> 22401250
E52: =E51+C52+D52 -> 22401250
E53: =E52+C53+D53 -> 22401250
E54: =E53+C54+D54 -> 22401250
E55: =E54+C55+D55 -> 22401250
E56: =E55+C56+D56 -> 22401250
E57: =E56+C57+D57 -> 22401250
E58: =E57+C58+D58 -> 22401250
E59: =E58+C59+D59 -> 22401250
E60: =E59+C60+D60 -> 22401250
... E80: =E79+C80+D80 -> 22401250
D81: -23250 | E81: =E80+C81+D81 -> 22378000 | I81: MONEDA
E82: =E81+C82+D82 -> 22378000
E83: =E82+C83+D83 -> 22378000
E84: =E83+C84+D84 -> 22378000
E85: =E84+C85+D85 -> 22378000 | K85: LEADWELL V20
E86: =E85+C86+D86 -> 22378000 | K86: ABONO | L86: -18000000 | M86: EFECTIVO 10/05/2019
E87: =E86+C87+D87 -> 22378000 | K87: ABONO | L87: -35000000 | M87: ROUTER AMARILLA
E88: =E87+C88+D88 -> 22378000 | K88: ABONO | L88: -10000000 | M88: GUEVARA 09/05/2019
E89: =E88+C89+D89 -> 22378000 | K89: SUBTOTAL ABONO | L89: =SUM(L86:L88) -> -63000000
E90: =E89+C90+D90 -> 22378000 | L90: 80000000 | M90: PRECIO LEADWELL V20
E91: =E90+C91+D91 -> 22378000 | L91: =L89+L90 -> 17000000 | M91: SALDO
E92: =E91+C92+D92 -> 22378000 | K92: ABONO | L92: -10000000 | M92: GUEVARA 13/06/2019
E93: =E92+C93+D93 -> 22378000 | K93: ABONO | L93: -7000000 | M93: DE ROUTER 60x60
E94: =E93+C94+D94 -> 22378000 | K94: SALDO | L94: =L91+L92+L93 -> 0
E95: =E94+C95+D95 -> 22378000
E96: =E95+C96+D96 -> 22378000
E97: =E96+C97+D97 -> 22378000
E98: =E97+C98+D98 -> 22378000
E99: =E98+C99+D99 -> 22378000
E100: =E99+C100+D100 -> 22378000
E101: =E100+C101+D101 -> 22378000
E102: =E101+C102+D102 -> 22378000
E103: =E102+C103+D103 -> 22378000
E104: =E103+C104+D104 -> 22378000
E105: =E104+C105+D105 -> 22378000
E106: =E105+C106+D106 -> 22378000
... E138: =E137+C138+D138 -> 22378000
D139: -21500000 | E139: =E138+C139+D139 -> 878000 | I139: BODEGA
E140: =E139+C140+D140 -> 878000
E141: =E140+C141+D141 -> 878000

Sheet 1019
B2: FECHA | C2: INGRESOS | D2: EGRESOS | E2: SALDO CAJA | F2: E.G. | G2: W.V. | H2: TRANSFERENCIAS | I2: DESCRIPCION
B4: MES ANTERIOR | E4: 22401250 | F4: 0 | H4: 12175734
E5: =E4+C5+D5 -> 22401250
B6: 43739 | D6: -17950 | E6: =E5+C6+D6 -> 22383300 | I6: EASY: JABON LIQUIDO MANOS 4L
B7: 43740 | D7: -327450 | E7: =E6+C7+D7 -> 22055850 | F7: -327450 | I7: BANCO OCCIDENTE: SEMAFORIZACION CUATRIMOTO NFY46B ENVIGADO
B8: 43740 | C8: 400000 | E8: =E7+C8+D8 -> 22455850 | I8: CARLOS SARMIENTO: ROUTEADO 12 MARCOS ESPEJOS ($50.000 C/U) SALDO $400.000, PAGADO TOTAL
B9: 43740 | C9: 300000 | E9: =E8+C9+D9 -> 22755850 | I9: JOHN CALDERON: RECTIFICADA MOLDE RODILLO 50%
B10: 43740 | C10: 437500 | E10: =E9+C10+D10 -> 23193350 | I10: JOHN CALDERON: 70 GRABADOS ASCENSORES $12.500 C/U * 50%
B11: 43742 | D11: -32000 | E11: =E10+C11+D11 -> 23161350 | F11: -32000 | I11: MOVISTAR E.G.
B12: 43742 | D12: -32000 | E12: =E11+C12+D12 -> 23129350 | F12: -32000 | I12: MOVISTAR A.B.
B13: 43742 | D13: -11900 | E13: =E12+C13+D13 -> 23117450 | I13: RESMA PAPEL TAMAÑO CARTA
B14: 43742 | D14: -43100 | E14: =E13+C14+D14 -> 23074350 | I14: ALMUERZO: PAPA JOHNS $65.100 - $22.000 DE JOHN
B15: 43745 | D15: -2100 | E15: =E14+C15+D15 -> 23072250 | I15: 7 LONAS
B16: 43745 | D16: -8000 | E16: =E15+C16+D16 -> 23064250 | I16: ONCES
B17: 43745 | C17: 240000 | E17: =E16+C17+D17 -> 23304250 | I17: MECANIZADO WILLIAM MARTIN $300 - $60 MATERIAL
B18: 43747 | D18: -17600 | E18: =E17+C18+D18 -> 23286650 | I18: D1: ASEO
B19: 43747 | D19: -1000 | E19: =E18+C19+D19 -> 23285650 | I19: DVD BLANCO
B20: 43747 | E20: =E19+C20+D20 -> 23285650 | H20: 3779100 | I20: ENRIQUE 4X4: SALDO PENDIENTE
B21: 43749 | E21: =E20+C21+D21 -> 23285650 | F21: 275600 | I21: ACERTEMPLE: TEMPLADO 53KG x $5.200
B22: 43749 | E22: =E21+C22+D22 -> 23285650 | F22: 63600 | I22: ZINTEPEC: ZINCADO 53KG x $1.200
B23: 43754 | D23: -8700 | E23: =E22+C23+D23 -> 23276950 | I23: ONCES
B24: 43754 | E24: =E23+C24+D24 -> 23276950 | F24: 34900 | I24: ACUEDUCTO
B25: 43754 | D25: -80000 | E25: =E24+C25+D25 -> 23196950 | I25: HEGO: 500 ORING NITRILO 213 * $160. LOS COMPRO JOHN CALDERON SIN FACTURA
B26: 43755 | E26: =E25+C26+D26 -> 23196950 | F26: 275600 | I26: ACERTEMPLE: TEMPLADO 53KG x $5.200 (NO HAY FACTURA)
B27: 43755 | E27: =E26+C27+D27 -> 23196950 | F27: 68000 | I27: ZINTEPEC: ZINCADO 53KG x $1.200
B28: 43755 | D28: -7800 | E28: =E27+C28+D28 -> 23189150 | I28: ONCES
B29: 43756 | D29: -7800 | E29: =E28+C29+D29 -> 23181350 | I29: ONCES
B30: 43756 | D30: -92000 | E30: =E29+C30+D30 -> 23089350 | I30: MOVISTAR FIJO
B31: 43763 | E31: =E30+C31+D31 -> 23089350 | F31: 348750 | I31: CODENSA
B32: 43768 | D32: -32000 | E32: =E31+C32+D32 -> 23057350 | I32: MOVISTAR A.B.
B33: 43768 | D33: -32000 | E33: =E32+C33+D33 -> 23025350 | I33: MOVISTAR E.G.
B34: 43768 | E34: =E33+C34+D34 -> 23025350 | F34: 27200 | I34: RDV LTDA: MANGUERA SILICONA
B35: 43768 | E35: =E34+C35+D35 -> 23025350 | F35: 52800 | I35: HERRATEC: MACHUELO Y BROCAS
B36: 43768 | E36: =E35+C36+D36 -> 23025350 | F36: 11000 | I36: HERRATEC: BROCAS
B37: 43768 | E37: =E36+C37+D37 -> 23025350 | F37: 364000 | I37: ACERTEMPLE: TEMPLADO 70KG x $5.200 (NO HAY FACTURA) PROMEDIO DE 200 JUEGOS x 348gr
B38: 43768 | E38: =E37+C38+D38 -> 23025350 | F38: 84000 | I38: ZINTEPEC: ZINCADO 70KG x $1.200 (NO HAY FACTURA) PROMEDIO DE 200 JUEGOS x 348gr
E39: =E38+C39+D39 -> 23025350
E40: =E39+C40+D40 -> 23025350
E41: =E40+C41+D41 -> 23025350 | F41: =SUM(F4:F40) -> 1214000 | H41: =SUM(H4:H40) -> 15954834
E42: =E41+C42+D42 -> 23025350 | H42: =H41-F41 -> 14740834
E43: =E42+C43+D43 -> 23025350
E44: =E43+C44+D44 -> 23025350 | H44: -700000 | I44: UTILIDADES E.G.
D45: -700000 | E45: =E44+C45+D45 -> 22325350 | I45: UTILIDADES W.V.
E46: =E45+C46+D46 -> 22325350
B47: PASA SALDO | E47: =E46+C47+D47 -> 22325350 | H47: =H42+H44 -> 14040834
E48: =E47+C48+D48 -> 22325350
E49: =E48+C49+D49 -> 22325350
E50: =E49+C50+D50 -> 22325350
E51: =E50+C51+D51 -> 22325350
E52: =E51+C52+D52 -> 22325350
E53: =E52+C53+D53 -> 22325350
E54: =E53+C54+D54 -> 22325350
E55: =E54+C55+D55 -> 22325350
E56: =E55+C56+D56 -> 22325350
E57: =E56+C57+D57 -> 22325350
E58: =E57+C58+D58 -> 22325350
E59: =E58+C59+D59 -> 22325350
... E87: =E86+C87+D87 -> 22325350
D88: -28350 | E88: =E87+C88+D88 -> 22297000 | I88: MONEDA
E89: =E88+C89+D89 -> 22297000
E90: =E89+C90+D90 -> 22297000
E91: =E90+C91+D91 -> 22297000
E92: =E91+C92+D92 -> 22297000 | K92: LEADWELL V20
E93: =E92+C93+D93 -> 22297000 | K93: ABONO | L93: -18000000 | M93: EFECTIVO 10/05/2019
E94: =E93+C94+D94 -> 22297000 | K94: ABONO | L94: -35000000 | M94: ROUTER AMARILLA
E95: =E94+C95+D95 -> 22297000 | K95: ABONO | L95: -10000000 | M95: GUEVARA 09/05/2019
E96: =E95+C96+D96 -> 22297000 | K96: SUBTOTAL ABONO | L96: =SUM(L93:L95) -> -63000000
E97: =E96+C97+D97 -> 22297000 | L97: 80000000 | M97: PRECIO LEADWELL V20
E98: =E97+C98+D98 -> 22297000 | L98: =L96+L97 -> 17000000 | M98: SALDO
E99: =E98+C99+D99 -> 22297000 | K99: ABONO | L99: -10000000 | M99: GUEVARA 13/06/2019
E100: =E99+C100+D100 -> 22297000 | K100: ABONO | L100: -7000000 | M100: DE ROUTER 60x60
E101: =E100+C101+D101 -> 22297000 | K101: SALDO | L101: =L98+L99+L100 -> 0
E102: =E101+C102+D102 -> 22297000
E103: =E102+C103+D103 -> 22297000
E104: =E103+C104+D104 -> 22297000
E105: =E104+C105+D105 -> 22297000
E106: =E105+C106+D106 -> 22297000
E107: =E106+C107+D107 -> 22297000
E108: =E107+C108+D108 -> 22297000
E109: =E108+C109+D109 -> 22297000
E110: =E109+C110+D110 -> 22297000
E111: =E110+C111+D111 -> 22297000
E112: =E111+C112+D112 -> 22297000
E113: =E112+C113+D113 -> 22297000
... E145: =E144+C145+D145 -> 22297000
D146: -21500000 | E146: =E145+C146+D146 -> 797000 | I146: BODEGA
E147: =E146+C147+D147 -> 797000
E148: =E147+C148+D148 -> 797000

Sheet 1119
B2: FECHA | C2: INGRESOS | D2: EGRESOS | E2: SALDO CAJA | F2: E.G. | G2: W.V. | H2: TRANSFERENCIAS | I2: DESCRIPCION
B4: MES ANTERIOR | E4: 22325350 | F4: 0 | H4: 14040834
E5: =E4+C5+D5 -> 22325350
B6: 43770 | E6: =E5+C6+D6 -> 22325350 | H6: 10000000 | I6: JAVIER FONCECA DIAZ:ABONO ROUTER 1,20 x 2,40
B7: 43770 | E7: =E6+C7+D7 -> 22325350 | H7: -236100 | I7: MI PLANILLA E.G. OCTUBRE TOTAL ($427.500)
B8: 43770 | E8: =E7+C8+D8 -> 22325350 | H8: -236100 | I8: MI PLANILLA W.V. OCTUBRE
B9: 43770 | C9: 180000 | E9: =E8+C9+D9 -> 22505350 | I9: JOHN CALDERON: TRABAJO JULIAN
B10: 43770 | C10: 62500 | E10: =E9+C10+D10 -> 22567850 | I10: JOHN CALDERON: ASCENSORES 10 PLACAS * 50%
B11: 43770 | D11: -12100 | E11: =E10+C11+D11 -> 22555750 | I11: ONCES
B12: 43774 | C12: 2000000 | E12: =E11+C12+D12 -> 24555750 | H12: 3000000 | I12: VENTA DOBLADORA R.C. 008 TOTAL $5.000.000
B13: 43775 | C13: 37000 | E13: =E12+C13+D13 -> 24592750 | I13: CHATARRA VENDIDA EL MES PASADO.
B14: 43776 | C14: 75000 | E14: =E13+C14+D14 -> 24667750 | I14: JOHN CALDERON: MARCADO 12 PLACAS ASCENSORES * 50%
B15: 43777 | D15: -6900 | E15: =E14+C15+D15 -> 24660850 | I15: ONCES
B16: 43777 | E16: =E15+C16+D16 -> 24660850 | H16: -2900 | I16: CERTIFICADO MATRICULA CANCELADA CAMARA Y COMERCIO
B17: 43782 | D17: -30000 | E17: =E16+C17+D17 -> 24630850 | I17: METALASER: CORTE LASER CAJAS CAMARAS CCTV
B18: 43782 | D18: -15000 | E18: =E17+C18+D18 -> 24615850 | I18: ONCES
B19: 43784 | D19: -8600 | E19: =E18+C19+D19 -> 24607250 | I19: ONCES
B20: 43787 | C20: 20000000 | E20: =E19+C20+D20 -> 44607250 | I20: JAVIER FONCECA DIAZ: SALDO ROUTER 1,20 x 2,40
B21: 43788 | D21: -3000 | E21: =E20+C21+D21 -> 44604250 | I21: SILICONA BARRAS
B22: 43789 | C22: 100000 | E22: =E21+C22+D22 -> 44704250 | I22: EDILBERTO BARAJAS: SERVICIO TECNICO COMUNICACIÓN SERIE TORNO GSK
B23: 43791 | D23: -5200 | E23: =E22+C23+D23 -> 44699050 | I23: ONCES
B24: 43794 | E24: =E23+C24+D24 -> 44699050 | F24: 15900 | I24: MUNDIAL DE TORNILLOS
B25: 43794 | D25: -45200 | E25: =E24+C25+D25 -> 44653850 | I25: GRASA DE LITIO
B26: 43794 | D26: -20000 | E26: =E25+C26+D26 -> 44633850 | I26: AYUDANTE LUIS TORRES
B27: 43794 | D27: -5000 | E27: =E26+C27+D27 -> 44628850 | I27: ONCES
B28: 43794 | E28: =E27+C28+D28 -> 44628850 | H28: 5000000 | I28: ENRIQUE 4X4: ABONO EFECTIVO E.G.
B29: 43796 | E29: =E28+C29+D29 -> 44628850 | H29: -207730 | I29: CODENSA
B30: 43797 | E30: =E29+C30+D30 -> 44628850 | F30: 95000 | I30: ELECTRONICA CONTINENTAL: CABLE Y SPLITER HDMI PARA CAMARAS
B31: 43797 | E31: =E30+C31+D31 -> 44628850 | F31: 10000 | I31: SWICHT CON LLAVE PARA LEADWELL V20
B32: 43797 | E32: =E31+C32+D32 -> 44628850 | F32: 13950 | I32: ACERPLAS & FERRECORTE SAS: BAQUELITA BARRA
B33: 43797 | E33: =E32+C33+D33 -> 44628850 | F33: 2804 | I33: TORNILLOS PLAZAS: TORNILLO BRISTOL
B34: 43798 | D34: -66000 | E34: =E33+C34+D34 -> 44562850 | I34: CABLE Nº 12
B35: 43798 | D35: -3000 | E35: =E34+C35+D35 -> 44559850 | I35: CABLE Nº 12
B36: 43798 | C36: 111250 | E36: =E35+C36+D36 -> 44671100 | I36: JOHN CALDERON: $30 CORTE ROUTER, $25 GRABADO ASCENSORES, $56.250 GRABADO ASCENSORES
B37: 43798 | D37: -32000 | E37: =E36+C37+D37 -> 44639100 | F37: -32000 | I37: MOVISTAR A.B.
B38: 43798 | D38: -32000 | E38: =E37+C38+D38 -> 44607100 | F38: -32000 | I38: MOVISTAR E.G.
B39: 43798 | C39: 1000000 | E39: =E38+C39+D39 -> 45607100 | I39: JOHN CALDERON: MOLDE POLICROMETAL ABONO
E40: =E39+C40+D40 -> 45607100
E41: =E40+C41+D41 -> 45607100 | F41: =SUM(F4:F40) -> 73654 | H41: =SUM(H4:H40) -> 31358004
E42: =E41+C42+D42 -> 45607100 | H42: =H41-F41 -> 31284350
E43: =E42+C43+D43 -> 45607100
E44: =E43+C44+D44 -> 45607100 | H44: -2000000 | I44: UTILIDADES E.G.
D45: -2000000 | E45: =E44+C45+D45 -> 43607100 | I45: UTILIDADES W.V.
E46: =E45+C46+D46 -> 43607100
B47: PASA SALDO | E47: =E46+C47+D47 -> 43607100 | H47: =H42+H44 -> 29284350
E48: =E47+C48+D48 -> 43607100
E49: =E48+C49+D49 -> 43607100
E50: =E49+C50+D50 -> 43607100
E51: =E50+C51+D51 -> 43607100
E52: =E51+C52+D52 -> 43607100
E53: =E52+C53+D53 -> 43607100
E54: =E53+C54+D54 -> 43607100
E55: =E54+C55+D55 -> 43607100
E56: =E55+C56+D56 -> 43607100
E57: =E56+C57+D57 -> 43607100
E58: =E57+C58+D58 -> 43607100
E59: =E58+C59+D59 -> 43607100
... E88: =E87+C88+D88 -> 43607100
D89: -30100 | E89: =E88+C89+D89 -> 43577000 | I89: MONEDA
E90: =E89+C90+D90 -> 43577000
E91: =E90+C91+D91 -> 43577000
E92: =E91+C92+D92 -> 43577000
E93: =E92+C93+D93 -> 43577000 | K93: LEADWELL V20
E94: =E93+C94+D94 -> 43577000 | K94: ABONO | L94: -18000000 | M94: EFECTIVO 10/05/2019
E95: =E94+C95+D95 -> 43577000 | K95: ABONO | L95: -35000000 | M95: ROUTER AMARILLA
E96: =E95+C96+D96 -> 43577000 | K96: ABONO | L96: -10000000 | M96: GUEVARA 09/05/2019
E97: =E96+C97+D97 -> 43577000 | K97: SUBTOTAL ABONO | L97: =SUM(L94:L96) -> -63000000
E98: =E97+C98+D98 -> 43577000 | L98: 80000000 | M98: PRECIO LEADWELL V20
E99: =E98+C99+D99 -> 43577000 | L99: =L97+L98 -> 17000000 | M99: SALDO
E100: =E99+C100+D100 -> 43577000 | K100: ABONO | L100: -10000000 | M100: GUEVARA 13/06/2019
E101: =E100+C101+D101 -> 43577000 | K101: ABONO | L101: -7000000 | M101: DE ROUTER 60x60
E102: =E101+C102+D102 -> 43577000 | K102: SALDO | L102: =L99+L100+L101 -> 0
E103: =E102+C103+D103 -> 43577000
E104: =E103+C104+D104 -> 43577000
E105: =E104+C105+D105 -> 43577000
E106: =E105+C106+D106 -> 43577000
E107: =E106+C107+D107 -> 43577000
E108: =E107+C108+D108 -> 43577000
E109: =E108+C109+D109 -> 43577000
E110: =E109+C110+D110 -> 43577000
E111: =E110+C111+D111 -> 43577000
E112: =E111+C112+D112 -> 43577000
E113: =E112+C113+D113 -> 43577000
E114: =E113+C114+D114 -> 43577000
... E146: =E145+C146+D146 -> 43577000
D147: -41500000 | E147: =E146+C147+D147 -> 2077000 | I147: BODEGA
E148: =E147+C148+D148 -> 2077000
E149: =E148+C149+D149 -> 2077000

Sheet 1219
B2: FECHA | C2: INGRESOS | D2: EGRESOS | E2: SALDO CAJA | F2: E.G. | G2: W.V. | H2: TRANSFERENCIAS | I2: DESCRIPCION
B4: MES ANTERIOR | E4: 43607100 | F4: 0 | H4: 29284350
E5: =E4+C5+D5 -> 43607100
B6: 43801 | E6: =E5+C6+D6 -> 43607100 | H6: 5000000 | I6: ENRIQUE 4X4: ABONO EFECTIVO E.G.
B7: 43802 | D7: -9400 | E7: =E6+C7+D7 -> 43597700 | I7: ONCES
B8: 43802 | E8: =E7+C8+D8 -> 43597700 | H8: -236100 | I8: MI PLANILLA E.G. NOVIEMBRE TOTAL ($427.500)
B9: 43802 | E9: =E8+C9+D9 -> 43597700 | H9: -236100 | I9: MI PLANILLA W.V. NOVIEMBRE
B10: 43803 | E10: =E9+C10+D10 -> 43597700 | H10: -90700 | I10: MOVISTAR FIJO
B11: 43810 | D11: -800 | E11: =E10+C11+D11 -> 43596900 | I11: CONTRATO DE ARRENDAMIENTO DE VIVIENDA URBANA (FORMATO)
B12: 43810 | D12: -2400 | E12: =E11+C12+D12 -> 43594500 | I12: BOLSAS BASURA
B13: 43810 | D13: -460100 | E13: =E12+C13+D13 -> 43134400 | I13: ACUEDUCTO
B14: 43812 | C14: 1400000 | E14: =E13+C14+D14 -> 44534400 | I14: JOHN CALDERON: MOLDE POLICROMETAL SALDO. TOTAL LIBRES $4.800.000 DE $8.000.000. x 50% = $2.400.000 - $1.000.000 ABONADO 29/11/2019
B15: 43812 | C15: 162500 | E15: =E14+C15+D15 -> 44696900 | I15: JHON CALDERON: 18 + 8 = 26 PLACAS DE ASCENSORES x $12.500 = $325.000 x 50% = $162.500
B16: 43812 | D16: -9000 | E16: =E15+C16+D16 -> 44687900 | I16: ONCES
B17: 43812 | D17: -4000 | E17: =E16+C17+D17 -> 44683900 | I17: RUBI - LIJA 1500
B18: 43812 | E18: =E17+C18+D18 -> 44683900 | F18: 100000 | I18: SOLDADURA DISCO DURAL JAIRO CHAPARRO
B19: 43812 | D19: -800 | E19: =E18+C19+D19 -> 44683100 | I19: ESPONJILLA SABRA
B20: 43813 | E20: =E19+C20+D20 -> 44683100 | F20: 150000 | I20: ERICK: MANTENIMIENTO LEADWELL V20
B21: 43814 | E21: =E20+C21+D21 -> 44683100 | H21: 1200000 | I21: JAIRO CHAPARRO: MECANIZADO DISCO DURAL
B22: 43815 | D22: -6800 | E22: =E21+C22+D22 -> 44676300 | I22: PICAP, MENSAJERIA JOHN CALDERON
B23: 43817 | E23: =E22+C23+D23 -> 44676300 | F23: 18000 | I23: CONTROL ALAMBRICO PLAY STATION, PARA MACH3
B24: 43817 | E24: =E23+C24+D24 -> 44676300 | H24: 6000000 | I24: ENRIQUE 4X4: ABONO EFECTIVO E.G.
B25: 43818 | C25: 1000000 | E25: =E24+C25+D25 -> 45676300 | I25: CARPINTERO VICTOR NAVARRETE: ROUTEADO MARCOS PUERTAS. DEBE $200.000
B26: 43818 | D26: -18100 | E26: =E25+C26+D26 -> 45658200 | I26: ENVIO SERVIENTREGA: EMPAQUE BARREDOR LEADWEEL V20
B27: 43818 | E27: =E26+C27+D27 -> 45658200 | H27: 4000000 | I27: ENRIQUE 4X4: ABONO EFECTIVO E.G.
B28: 43818 | E28: =E27+C28+D28 -> 45658200 | F28: 700000 | I28: MEDELLIN: CAUCHOS GUARDAPOLVO LEADWELL V20
B29: 43818 | E29: =E28+C29+D29 -> 45658200 | F29: 3602600 | I29: ACEFER: MATERIAL ENRIQUE 4x4
B30: 43818 | E30: =E29+C30+D30 -> 45658200 | F30: 150000 | I30: MUNDIAL DE BOBINADOS: BOBINADO MOTOR VENTILADOR LEADWELL V20
B31: 43819 | D31: -14900 | E31: =E30+C31+D31 -> 45643300 | I31: HOMECENTER: JUEGO 5 BROCAS MADERA
B32: 43819 | D32: -62900 | E32: =E31+C32+D32 -> 45580400 | I32: FERRELECTRICOS LARROTA: CANDADO ANTICIZALLA CISA 77mm
B33: 43820 | E33: =E32+C33+D33 -> 45580400 | F33: 13250000 | I33: SIERRA STARRET
B34: 43822 | D34: -90000 | E34: =E33+C34+D34 -> 45490400 | I34: MOVISTAR FIJO
B35: 43822 | D35: -300000 | E35: =E34+C35+D35 -> 45190400 | F35: -300000 | I35: REGALO E.G. A SANTIAGO Y SOFIA
B36: 43823 | D36: -5000 | E36: =E35+C36+D36 -> 45185400 | I36: GASOLINA BIDON
B37: 43825 | D37: -300000 | E37: =E36+C37+D37 -> 44885400 | I37: JOHN CALDERON: MANO OBRA MECANIZADO DISCO DURAL JAIRO CHAPARRO
B38: 43825 | C38: 137500 | E38: =E37+C38+D38 -> 45022900 | I38: JOHN CALDERON: 22 GRABADOS ASCENSORES * $12.500 = $275.000 * 50% = $137.500
B39: 43826 | E39: =E38+C39+D39 -> 45022900 | H39: -203100 | I39: CODENSA PSE
B40: 43826 | E40: =E39+C40+D40 -> 45022900 | H40: -236100 | I40: MI PLANILLA E.G. DICIEMBRE TOTAL ($427.500)
B41: 43826 | E41: =E40+C41+D41 -> 45022900 | H41: -236100 | I41: MI PLANILLA W.V. DICIEMBRE
B42: 43826 | D42: -32000 | E42: =E41+C42+D42 -> 44990900 | F42: -32000 | I42: MOVISTAR A.B.
B43: 43826 | D43: -32000 | E43: =E42+C43+D43 -> 44958900 | F43: -32000 | I43: MOVISTAR E.G.
E44: =E43+C44+D44 -> 44958900
E45: =E44+C45+D45 -> 44958900 | F45: =SUM(F4:F44) -> 17606600 | H45: =SUM(H4:H44) -> 44246150
E46: =E45+C46+D46 -> 44958900 | H46: =H45-F45 -> 26639550
E47: =E46+C47+D47 -> 44958900
E48: =E47+C48+D48 -> 44958900 | H48: -2500000 | I48: UTILIDADES E.G.
D49: -2500000 | E49: =E48+C49+D49 -> 42458900 | I49: UTILIDADES W.V.
E50: =E49+C50+D50 -> 42458900
B51: PASA SALDO | E51: =E50+C51+D51 -> 42458900 | H51: =H46+H48 -> 24139550
E52: =E51+C52+D52 -> 42458900
E53: =E52+C53+D53 -> 42458900
E54: =E53+C54+D54 -> 42458900
E55: =E54+C55+D55 -> 42458900
E56: =E55+C56+D56 -> 42458900
E57: =E56+C57+D57 -> 42458900
E58: =E57+C58+D58 -> 42458900
E59: =E58+C59+D59 -> 42458900
E60: =E59+C60+D60 -> 42458900
E61: =E60+C61+D61 -> 42458900
E62: =E61+C62+D62 -> 42458900
E63: =E62+C63+D63 -> 42458900
... E91: =E90+C91+D91 -> 42458900
D92: -29900 | E92: =E91+C92+D92 -> 42429000 | I92: MONEDA
E93: =E92+C93+D93 -> 42429000
E94: =E93+C94+D94 -> 42429000
E95: =E94+C95+D95 -> 42429000
E96: =E95+C96+D96 -> 42429000 | K96: LEADWELL V20
E97: =E96+C97+D97 -> 42429000 | K97: ABONO | L97: -18000000 | M97: EFECTIVO 10/05/2019
E98: =E97+C98+D98 -> 42429000 | K98: ABONO | L98: -35000000 | M98: ROUTER AMARILLA
E99: =E98+C99+D99 -> 42429000 | K99: ABONO | L99: -10000000 | M99: GUEVARA 09/05/2019
E100: =E99+C100+D100 -> 42429000 | K100: SUBTOTAL ABONO | L100: =SUM(L97:L99) -> -63000000
E101: =E100+C101+D101 -> 42429000 | L101: 80000000 | M101: PRECIO LEADWELL V20
E102: =E101+C102+D102 -> 42429000 | L102: =L100+L101 -> 17000000 | M102: SALDO
E103: =E102+C103+D103 -> 42429000 | K103: ABONO | L103: -10000000 | M103: GUEVARA 13/06/2019
E104: =E103+C104+D104 -> 42429000 | K104: ABONO | L104: -7000000 | M104: DE ROUTER 60x60
E105: =E104+C105+D105 -> 42429000 | K105: SALDO | L105: =L102+L103+L104 -> 0
E106: =E105+C106+D106 -> 42429000
E107: =E106+C107+D107 -> 42429000
E108: =E107+C108+D108 -> 42429000
E109: =E108+C109+D109 -> 42429000
E110: =E109+C110+D110 -> 42429000
E111: =E110+C111+D111 -> 42429000
E112: =E111+C112+D112 -> 42429000
E113: =E112+C113+D113 -> 42429000
E114: =E113+C114+D114 -> 42429000
E115: =E114+C115+D115 -> 42429000
E116: =E115+C116+D116 -> 42429000
E117: =E116+C117+D117 -> 42429000
... E149: =E148+C149+D149 -> 42429000
D150: -41500000 | E150: =E149+C150+D150 -> 929000 | I150: BODEGA
D151: -1200000 | E151: =E150+C151+D151 -> -271000 | I151: W
E152: =E151+C152+D152 -> -271000

Sheet 0120
B2: FECHA | C2: INGRESOS | D2: EGRESOS | E2: SALDO CAJA | F2: E.G. | G2: W.V. | H2: TRANSFERENCIAS | I2: DESCRIPCION
B4: MES ANTERIOR | E4: 42458900 | F4: 0 | H4: 24139550
E5: =E4+C5+D5 -> 42458900
B6: 43474 | D6: -3000 | E6: =E5+C6+D6 -> 42455900 | I6: LONAS
B7: 43478 | D7: -22000 | E7: =E6+C7+D7 -> 42433900 | I7: ALMUERZO
B8: 43478 | D8: -30000 | E8: =E7+C8+D8 -> 42403900 | I8: GUANTES NITRILO
B9: 43479 | C9: 500000 | E9: =E8+C9+D9 -> 42903900 | I9: JOHN CALDERON: TROQUEL OREJAS BALDE POLICROMETAL 50% $1.000.000
B10: 43479 | C10: 200000 | E10: =E9+C10+D10 -> 43103900 | I10: JOHN CALDERON: PLACA PERFORACION VISAGRA LONCHERA 50% $400.000
B11: 43479 | D11: -2000 | E11: =E10+C11+D11 -> 43101900 | I11: CINTA AISLANTE
B12: 43844 | E12: =E11+C12+D12 -> 43101900 | H12: -23100 | I12: HERRATEC: 2 INSERTOS TORNEADO DESBASTE
B13: 43480 | E13: =E12+C13+D13 -> 43101900 | H13: -186000 | I13: GODADDY: RENOVACION 3 AÑOS HASTA 17/02/2023
B14: 43480 | C14: 100000 | E14: =E13+C14+D14 -> 43201900 | I14: JOHN CALDERON: 16 PLACAS ASCENSORES * $12.500 * 50%
B15: 43481 | D15: -14500 | E15: =E14+C15+D15 -> 43187400 | I15: PAPEL HIGIENICO
B16: 43481 | D16: -27000000 | E16: =E15+C16+D16 -> 16187400 | I16: PLEGADORA NC MONTEGUEZ
B17: 43482 | C17: 400000 | E17: =E16+C17+D17 -> 16587400 | I17: JOHN CALDERON: PLACA RECTIFICADA POLICROMETAL, BALDE CORONA
B18: 43482 | D18: -560000 | E18: =E17+C18+D18 -> 16027400 | I18: ACEITE PLEGADORA 20 GALONES x $28.000
B19: 43482 | D19: -40000 | E19: =E18+C19+D19 -> 15987400 | I19: MONTACARGAS PARA PLEGADORA
B20: 43486 | D20: -2300 | E20: =E19+C20+D20 -> 15985100 | I20: CINTA TEFLON
B21: 43487 | D21: -31700 | E21: =E20+C21+D21 -> 15953400 | I21: D1: IMPLEMENTOS ASEO
B22: 43488 | D22: -192150 | E22: =E21+C22+D22 -> 15761250 | I22: CODENSA
B23: 43488 | D23: -92000 | E23: =E22+C23+D23 -> 15669250 | I23: MOVISTAR FIJO
B24: 43494 | D24: -14700 | E24: =E23+C24+D24 -> 15654550 | I24: ONCES
B25: 43495 | E25: =E24+C25+D25 -> 15654550 | H25: -250300 | I25: MI PLANILLA E.G. ENERO TOTAL ($427.500)
B26: 43495 | E26: =E25+C26+D26 -> 15654550 | H26: -250300 | I26: MI PLANILLA W.V. ENERO
B27: 43495 | D27: -32000 | E27: =E26+C27+D27 -> 15622550 | F27: -32000 | I27: MOVISTAR A.B.
B28: 43495 | D28: -32000 | E28: =E27+C28+D28 -> 15590550 | F28: -32000 | I28: MOVISTAR E.G.
B29: 43496 | E29: =E28+C29+D29 -> 15590550 | F29: =SUM(F4:F28) -> -64000 | H29: =SUM(H4:H28) -> 23429850
E30: =E29+C30+D30 -> 15590550 | H30: =H29-F29 -> 23493850
E31: =E30+C31+D31 -> 15590550
E32: =E31+C32+D32 -> 15590550 | H32: -1500000 | I32: UTILIDADES E.G.
D33: -1500000 | E33: =E32+C33+D33 -> 14090550 | I33: UTILIDADES W.V.
E34: =E33+C34+D34 -> 14090550
B35: PASA SALDO | E35: =E34+C35+D35 -> 14090550 | H35: =H30+H32 -> 21993850
E36: =E35+C36+D36 -> 14090550
E37: =E36+C37+D37 -> 14090550
E38: =E37+C38+D38 -> 14090550
E39: =E38+C39+D39 -> 14090550
E40: =E39+C40+D40 -> 14090550
E41: =E40+C41+D41 -> 14090550
E42: =E41+C42+D42 -> 14090550
E43: =E42+C43+D43 -> 14090550
E44: =E43+C44+D44 -> 14090550
E45: =E44+C45+D45 -> 14090550
E46: =E45+C46+D46 -> 14090550
E47: =E46+C47+D47 -> 14090550
... E90: =E89+C90+D90 -> 14090550
D91: -34550 | E91: =E90+C91+D91 -> 14056000 | I91: MONEDA
E92: =E91+C92+D92 -> 14056000
E93: =E92+C93+D93 -> 14056000
E94: =E93+C94+D94 -> 14056000
E95: =E94+C95+D95 -> 14056000 | K95: LEADWELL V20
E96: =E95+C96+D96 -> 14056000 | K96: ABONO | L96: -18000000 | M96: EFECTIVO 10/05/2019
E97: =E96+C97+D97 -> 14056000 | K97: ABONO | L97: -35000000 | M97: ROUTER AMARILLA
E98: =E97+C98+D98 -> 14056000 | K98: ABONO | L98: -10000000 | M98: GUEVARA 09/05/2019
E99: =E98+C99+D99 -> 14056000 | K99: SUBTOTAL ABONO | L99: =SUM(L96:L98) -> -63000000
E100: =E99+C100+D100 -> 14056000 | L100: 80000000 | M100: PRECIO LEADWELL V20
E101: =E100+C101+D101 -> 14056000 | L101: =L99+L100 -> 17000000 | M101: SALDO
E102: =E101+C102+D102 -> 14056000 | K102: ABONO | L102: -10000000 | M102: GUEVARA 13/06/2019
E103: =E102+C103+D103 -> 14056000 | K103: ABONO | L103: -7000000 | M103: DE ROUTER 60x60
E104: =E103+C104+D104 -> 14056000 | K104: SALDO | L104: =L101+L102+L103 -> 0
E105: =E104+C105+D105 -> 14056000
E106: =E105+C106+D106 -> 14056000
E107: =E106+C107+D107 -> 14056000
E108: =E107+C108+D108 -> 14056000
E109: =E108+C109+D109 -> 14056000
E110: =E109+C110+D110 -> 14056000
E111: =E110+C111+D111 -> 14056000
E112: =E111+C112+D112 -> 14056000
E113: =E112+C113+D113 -> 14056000
E114: =E113+C114+D114 -> 14056000
E115: =E114+C115+D115 -> 14056000
E116: =E115+C116+D116 -> 14056000
... E148: =E147+C148+D148 -> 14056000
D149: -13000000 | E149: =E148+C149+D149 -> 1056000 | I149: BODEGA | J149: 10 / / / 3
E150: =E149+C150+D150 -> 1056000
E151: =E150+C151+D151 -> 1056000

Sheet 0220
B2: FECHA | C2: INGRESOS | D2: EGRESOS | E2: SALDO CAJA | F2: E.G. | G2: W.V. | H2: TRANSFERENCIAS | I2: DESCRIPCION
B4: MES ANTERIOR | E4: 14090550 | F4: 0 | H4: 21993850
E5: =E4+C5+D5 -> 14090550
B6: 43864 | D6: -12000 | E6: =E5+C6+D6 -> 14078550 | I6: ONCES
B7: 43864 | D7: -7800 | E7: =E6+C7+D7 -> 14070750 | I7: TOALLA MANOS BAÑO
B8: 43864 | E8: =E7+C8+D8 -> 14070750 | F8: 42500 | I8: HERRATEC: 2 INSERTOS ACABADO + 1 INSERTO DESBASTE
B9: 43865 | E9: =E8+C9+D9 -> 14070750 | F9: 85300 | I9: ORING'S $82.680 + $2.600
B10: 43865 | D10: -5400 | E10: =E9+C10+D10 -> 14065350 | I10: ONCES
B11: 43869 | C11: 282000 | E11: =E10+C11+D11 -> 14347350 | I11: SERVICIO Y CAPACITACION BUCARAMANGA 07/02/2020
B12: 43869 | D12: -24000 | E12: =E11+C12+D12 -> 14323350 | I12: TRANSPORTE AEROPUERTO - APTO LLEGADA BOGOTA
B13: 43871 | E13: =E12+C13+D13 -> 14323350 | F13: 200000 | I13: REFRIGERANTE FLUVER 5G PARA SIERRA STARRET
B14: 43871 | C14: 150000 | E14: =E13+C14+D14 -> 14473350 | I14: MANTENIMIENTO ROUTER JOYERIA MARY
B15: 43871 | C15: 12000 | E15: =E14+C15+D15 -> 14485350 | I15: CORTES SIERRA STARRET SERBIO
B16: 43871 | C16: 100000 | E16: =E15+C16+D16 -> 14585350 | I16: CALDERON: ABONO 32 PLACAS * $12.500 * 50%. DEBE $100.000
B17: 43509 | D17: -4800 | E17: =E16+C17+D17 -> 14580550 | I17: LONAS x 8
B18: 43874 | C18: 5000000 | E18: =E17+C18+D18 -> 19580550 | I18: ENRIQUE 4X4: ABONO EFECTIVO E.G.
B19: 43875 | D19: -8000 | E19: =E18+C19+D19 -> 19572550 | I19: ONCES
B20: 43875 | D20: -118600 | E20: =E19+C20+D20 -> 19453950 | I20: ACUEDUCTO
B21: 43875 | D21: -442000 | E21: =E20+C21+D21 -> 19011950 | I21: ACERTEMPLE: ENRIQUE 85KG *$5.200, EL RECIBO ESTA CON FECHA DEL 14/02/2020
B22: 43878 | C22: 40000 | E22: =E21+C22+D22 -> 19051950 | I22: CORTES SIERRA STARRET SERBIO
B23: 43879 | C23: 20000 | E23: =E22+C23+D23 -> 19071950 | I23: CORTES SIERRA STARRET SERBIO
B24: 43879 | E24: =E23+C24+D24 -> 19071950 | F24: 42800 | I24: LA BODEGA INDUSTRIAL: MANGUERA Y ACOPLES PARA COMPRESOR
B25: 43880 | C25: 30000 | E25: =E24+C25+D25 -> 19101950 | I25: JOHN CALDERON: TORNEADO PATAS SILLAS
B26: 43882 | D26: -9900 | E26: =E25+C26+D26 -> 19092050 | I26: ONCES
B27: 43882 | C27: 100000 | E27: =E26+C27+D27 -> 19192050 | I27: CALDERON: SALDO 32 PLACAS * $12.500 * 50%. DEBE $0
B28: 43883 | D28: -92000 | E28: =E27+C28+D28 -> 19100050 | I28: MOVISTAR FIJO
B29: 43885 | D29: -10000 | E29: =E28+C29+D29 -> 19090050 | I29: TRANSPORTE PIEZAS DE TEMPLE A TRATAMIENTO
B30: 43885 | D30: -213600 | E30: =E29+C30+D30 -> 18876450 | I30: LUBRIQUIMICOS DE COLOMBIA: ACEITE PARA GUIAS ISO68
B31: 43885 | E31: =E30+C31+D31 -> 18876450 | F31: 116000 | I31: ZINTEPEC: 86KG ZINCADO
B32: 43885 | C32: 112500 | E32: =E31+C32+D32 -> 18988950 | I32: JOHN CALDERON: 18 PLACAS * $12.500 * 50%
B33: 43885 | D33: -5000 | E33: =E32+C33+D33 -> 18983950 | F33: -5000 | I33: E.G.: PINTOR CAMIONETA
B34: 43886 | E34: =E33+C34+D34 -> 18983950 | F34: 478400 | I34: ACERTEMPLE: ENRIQUE 92KG *$5.200, EL RECIBO ESTA CON FECHA DEL 14/02/2020
B35: 43886 | E35: =E34+C35+D35 -> 18983950 | F35: 106250 | I35: ZINCADO: ENRIQUE 85KG *$1.250
B36: 43888 | E36: =E35+C36+D36 -> 18983950 | H36: -250300 | I36: MI PLANILLA E.G. FEBRERO TOTAL ($427.500)
B37: 43888 | E37: =E36+C37+D37 -> 18983950 | H37: -250300 | I37: MI PLANILLA W.V. FEBRERO
B38: 43888 | D38: -32000 | E38: =E37+C38+D38 -> 18951950 | F38: -32000 | I38: MOVISTAR A.B.
B39: 43888 | D39: -32000 | E39: =E38+C39+D39 -> 18919950 | F39: -32000 | I39: MOVISTAR E.G.
B40: 43888 | D40: -289900 | E40: =E39+C40+D40 -> 18630050 | I40: CODENSA
E41: =E40+C41+D41 -> 18630050 | F41: =SUM(F4:F40) -> 1002250 | H41: =SUM(H4:H40) -> 21493250
E42: =E41+C42+D42 -> 18630050 | H42: =H41-F41 -> 20491000
E43: =E42+C43+D43 -> 18630050
E44: =E43+C44+D44 -> 18630050 | H44: -1500000 | I44: UTILIDADES E.G.
D45: -1500000 | E45: =E44+C45+D45 -> 17130050 | I45: UTILIDADES W.V.
E46: =E45+C46+D46 -> 17130050
B47: PASA SALDO | E47: =E46+C47+D47 -> 17130050 | H47: =H42+H44 -> 18991000
E48: =E47+C48+D48 -> 17130050
E49: =E48+C49+D49 -> 17130050
E50: =E49+C50+D50 -> 17130050
E51: =E50+C51+D51 -> 17130050
E52: =E51+C52+D52 -> 17130050
E53: =E52+C53+D53 -> 17130050
E54: =E53+C54+D54 -> 17130050
E55: =E54+C55+D55 -> 17130050
E56: =E55+C56+D56 -> 17130050
E57: =E56+C57+D57 -> 17130050
E58: =E57+C58+D58 -> 17130050
E59: =E58+C59+D59 -> 17130050
... E93: =E92+C93+D93 -> 17130050
D94: -30050 | E94: =E93+C94+D94 -> 17100000 | I94: MONEDA
E95: =E94+C95+D95 -> 17100000
E96: =E95+C96+D96 -> 17100000
E97: =E96+C97+D97 -> 17100000
E98: =E97+C98+D98 -> 17100000 | K98: LEADWELL V20
E99: =E98+C99+D99 -> 17100000 | K99: ABONO | L99: -18000000 | M99: EFECTIVO 10/05/2019
E100: =E99+C100+D100 -> 17100000 | K100: ABONO | L100: -35000000 | M100: ROUTER AMARILLA
E101: =E100+C101+D101 -> 17100000 | K101: ABONO | L101: -10000000 | M101: GUEVARA 09/05/2019
E102: =E101+C102+D102 -> 17100000 | K102: SUBTOTAL ABONO | L102: =SUM(L99:L101) -> -63000000
E103: =E102+C103+D103 -> 17100000 | L103: 80000000 | M103: PRECIO LEADWELL V20
E104: =E103+C104+D104 -> 17100000 | L104: =L102+L103 -> 17000000 | M104: SALDO
E105: =E104+C105+D105 -> 17100000 | K105: ABONO | L105: -10000000 | M105: GUEVARA 13/06/2019
E106: =E105+C106+D106 -> 17100000 | K106: ABONO | L106: -7000000 | M106: DE ROUTER 60x60
E107: =E106+C107+D107 -> 17100000 | K107: SALDO | L107: =L104+L105+L106 -> 0
E108: =E107+C108+D108 -> 17100000
E109: =E108+C109+D109 -> 17100000
E110: =E109+C110+D110 -> 17100000
E111: =E110+C111+D111 -> 17100000
E112: =E111+C112+D112 -> 17100000
E113: =E112+C113+D113 -> 17100000
E114: =E113+C114+D114 -> 17100000
E115: =E114+C115+D115 -> 17100000
E116: =E115+C116+D116 -> 17100000
E117: =E116+C117+D117 -> 17100000
E118: =E117+C118+D118 -> 17100000
E119: =E118+C119+D119 -> 17100000
... E151: =E150+C151+D151 -> 17100000
D152: -17000000 | E152: =E151+C152+D152 -> 100000 | I152: BODEGA | J152: 10 / / / 7
E153: =E152+C153+D153 -> 100000
E154: =E153+C154+D154 -> 100000

Sheet 0320
B2: FECHA | C2: INGRESOS | D2: EGRESOS | E2: SALDO CAJA | F2: E.G. | G2: W.V. | H2: TRANSFERENCIAS | I2: DESCRIPCION
B4: MES ANTERIOR | E4: 17130050 | F4: 0 | H4: 18991000
E5: =E4+C5+D5 -> 17130050
B6: 43893 | C6: 70000 | E6: =E5+C6+D6 -> 17200050 | I6: JOHN CALDERON: 8 PLACAS * $12.500 + 2 PLACAS $20.000 = $140.000 * 50%
B7: 43893 | C7: 50000 | E7: =E6+C7+D7 -> 17250050 | I7: JOHN CALDERON: MECANIZADO MDF DISPOSITIVO TAPAS TARROS ORINA
B8: 43893 | C8: 50000 | E8: =E7+C8+D8 -> 17300050 | I8: JOHN CALDERON: HUECOS DISPOSITIVO ACERO INOX TAPAS TARROS ORINA
B9: 43893 | D9: -120000 | E9: =E8+C9+D9 -> 17180050 | I9: RESONARGH ANILLOS ESPARRAGOS X1000
B10: 43894 | C10: 200000 | E10: =E9+C10+D10 -> 17380050 | I10: JOHN CALDERON: RECTIFICADO MOLDE POLICROMETAL
B11: 43895 | C11: 40000 | E11: =E10+C11+D11 -> 17420050 | I11: JOHN CALDERON: PLACAS ASCENSORES
B12: 43896 | C12: 55000 | E12: =E11+C12+D12 -> 17475050 | I12: CORTES SIERRA STARRET SERBIO
B13: 43896 | D13: -12000 | E13: =E12+C13+D13 -> 17463050 | I13: JUEGO LLAVES BRISTOL TRUPER PARA TORNO SAMSUNG
B14: 43896 | D14: -1000000 | E14: =E13+C14+D14 -> 16463050 | F14: -1000000 | I14: PARA TAPABOCAS
B15: 43899 | D15: -113000 | E15: =E14+C15+D15 -> 16350050 | I15: MOVISTAR FIJO
B16: 43902 | D16: -1400 | E16: =E15+C16+D16 -> 16348650 | I16: EASY: PILA LR44, CALIBRADOR PEQUEÑO
B17: 43902 | C17: 200000 | E17: =E16+C17+D17 -> 16548650 | I17: VICTOR NAVARRETE CARPINTERO: SALDO $200.000 19/12/2020
B18: 43902 | C18: 125000 | E18: =E17+C18+D18 -> 16673650 | I18: CORTES SIERRA STARRET Y MECANIZADO PUNTAS SERBIO
B19: 43906 | D19: -8000 | E19: =E18+C19+D19 -> 16665650 | I19: ONCES
B20: 43907 | D20: -7000 | E20: =E19+C20+D20 -> 16658650 | F20: -7000 | I20: 2 CAJAS CARTON PARA TAPABOCAS
B21: 43907 | E21: =E20+C21+D21 -> 16658650 | F21: 52000 | I21: RUEDAS PARA SIERRA STARRET
B22: 43908 | D22: -2400 | E22: =E21+C22+D22 -> 16656250 | I22: BOLSAS DE BASURA
B23: 43908 | E23: =E22+C23+D23 -> 16656250 | H23: 2223000 | I23: ABONO ENRIQUE 4X4 EFECTIVO E.G.
B24: 43909 | D24: -224900 | E24: =E23+C24+D24 -> 16431350 | I24: CODENSA
B25: 43917 | E25: =E24+C25+D25 -> 16431350 | I25: MOVISTAR A.B. PSE
B26: 43917 | E26: =E25+C26+D26 -> 16431350 | I26: MOVISTAR E.G.PSE
B27: 43917 | E27: =E26+C27+D27 -> 16431350 | H27: -250300 | I27: MI PLANILLA E.G. MARZO TOTAL ($427.500)
B28: 43917 | E28: =E27+C28+D28 -> 16431350 | H28: -250300 | I28: MI PLANILLA W.V. MARZO
E29: =E28+C29+D29 -> 16431350 | F29: =SUM(F4:F28) -> -955000 | H29: =SUM(H4:H28) -> 20713400
E30: =E29+C30+D30 -> 16431350 | H30: =H29-F29 -> 21668400
E31: =E30+C31+D31 -> 16431350
E32: =E31+C32+D32 -> 16431350 | H32: -1500000 | I32: UTILIDADES E.G. | K32: W.V. DEBE A E.G.
D33: -1500000 | E33: =E32+C33+D33 -> 14931350 | I33: UTILIDADES W.V. | J33: 31700 | K33: MOVISTAR PSE | L33: 43917
E34: =E33+C34+D34 -> 14931350 | J34: 126900 | K34: ADMON ABRIL PSE | L34: 43917
B35: PASA SALDO | E35: =E34+C35+D35 -> 14931350 | H35: =H30+H32 -> 20168400
E36: =E35+C36+D36 -> 14931350
E37: =E36+C37+D37 -> 14931350
E38: =E37+C38+D38 -> 14931350
E39: =E38+C39+D39 -> 14931350
E40: =E39+C40+D40 -> 14931350
E41: =E40+C41+D41 -> 14931350
E42: =E41+C42+D42 -> 14931350
E43: =E42+C43+D43 -> 14931350
E44: =E43+C44+D44 -> 14931350
E45: =E44+C45+D45 -> 14931350
E46: =E45+C46+D46 -> 14931350
E47: =E46+C47+D47 -> 14931350
... E92: =E91+C92+D92 -> 14931350
D93: -27350 | E93: =E92+C93+D93 -> 14904000 | I93: MONEDA
E94: =E93+C94+D94 -> 14904000
E95: =E94+C95+D95 -> 14904000
E96: =E95+C96+D96 -> 14904000
E97: =E96+C97+D97 -> 14904000 | K97: LEADWELL V20
E98: =E97+C98+D98 -> 14904000 | K98: ABONO | L98: -18000000 | M98: EFECTIVO 10/05/2019
E99: =E98+C99+D99 -> 14904000 | K99: ABONO | L99: -35000000 | M99: ROUTER AMARILLA
E100: =E99+C100+D100 -> 14904000 | K100: ABONO | L100: -10000000 | M100: GUEVARA 09/05/2019
E101: =E100+C101+D101 -> 14904000 | K101: SUBTOTAL ABONO | L101: =SUM(L98:L100) -> -63000000
E102: =E101+C102+D102 -> 14904000 | L102: 80000000 | M102: PRECIO LEADWELL V20
E103: =E102+C103+D103 -> 14904000 | L103: =L101+L102 -> 17000000 | M103: SALDO
E104: =E103+C104+D104 -> 14904000 | K104: ABONO | L104: -10000000 | M104: GUEVARA 13/06/2019
E105: =E104+C105+D105 -> 14904000 | K105: ABONO | L105: -7000000 | M105: DE ROUTER 60x60
E106: =E105+C106+D106 -> 14904000 | K106: SALDO | L106: =L103+L104+L105 -> 0
E107: =E106+C107+D107 -> 14904000
E108: =E107+C108+D108 -> 14904000
E109: =E108+C109+D109 -> 14904000
E110: =E109+C110+D110 -> 14904000
E111: =E110+C111+D111 -> 14904000
E112: =E111+C112+D112 -> 14904000
E113: =E112+C113+D113 -> 14904000
E114: =E113+C114+D114 -> 14904000
E115: =E114+C115+D115 -> 14904000
E116: =E115+C116+D116 -> 14904000
E117: =E116+C117+D117 -> 14904000
E118: =E117+C118+D118 -> 14904000
... E150: =E149+C150+D150 -> 14904000
D151: -15000000 | E151: =E150+C151+D151 -> -96000 | I151: BODEGA | J151: 7 / / / 4 / / / 4
C152: 600000 | E152: =E151+C152+D152 -> 504000 | I152: W
E153: =E152+C153+D153 -> 504000
G157: montacarga | H157: 100000
G158: quedan | H158: 404000

Sheet 0420
B2: FECHA | C2: INGRESOS | D2: EGRESOS | E2: SALDO CAJA | F2: E.G. | G2: W.V. | H2: TRANSFERENCIAS | I2: DESCRIPCION
B4: MES ANTERIOR | E4: 14931350 | F4: 0 | H4: 20168400
E5: =E4+C5+D5 -> 14931350
B6: 43925 | D6: -100000 | E6: =E5+C6+D6 -> 14831350 | I6: MONTACARGA ROUTER GRANDE
B7: 43937 | E7: =E6+C7+D7 -> 14831350 | F7: 91250 | I7: MOVISTAR FIJO PSE
B8: 43938 | E8: =E7+C8+D8 -> 14831350 | F8: 138550 | I8: ACUEDUCTO PSE
B9: 43941 | E9: =E8+C9+D9 -> 14831350 | F9: 108400 | I9: CODENSA PSE
B10: 43951 | E10: =E9+C10+D10 -> 14831350 | I10: MOVISTAR A.B. PSE
B11: 43951 | E11: =E10+C11+D11 -> 14831350 | I11: MOVISTAR E.G.PSE
B12: 43951 | E12: =E11+C12+D12 -> 14831350 | H12: -250300 | I12: MI PLANILLA E.G. ABRIL TOTAL ($427.500)
B13: 43951 | E13: =E12+C13+D13 -> 14831350 | H13: -250300 | I13: MI PLANILLA W.V. ABRIL
E14: =E13+C14+D14 -> 14831350
E15: =E14+C15+D15 -> 14831350 | F15: =SUM(F4:F14) -> 338200 | H15: =SUM(H4:H14) -> 19667800
E16: =E15+C16+D16 -> 14831350 | H16: =H15-F15 -> 19329600
E17: =E16+C17+D17 -> 14831350
B18: PASA SALDO | E18: =E17+C18+D18 -> 14831350 | H18: =H16 -> 19329600
E19: =E18+C19+D19 -> 14831350
E20: =E19+C20+D20 -> 14831350
E21: =E20+C21+D21 -> 14831350
E22: =E21+C22+D22 -> 14831350
E23: =E22+C23+D23 -> 14831350
E24: =E23+C24+D24 -> 14831350
E25: =E24+C25+D25 -> 14831350
E26: =E25+C26+D26 -> 14831350
E27: =E26+C27+D27 -> 14831350
E28: =E27+C28+D28 -> 14831350
E29: =E28+C29+D29 -> 14831350
E30: =E29+C30+D30 -> 14831350
E31: =E30+C31+D31 -> 14831350
E32: =E31+C32+D32 -> 14831350 | K32: W.V. DEBE A E.G.
E33: =E32+C33+D33 -> 14831350 | J33: 31700 | K33: MOVISTAR PSE | L33: 43917
E34: =E33+C34+D34 -> 14831350 | J34: 126900 | K34: ADMON ABRIL PSE | L34: 43917
E35: =E34+C35+D35 -> 14831350 | J35: 28600 | K35: MOVISTAR PSE | L35: 43951
E36: =E35+C36+D36 -> 14831350 | J36: 127900 | K36: ADMON MAYO PSE | L36: 43951
E37: =E36+C37+D37 -> 14831350
E38: =E37+C38+D38 -> 14831350
E39: =E38+C39+D39 -> 14831350
E40: =E39+C40+D40 -> 14831350
E41: =E40+C41+D41 -> 14831350
E42: =E41+C42+D42 -> 14831350
E43: =E42+C43+D43 -> 14831350
E44: =E43+C44+D44 -> 14831350
E45: =E44+C45+D45 -> 14831350
E46: =E45+C46+D46 -> 14831350
E47: =E46+C47+D47 -> 14831350
E48: =E47+C48+D48 -> 14831350
... E92: =E91+C92+D92 -> 14831350
D93: -27350 | E93: =E92+C93+D93 -> 14804000 | I93: MONEDA
E94: =E93+C94+D94 -> 14804000
E95: =E94+C95+D95 -> 14804000
E96: =E95+C96+D96 -> 14804000
E97: =E96+C97+D97 -> 14804000 | K97: LEADWELL V20
E98: =E97+C98+D98 -> 14804000 | K98: ABONO | L98: -18000000 | M98: EFECTIVO 10/05/2019
E99: =E98+C99+D99 -> 14804000 | K99: ABONO | L99: -35000000 | M99: ROUTER AMARILLA
E100: =E99+C100+D100 -> 14804000 | K100: ABONO | L100: -10000000 | M100: GUEVARA 09/05/2019
E101: =E100+C101+D101 -> 14804000 | K101: SUBTOTAL ABONO | L101: =SUM(L98:L100) -> -63000000
E102: =E101+C102+D102 -> 14804000 | L102: 80000000 | M102: PRECIO LEADWELL V20
E103: =E102+C103+D103 -> 14804000 | L103: =L101+L102 -> 17000000 | M103: SALDO
E104: =E103+C104+D104 -> 14804000 | K104: ABONO | L104: -10000000 | M104: GUEVARA 13/06/2019
E105: =E104+C105+D105 -> 14804000 | K105: ABONO | L105: -7000000 | M105: DE ROUTER 60x60
E106: =E105+C106+D106 -> 14804000 | K106: SALDO | L106: =L103+L104+L105 -> 0
E107: =E106+C107+D107 -> 14804000
E108: =E107+C108+D108 -> 14804000
E109: =E108+C109+D109 -> 14804000
E110: =E109+C110+D110 -> 14804000
E111: =E110+C111+D111 -> 14804000
E112: =E111+C112+D112 -> 14804000
E113: =E112+C113+D113 -> 14804000
E114: =E113+C114+D114 -> 14804000
E115: =E114+C115+D115 -> 14804000
E116: =E115+C116+D116 -> 14804000
E117: =E116+C117+D117 -> 14804000
E118: =E117+C118+D118 -> 14804000
... E150: =E149+C150+D150 -> 14804000
D151: -14000000 | E151: =E150+C151+D151 -> 804000 | I151: BODEGA | J151: 7 / / / 4 / / / 4
C152: -400000 | E152: =E151+C152+D152 -> 404000 | I152: W
E153: =E152+C153+D153 -> 404000

Sheet 0520
B2: FECHA | C2: INGRESOS | D2: EGRESOS | E2: SALDO CAJA | F2: E.G. | G2: W.V. | H2: TRANSFERENCIAS | I2: DESCRIPCION
B4: MES ANTERIOR | E4: 14831350 | F4: 0 | H4: 19329600
E5: =E4+C5+D5 -> 14831350
B6: 43962 | D6: -6000 | E6: =E5+C6+D6 -> 14825350 | I6: DESINFECTANTE 1 LITRO / JOHN PUSO LA MITAD ($6.000)
B7: 43962 | E7: =E6+C7+D7 -> 14825350 | F7: 91550 | I7: MOVISTAR FIJO PSE
B8: 43962 | C8: 150000 | E8: =E7+C8+D8 -> 14975350 | I8: JOHN CALDERON: PLACAS ASCENSORES ANTES DE CUERENTENA
B9: 43963 | E9: =E8+C9+D9 -> 14975350 | F9: 2822000 | I9: IMPUESTO PREDIAL INGLES PSE
B10: 43963 | C10: 100000 | E10: =E9+C10+D10 -> 15075350 | I10: JOHN CALDERON: TRABAJO ANTES DE CUARENTENA
B11: 43964 | D11: -6000 | E11: =E10+C11+D11 -> 15069350 | I11: TAPABOCAS PVC
B12: 43971 | E12: =E11+C12+D12 -> 15069350 | F12: 78800 | I12: CODENSA PSE
B13: 43971 | E13: =E12+C13+D13 -> 15069350 | I13: RECARGA OSCAR MARMOLEJO $180.000 TRANSFERENCIA, RELACION EN DOC GANANCIAS.
B14: 43973 | D14: -178000 | E14: =E13+C14+D14 -> 14891350 | F14: -178000 | I14: AGRO UNICORN: REPUESTOS GUADAÑADORA E.G. ENVIAR A SAN FRANCISCO.
B15: 43973 | D15: -13500 | E15: =E14+C15+D15 -> 14877850 | F15: -13500 | I15: PLASTICOS Y HERRAMIENTAS: BROCAS DE CENTRO E.G. ENVIAR A SAN FRANCISCO.
B16: 43973 | C16: 250000 | E16: =E15+C16+D16 -> 15127850 | I16: JOHN CALDERON: ABONO MECANIZADO JULIAN MOLINA (FALTA $300.000 / TOTAL $1.100.000)
B17: 43973 | D17: -13300 | E17: =E16+C17+D17 -> 15114550 | F17: -13300 | I17: ENVIO SERVIENTREGA SAN FRANCISCO
B18: 43977 | C18: 60000 | E18: =E17+C18+D18 -> 15174550 | I18: JOHN CALDERON: MECANIZADO 4 L ALUMINIO
B19: 43980 | E19: =E18+C19+D19 -> 15174550 | H19: -250300 | I19: MI PLANILLA E.G. MAYO TOTAL ($427.500)
B20: 43980 | E20: =E19+C20+D20 -> 15174550 | H20: -250300 | I20: MI PLANILLA W.V. MAYO
B21: 43980 | E21: =E20+C21+D21 -> 15174550 | I21: MOVISTAR A.B. PSE
B22: 43980 | E22: =E21+C22+D22 -> 15174550 | I22: MOVISTAR E.G.PSE
E23: =E22+C23+D23 -> 15174550 | F23: =SUM(F4:F22) -> 2787550 | H23: =SUM(H4:H22) -> 18829000
E24: =E23+C24+D24 -> 15174550 | H24: =H23-F23 -> 16041450
E25: =E24+C25+D25 -> 15174550
B26: PASA SALDO | E26: =E25+C26+D26 -> 15174550 | H26: =H24 -> 16041450
E27: =E26+C27+D27 -> 15174550
E28: =E27+C28+D28 -> 15174550
E29: =E28+C29+D29 -> 15174550
E30: =E29+C30+D30 -> 15174550
E31: =E30+C31+D31 -> 15174550
E32: =E31+C32+D32 -> 15174550 | K32: W.V. DEBE A E.G.
E33: =E32+C33+D33 -> 15174550 | J33: 31700 | K33: MOVISTAR PSE | L33: 43917
E34: =E33+C34+D34 -> 15174550 | J34: 126900 | K34: ADMON ABRIL PSE | L34: 43917
E35: =E34+C35+D35 -> 15174550 | J35: 28600 | K35: MOVISTAR PSE | L35: 43951
E36: =E35+C36+D36 -> 15174550 | J36: 127900 | K36: ADMON MAYO PSE | L36: 43951
E37: =E36+C37+D37 -> 15174550 | J37: 28600 | K37: MOVISTAR PSE | L37: 43980
E38: =E37+C38+D38 -> 15174550 | J38: 126900 | K38: ADMON JUNIO PSE | L38: 43980
E39: =E38+C39+D39 -> 15174550
E40: =E39+C40+D40 -> 15174550
E41: =E40+C41+D41 -> 15174550
E42: =E41+C42+D42 -> 15174550
E43: =E42+C43+D43 -> 15174550
E44: =E43+C44+D44 -> 15174550
E45: =E44+C45+D45 -> 15174550
E46: =E45+C46+D46 -> 15174550
E47: =E46+C47+D47 -> 15174550
E48: =E47+C48+D48 -> 15174550
E49: =E48+C49+D49 -> 15174550
E50: =E49+C50+D50 -> 15174550
... E92: =E91+C92+D92 -> 15174550
D93: -28550 | E93: =E92+C93+D93 -> 15146000 | I93: MONEDA
E94: =E93+C94+D94 -> 15146000
E95: =E94+C95+D95 -> 15146000
E96: =E95+C96+D96 -> 15146000
E97: =E96+C97+D97 -> 15146000 | K97: LEADWELL V20
E98: =E97+C98+D98 -> 15146000 | K98: ABONO | L98: -18000000 | M98: EFECTIVO 10/05/2019
E99: =E98+C99+D99 -> 15146000 | K99: ABONO | L99: -35000000 | M99: ROUTER AMARILLA
E100: =E99+C100+D100 -> 15146000 | K100: ABONO | L100: -10000000 | M100: GUEVARA 09/05/2019
E101: =E100+C101+D101 -> 15146000 | K101: SUBTOTAL ABONO | L101: =SUM(L98:L100) -> -63000000
E102: =E101+C102+D102 -> 15146000 | L102: 80000000 | M102: PRECIO LEADWELL V20
E103: =E102+C103+D103 -> 15146000 | L103: =L101+L102 -> 17000000 | M103: SALDO
E104: =E103+C104+D104 -> 15146000 | K104: ABONO | L104: -10000000 | M104: GUEVARA 13/06/2019
E105: =E104+C105+D105 -> 15146000 | K105: ABONO | L105: -7000000 | M105: DE ROUTER 60x60
E106: =E105+C106+D106 -> 15146000 | K106: SALDO | L106: =L103+L104+L105 -> 0
E107: =E106+C107+D107 -> 15146000
E108: =E107+C108+D108 -> 15146000
E109: =E108+C109+D109 -> 15146000
E110: =E109+C110+D110 -> 15146000
E111: =E110+C111+D111 -> 15146000
E112: =E111+C112+D112 -> 15146000
E113: =E112+C113+D113 -> 15146000
E114: =E113+C114+D114 -> 15146000
E115: =E114+C115+D115 -> 15146000
E116: =E115+C116+D116 -> 15146000
E117: =E116+C117+D117 -> 15146000
E118: =E117+C118+D118 -> 15146000
... E150: =E149+C150+D150 -> 15146000
D151: -13000000 | E151: =E150+C151+D151 -> 2146000 | I151: BODEGA | J151: 7 / / / 4 / / / 3
C152: -400000 | E152: =E151+C152+D152 -> 1746000 | I152: W
E153: =E152+C153+D153 -> 1746000

Sheet 0620
B2: FECHA | C2: INGRESOS | D2: EGRESOS | E2: SALDO CAJA | F2: E.G. | G2: W.V. | H2: TRANSFERENCIAS | I2: DESCRIPCION
B4: MES ANTERIOR | E4: 15174550 | F4: 0 | H4: 16041450
E5: =E4+C5+D5 -> 15174550
B6: 43984 | C6: 300000 | E6: =E5+C6+D6 -> 15474550 | I6: JOHN CALDERON: SALDO MECANIZADO JULIAN MOLINA (TOTAL $1.100.000) / ABONO 22/05/2020
B7: 43984 | C7: 25000 | E7: =E6+C7+D7 -> 15499550 | I7: JOHN CALDERON: PLACAS ASCENSORES
B8: 43985 | D8: -6000 | E8: =E7+C8+D8 -> 15493550 | I8: VINIPEL 6"
B9: 43987 | D9: -24000 | E9: =E8+C9+D9 -> 15469550 | F9: -24000 | I9: FERRETERIA LN: 2 BUJIAS
B10: 43987 | D10: -55000 | E10: =E9+C10+D10 -> 15414550 | F10: -55000 | I10: REPUESTOS MOTO 24: REFRIGERANTE PEAK
B11: 43990 | C11: 50000 | E11: =E10+C11+D11 -> 15464550 | I11: JOHN CALDERON: SALDO MECANIZADO JULIAN MOLINA
B12: 43990 | C12: 60000 | E12: =E11+C12+D12 -> 15524550 | I12: JOHN CALDERON: PIEZAS CUCHILLA EN L
B13: 43991 | D13: -9249900 | E13: =E12+C13+D13 -> 6274650 | I13: WESTERN UNION: GIRO CHINA
B14: 43993 | C14: 50000 | E14: =E13+C14+D14 -> 6324650 | I14: JOHN CALDERON: PLACAS ASCENSORES
B15: 43993 | C15: 4500000 | E15: =E14+C15+D15 -> 10824650 | I15: ABONO ENRIQUE 4X4 EFECTIVO W.V.
B16: 43994 | D16: -112550 | E16: =E15+C16+D16 -> 10712100 | I16: ACUEDUCTO
B17: 43994 | C17: 600000 | E17: =E16+C17+D17 -> 11312100 | I17: VICTOR NAVARRETE CARPINTERO: RUTEO 6 PIEZAS GRANDES ($80.000 C/U), 6 PIEZAS PEQUEÑAS ($20.000 C/U)
B18: 43995 | D18: -92000 | E18: =E17+C18+D18 -> 11220100 | I18: MOVISTAR FIJO
B19: 44000 | D19: -25000 | E19: =E18+C19+D19 -> 11195100 | I19: FERREMONTES & CIA: DW 40, DE COMPRAS DE JOHN CALDERON
B20: 44000 | D20: -7500 | E20: =E19+C20+D20 -> 11187600 | F20: -7500 | I20: PORTEZUELA MATATIGRES
B21: 44000 | D21: -16000 | E21: =E20+C21+D21 -> 11171600 | F21: -16000 | I21: CORREA B93
B22: 44000 | D22: -44900 | E22: =E21+C22+D22 -> 11126700 | F22: -44900 | I22: EASY: CERRADURA
B23: 44000 | D23: -350000 | E23: =E22+C23+D23 -> 10776700 | F23: -350000 | I23: SALDO COMPRAS JOHN CALDERON A E.G.
